Workbook

Sheet BCA Summary
A1: Benefit Cost Analysis | E1: BUILD Grant
A2: US 85/120th Avenue Grade-Separation and Interchange Project | E2: 2024-2055
D3: 0.07 | E3: discount rate
A4: Total Costs
A5: Project Costs
B6: Present Value of Total Costs | E6: =BCA!D59 -> 1.235262e+08
A7: Total Costs | E7: =E6 -> 1.235262e+08
A8: Total Project Benefits
A9: Operating & Maintenance Expenditures
B10: Maintenance | E10: =BCA!D17 -> 252747.01
A11: Train Operating and Social Costs
B12: =BCA!B20 -> Freight Train Idling | E12: =BCA!D21 -> 384007.57
B13: =BCA!B22 -> Non-CO2 Emission Costs | E13: =BCA!D23 -> 1184641.1
A15: Residual Value & Remaining Service Life
B16: Residual Value | E16: =BCA!D27 -> 10909884
A17: Safety
B18: Reduction in Property Damage Only Crashes | E18: =BCA!D38 -> 2724481.8
B19: Reduction in Injury Crashes | E19: =BCA!D35 -> 28299472
B20: Reduction in Fatal Crashes | E20: =BCA!D32 -> 1005487.3
A21: Value of Travel Time Savings
B22: Travel Time Savings - Private Vehicle Travel | E22: =BCA!D42 -> 1.0656423e+08
B23: Travel Time Savings - Commercial Vehicle Travel | E23: =BCA!D44 -> 5752444.1
A24: Emissions Reductions Benefits
B25: Emissions Reductions | E25: =BCA!D47+BCA!D49+BCA!D51 -> 58519.501
A28: Total Benefits | E28: =BCA!D54 -> 2.7515885e+08
A29: Benefit Cost Ratio | E29: =BCA!D66 -> 2.23 : 1
A30: Net Present Value of Entire Project | E30: =BCA!D65 -> 1.5163265e+08
B31: ="*Note: Values stated in "&C37&"$" -> *Note: Values stated in 2024$
A35: Reference BCA Guidance:
B36: Appendix A of the USDOT Benefit-Cost Analysis Guidance for Discretionary Grant Programs, December 2025
B37: All BCA costs and benefits are adjusted to reflect | C37: 2024 | D37: $

Sheet BCA
A1: ='BCA Summary'!E1&" Benefit Cost Analysis" -> BUILD Grant Benefit Cost Analysis
A2: ='BCA Summary'!A2 -> US 85/120th Avenue Grade-Separation and Interchange Project
A4: Total Costs
B5: Present Value of Total Costs (7% Discount Rate) | D5: =D62 -> 1.235262e+08
A6: Total Project Benefits
B7: Net Present Value (7% Discount Rate) | D7: =D65 -> 1.5163265e+08
A9: Overall Benefit-Cost Ratio
B10: Benefit-Cost Ratio 7% Discount Rate | D10: =D66 -> 2.23 : 1
A13: Benefits | E13: ='Timeline & Costs'!H6 -> 2018 | F13: ='Timeline & Costs'!I6 -> 2019 | G13: ='Timeline & Costs'!J6 -> 2020 | H13: ='Timeline & Costs'!K6 -> 2021 | I13: ='Timeline & Costs'!L6 -> 2022 | J13: ='Timeline & Costs'!M6 -> 2023 | K13: ='Timeline & Costs'!N6 -> 2024 | L13: ='Timeline & Costs'!O6 -> 2025 | ... AP13: ='Timeline & Costs'!AS6 -> 2055
A14: ="Benefits calculated on the change from Baseline to "&'BCA Summary'!E1&" Scenario" -> Benefits calculated on the change from Baseline to BUILD Grant Scenario
A15: Operations & Maintenance
B16: Avoided Maintenance Costs - Roadway | D16: =SUM(E16:AP16) -> -1531000 | E16: ='Summary of Benefits'!H9 -> 0 | F16: ='Summary of Benefits'!I9 -> 0 | G16: ='Summary of Benefits'!J9 -> 0 | H16: ='Summary of Benefits'!K9 -> 0 | I16: ='Summary of Benefits'!L9 -> 0 | J16: ='Summary of Benefits'!M9 -> 0 | K16: ='Summary of Benefits'!N9 -> 0 | L16: ='Summary of Benefits'!O9 -> 0 | ... AP16: ='Summary of Benefits'!AS9 -> -83250
C17: Present Value at 7% Discount Rate | D17: =SUM(E17:AP17) -> 252747.01 | E17: =(E16)/((1+'BCA Summary'!$D$3)^(E$13-'BCA Summary'!$C$37)) -> 0 | F17: =(F16)/((1+'BCA Summary'!$D$3)^(F$13-'BCA Summary'!$C$37)) -> 0 | G17: =(G16)/((1+'BCA Summary'!$D$3)^(G$13-'BCA Summary'!$C$37)) -> 0 | H17: =(H16)/((1+'BCA Summary'!$D$3)^(H$13-'BCA Summary'!$C$37)) -> 0 | I17: =(I16)/((1+'BCA Summary'!$D$3)^(I$13-'BCA Summary'!$C$37)) -> 0 | J17: =(J16)/((1+'BCA Summary'!$D$3)^(J$13-'BCA Summary'!$C$37)) -> 0 | K17: =(K16)/((1+'BCA Summary'!$D$3)^(K$13-'BCA Summary'!$C$37)) -> 0 | L17: =(L16)/((1+'BCA Summary'!$D$3)^(L$13-'BCA Summary'!$C$37)) -> 0 | ... AP17: =(AP16)/((1+'BCA Summary'!$D$3)^(AP$13-'BCA Summary'!$C$37)) -> -10220.853
A19: Train Operating and Social Costs
B20: Freight Train Idling | D20: =SUM(E20:AP20) -> 1346262.2 | E20: ='Summary of Benefits'!E$15*'Summary of Benefits'!$D$135 -> 0 | F20: ='Summary of Benefits'!F$15*'Summary of Benefits'!$D$135 -> 0 | G20: ='Summary of Benefits'!G$15*'Summary of Benefits'!$D$135 -> 0 | H20: ='Summary of Benefits'!H$15*'Summary of Benefits'!$D$135 -> 0 | I20: ='Summary of Benefits'!I$15*'Summary of Benefits'!$D$135 -> 0 | J20: ='Summary of Benefits'!J$15*'Summary of Benefits'!$D$135 -> 0 | K20: ='Summary of Benefits'!K$15*'Summary of Benefits'!$D$135 -> 0 | L20: ='Summary of Benefits'!L$15*'Summary of Benefits'!$D$135 -> 0 | ... AP20: ='Summary of Benefits'!AP$15*'Summary of Benefits'!$D$135 -> 58533.139
C21: Present Value at 7% Discount Rate | D21: =SUM(E21:AP21) -> 384007.57 | E21: =(E20)/((1+'BCA Summary'!$D$3)^(E$13-'BCA Summary'!$C$37)) -> 0 | F21: =(F20)/((1+'BCA Summary'!$D$3)^(F$13-'BCA Summary'!$C$37)) -> 0 | G21: =(G20)/((1+'BCA Summary'!$D$3)^(G$13-'BCA Summary'!$C$37)) -> 0 | H21: =(H20)/((1+'BCA Summary'!$D$3)^(H$13-'BCA Summary'!$C$37)) -> 0 | I21: =(I20)/((1+'BCA Summary'!$D$3)^(I$13-'BCA Summary'!$C$37)) -> 0 | J21: =(J20)/((1+'BCA Summary'!$D$3)^(J$13-'BCA Summary'!$C$37)) -> 0 | K21: =(K20)/((1+'BCA Summary'!$D$3)^(K$13-'BCA Summary'!$C$37)) -> 0 | L21: =(L20)/((1+'BCA Summary'!$D$3)^(L$13-'BCA Summary'!$C$37)) -> 0 | ... AP21: =(AP20)/((1+'BCA Summary'!$D$3)^(AP$13-'BCA Summary'!$C$37)) -> 7186.2894
B22: Non-CO2 Emission Costs | D22: =SUM(E22:AP22) -> 4153140.9 | E22: ='Summary of Benefits'!E$15*'Summary of Benefits'!$E$135 -> 0 | F22: ='Summary of Benefits'!F$15*'Summary of Benefits'!$E$135 -> 0 | G22: ='Summary of Benefits'!G$15*'Summary of Benefits'!$E$135 -> 0 | H22: ='Summary of Benefits'!H$15*'Summary of Benefits'!$E$135 -> 0 | I22: ='Summary of Benefits'!I$15*'Summary of Benefits'!$E$135 -> 0 | J22: ='Summary of Benefits'!J$15*'Summary of Benefits'!$E$135 -> 0 | K22: ='Summary of Benefits'!K$15*'Summary of Benefits'!$E$135 -> 0 | L22: ='Summary of Benefits'!L$15*'Summary of Benefits'!$E$135 -> 0 | ... AP22: ='Summary of Benefits'!AP$15*'Summary of Benefits'!$E$135 -> 180571.34
C23: Present Value at 7% Discount Rate | D23: =SUM(E23:AP23) -> 1184641.1 | E23: =(E22)/((1+'BCA Summary'!$D$3)^(E$13-'BCA Summary'!$C$37)) -> 0 | F23: =(F22)/((1+'BCA Summary'!$D$3)^(F$13-'BCA Summary'!$C$37)) -> 0 | G23: =(G22)/((1+'BCA Summary'!$D$3)^(G$13-'BCA Summary'!$C$37)) -> 0 | H23: =(H22)/((1+'BCA Summary'!$D$3)^(H$13-'BCA Summary'!$C$37)) -> 0 | I23: =(I22)/((1+'BCA Summary'!$D$3)^(I$13-'BCA Summary'!$C$37)) -> 0 | J23: =(J22)/((1+'BCA Summary'!$D$3)^(J$13-'BCA Summary'!$C$37)) -> 0 | K23: =(K22)/((1+'BCA Summary'!$D$3)^(K$13-'BCA Summary'!$C$37)) -> 0 | L23: =(L22)/((1+'BCA Summary'!$D$3)^(L$13-'BCA Summary'!$C$37)) -> 0 | ... AP23: =(AP22)/((1+'BCA Summary'!$D$3)^(AP$13-'BCA Summary'!$C$37)) -> 22169.287
A25: Residual Value & Remaining Service Life
B26: Residual Value | D26: =SUM(E26:AP26) -> 88862235 | AP26: ='Residual Value'!K7 -> 88862235
C27: Present Value at 7% Discount Rate | D27: =SUM(E27:AP27) -> 10909884 | E27: =(E26)/((1+'BCA Summary'!$D$3)^(E$13-2018)) -> 0 | F27: =(F26)/((1+'BCA Summary'!$D$3)^(F$13-2018)) -> 0 | G27: =(G26)/((1+'BCA Summary'!$D$3)^(G$13-2018)) -> 0 | H27: =(H26)/((1+'BCA Summary'!$D$3)^(H$13-2018)) -> 0 | I27: =(I26)/((1+'BCA Summary'!$D$3)^(I$13-2018)) -> 0 | J27: =(J26)/((1+'BCA Summary'!$D$3)^(J$13-2018)) -> 0 | K27: =(K26)/((1+'BCA Summary'!$D$3)^(K$13-2018)) -> 0 | L27: =(L26)/((1+'BCA Summary'!$D$3)^(L$13-2018)) -> 0 | ... AO27: =(AO26)/((1+'BCA Summary'!$D$3)^(AO$13-2018)) -> 0 | AP27: =(AP26)/((1+'BCA Summary'!$D$3)^(AP$13-'BCA Summary'!$C$37)) -> 10909884
A29: Safety
B30: Reduction in Fatal Accidents per year - Roadway | D30: =SUM(E30:AP30) -> 0 | E30: ='Summary of Benefits'!H20*'Summary of Benefits'!$D$82 -> 0 | F30: ='Summary of Benefits'!I20*'Summary of Benefits'!$D$82 -> 0 | G30: ='Summary of Benefits'!J20*'Summary of Benefits'!$D$82 -> 0 | H30: ='Summary of Benefits'!K20*'Summary of Benefits'!$D$82 -> 0 | I30: ='Summary of Benefits'!L20*'Summary of Benefits'!$D$82 -> 0 | J30: ='Summary of Benefits'!M20*'Summary of Benefits'!$D$82 -> 0 | K30: ='Summary of Benefits'!N20*'Summary of Benefits'!$D$82 -> 0 | L30: ='Summary of Benefits'!O20*'Summary of Benefits'!$D$82 -> 0 | ... AP30: ='Summary of Benefits'!AS20*'Summary of Benefits'!$D$82 -> 0
B31: Reduction in Fatal Accidents per year - Rail | D31: =SUM(E31:AP31) -> 3140374.2 | E31: ='Summary of Benefits'!H33*'Summary of Benefits'!$D$103 -> 0 | F31: ='Summary of Benefits'!I33*'Summary of Benefits'!$D$103 -> 0 | G31: ='Summary of Benefits'!J33*'Summary of Benefits'!$D$103 -> 0 | H31: ='Summary of Benefits'!K33*'Summary of Benefits'!$D$103 -> 0 | I31: ='Summary of Benefits'!L33*'Summary of Benefits'!$D$103 -> 0 | J31: ='Summary of Benefits'!M33*'Summary of Benefits'!$D$103 -> 0 | K31: ='Summary of Benefits'!N33*'Summary of Benefits'!$D$103 -> 0 | L31: ='Summary of Benefits'!O33*'Summary of Benefits'!$D$103 -> 0 | ... AP31: ='Summary of Benefits'!AS33*'Summary of Benefits'!$D$103 -> 125770.33
C32: Present Value at 7% Discount Rate | D32: =SUM(E32:AP32) -> 1005487.3 | E32: =(E30+E31)/((1+'BCA Summary'!$D$3)^(E$13-'BCA Summary'!$C$37)) -> 0 | F32: =(F30+F31)/((1+'BCA Summary'!$D$3)^(F$13-'BCA Summary'!$C$37)) -> 0 | G32: =(G30+G31)/((1+'BCA Summary'!$D$3)^(G$13-'BCA Summary'!$C$37)) -> 0 | H32: =(H30+H31)/((1+'BCA Summary'!$D$3)^(H$13-'BCA Summary'!$C$37)) -> 0 | I32: =(I30+I31)/((1+'BCA Summary'!$D$3)^(I$13-'BCA Summary'!$C$37)) -> 0 | J32: =(J30+J31)/((1+'BCA Summary'!$D$3)^(J$13-'BCA Summary'!$C$37)) -> 0 | K32: =(K30+K31)/((1+'BCA Summary'!$D$3)^(K$13-'BCA Summary'!$C$37)) -> 0 | L32: =(L30+L31)/((1+'BCA Summary'!$D$3)^(L$13-'BCA Summary'!$C$37)) -> 0 | ... AP32: =(AP30+AP31)/((1+'BCA Summary'!$D$3)^(AP$13-'BCA Summary'!$C$37)) -> 15441.202
B33: Reduction in Injury Accidents per year - Roadway | D33: =SUM(E33:AP33) -> 90805306 | E33: ='Summary of Benefits'!H24*'Summary of Benefits'!$D$79 -> 0 | F33: ='Summary of Benefits'!I24*'Summary of Benefits'!$D$79 -> 0 | G33: ='Summary of Benefits'!J24*'Summary of Benefits'!$D$79 -> 0 | H33: ='Summary of Benefits'!K24*'Summary of Benefits'!$D$79 -> 0 | I33: ='Summary of Benefits'!L24*'Summary of Benefits'!$D$79 -> 0 | J33: ='Summary of Benefits'!M24*'Summary of Benefits'!$D$79 -> 0 | K33: ='Summary of Benefits'!N24*'Summary of Benefits'!$D$79 -> 0 | L33: ='Summary of Benefits'!O24*'Summary of Benefits'!$D$79 -> 0 | ... AP33: ='Summary of Benefits'!AS24*'Summary of Benefits'!$D$79 -> 3992181.7
B34: Reduction in Injury Accidents per year - Rail | D34: =SUM(E34:AP34) -> 187637.2 | E34: ='Summary of Benefits'!H37*'Summary of Benefits'!$D$102 -> 0 | F34: ='Summary of Benefits'!I37*'Summary of Benefits'!$D$102 -> 0 | G34: ='Summary of Benefits'!J37*'Summary of Benefits'!$D$102 -> 0 | H34: ='Summary of Benefits'!K37*'Summary of Benefits'!$D$102 -> 0 | I34: ='Summary of Benefits'!L37*'Summary of Benefits'!$D$102 -> 0 | J34: ='Summary of Benefits'!M37*'Summary of Benefits'!$D$102 -> 0 | K34: ='Summary of Benefits'!N37*'Summary of Benefits'!$D$102 -> 0 | L34: ='Summary of Benefits'!O37*'Summary of Benefits'!$D$102 -> 0 | ... AP34: ='Summary of Benefits'!AS37*'Summary of Benefits'!$D$102 -> 7515.7716
C35: Present Value at 7% Discount Rate | D35: =SUM(E35:AP35) -> 28299472 | E35: =(E33+E34)/((1+'BCA Summary'!$D$3)^(E$13-'BCA Summary'!$C$37)) -> 0 | F35: =(F33+F34)/((1+'BCA Summary'!$D$3)^(F$13-'BCA Summary'!$C$37)) -> 0 | G35: =(G33+G34)/((1+'BCA Summary'!$D$3)^(G$13-'BCA Summary'!$C$37)) -> 0 | H35: =(H33+H34)/((1+'BCA Summary'!$D$3)^(H$13-'BCA Summary'!$C$37)) -> 0 | I35: =(I33+I34)/((1+'BCA Summary'!$D$3)^(I$13-'BCA Summary'!$C$37)) -> 0 | J35: =(J33+J34)/((1+'BCA Summary'!$D$3)^(J$13-'BCA Summary'!$C$37)) -> 0 | K35: =(K33+K34)/((1+'BCA Summary'!$D$3)^(K$13-'BCA Summary'!$C$37)) -> 0 | L35: =(L33+L34)/((1+'BCA Summary'!$D$3)^(L$13-'BCA Summary'!$C$37)) -> 0 | ... AP35: =(AP33+AP34)/((1+'BCA Summary'!$D$3)^(AP$13-'BCA Summary'!$C$37)) -> 491054.89
B36: Reduction in PDO accidents per year - Roadway | D36: =SUM(E36:AP36) -> 8585172.4 | E36: ='Summary of Benefits'!H28*'Summary of Benefits'!$D$76 -> 0 | F36: ='Summary of Benefits'!I28*'Summary of Benefits'!$D$76 -> 0 | G36: ='Summary of Benefits'!J28*'Summary of Benefits'!$D$76 -> 0 | H36: ='Summary of Benefits'!K28*'Summary of Benefits'!$D$76 -> 0 | I36: ='Summary of Benefits'!L28*'Summary of Benefits'!$D$76 -> 0 | J36: ='Summary of Benefits'!M28*'Summary of Benefits'!$D$76 -> 0 | K36: ='Summary of Benefits'!N28*'Summary of Benefits'!$D$76 -> 0 | L36: ='Summary of Benefits'!O28*'Summary of Benefits'!$D$76 -> 0 | ... AP36: ='Summary of Benefits'!AS28*'Summary of Benefits'!$D$76 -> 371844.37
B37: Reduction in PDO accidents per year - Rail | D37: =SUM(E37:AP37) -> 127634.38 | E37: ='Summary of Benefits'!H41*'Summary of Benefits'!$D$101 -> 0 | F37: ='Summary of Benefits'!I41*'Summary of Benefits'!$D$101 -> 0 | G37: ='Summary of Benefits'!J41*'Summary of Benefits'!$D$101 -> 0 | H37: ='Summary of Benefits'!K41*'Summary of Benefits'!$D$101 -> 0 | I37: ='Summary of Benefits'!L41*'Summary of Benefits'!$D$101 -> 0 | J37: ='Summary of Benefits'!M41*'Summary of Benefits'!$D$101 -> 0 | K37: ='Summary of Benefits'!N41*'Summary of Benefits'!$D$101 -> 0 | L37: ='Summary of Benefits'!O41*'Summary of Benefits'!$D$101 -> 0 | ... AP37: ='Summary of Benefits'!AS41*'Summary of Benefits'!$D$101 -> 5111.3333
C38: Present Value at 7% Discount Rate | D38: =SUM(E38:AP38) -> 2724481.8 | E38: =(E36+E37)/((1+'BCA Summary'!$D$3)^(E$13-'BCA Summary'!$C$37)) -> 0 | F38: =(F36+F37)/((1+'BCA Summary'!$D$3)^(F$13-'BCA Summary'!$C$37)) -> 0 | G38: =(G36+G37)/((1+'BCA Summary'!$D$3)^(G$13-'BCA Summary'!$C$37)) -> 0 | H38: =(H36+H37)/((1+'BCA Summary'!$D$3)^(H$13-'BCA Summary'!$C$37)) -> 0 | I38: =(I36+I37)/((1+'BCA Summary'!$D$3)^(I$13-'BCA Summary'!$C$37)) -> 0 | J38: =(J36+J37)/((1+'BCA Summary'!$D$3)^(J$13-'BCA Summary'!$C$37)) -> 0 | K38: =(K36+K37)/((1+'BCA Summary'!$D$3)^(K$13-'BCA Summary'!$C$37)) -> 0 | L38: =(L36+L37)/((1+'BCA Summary'!$D$3)^(L$13-'BCA Summary'!$C$37)) -> 0 | ... AP38: =(AP36+AP37)/((1+'BCA Summary'!$D$3)^(AP$13-'BCA Summary'!$C$37)) -> 46279.985
D39: =D33+D35+D37 -> 1.1923241e+08 | Q39: =Q33+Q35+Q37 -> 5013301.8 | V39: =V33+V35+V37 -> 4721856.8 | AA39: =AA33+AA35+AA37 -> 4543100.3 | AF39: =AF33+AF35+AF37 -> 4463083.6 | AK39: =AK33+AK35+AK37 -> 4449899.3 | AP39: =AP33+AP35+AP37 -> 4488347.9
A40: Value of Travel Time Savings
B41: Travel Time Savings - Private Vehicle Travel | D41: =SUM(E41:AP41) -> 3.6218289e+08 | E41: ='Summary of Benefits'!H52*'Summary of Benefits'!$D$118*'Summary of Benefits'!$D$109 -> 0 | F41: ='Summary of Benefits'!I52*'Summary of Benefits'!$D$118*'Summary of Benefits'!$D$109 -> 0 | G41: ='Summary of Benefits'!J52*'Summary of Benefits'!$D$118*'Summary of Benefits'!$D$109 -> 0 | H41: ='Summary of Benefits'!K52*'Summary of Benefits'!$D$118*'Summary of Benefits'!$D$109 -> 0 | I41: ='Summary of Benefits'!L52*'Summary of Benefits'!$D$118*'Summary of Benefits'!$D$109 -> 0 | J41: ='Summary of Benefits'!M52*'Summary of Benefits'!$D$118*'Summary of Benefits'!$D$109 -> 0 | K41: ='Summary of Benefits'!N52*'Summary of Benefits'!$D$118*'Summary of Benefits'!$D$109 -> 0 | L41: ='Summary of Benefits'!O52*'Summary of Benefits'!$D$118*'Summary of Benefits'!$D$109 -> 0 | ... AP41: ='Summary of Benefits'!AS52*'Summary of Benefits'!$D$118*'Summary of Benefits'!$D$109 -> 18342304
C42: Present Value at 7% Discount Rate | D42: =SUM(E42:AP42) -> 1.0656423e+08 | E42: =(E41)/((1+'BCA Summary'!$D$3)^(E$13-'BCA Summary'!$C$37)) -> 0 | F42: =(F41)/((1+'BCA Summary'!$D$3)^(F$13-'BCA Summary'!$C$37)) -> 0 | G42: =(G41)/((1+'BCA Summary'!$D$3)^(G$13-'BCA Summary'!$C$37)) -> 0 | H42: =(H41)/((1+'BCA Summary'!$D$3)^(H$13-'BCA Summary'!$C$37)) -> 0 | I42: =(I41)/((1+'BCA Summary'!$D$3)^(I$13-'BCA Summary'!$C$37)) -> 0 | J42: =(J41)/((1+'BCA Summary'!$D$3)^(J$13-'BCA Summary'!$C$37)) -> 0 | K42: =(K41)/((1+'BCA Summary'!$D$3)^(K$13-'BCA Summary'!$C$37)) -> 0 | L42: =(L41)/((1+'BCA Summary'!$D$3)^(L$13-'BCA Summary'!$C$37)) -> 0 | ... AP42: =(AP41)/((1+'BCA Summary'!$D$3)^(AP$13-'BCA Summary'!$C$37)) -> 2251939.9
B43: Travel Time Savings - Commercial Vehicle Travel | D43: =SUM(E43:AP43) -> 20543387 | E43: ='Summary of Benefits'!H47*'Summary of Benefits'!$D$113 -> 0 | F43: ='Summary of Benefits'!I47*'Summary of Benefits'!$D$113 -> 0 | G43: ='Summary of Benefits'!J47*'Summary of Benefits'!$D$113 -> 0 | H43: ='Summary of Benefits'!K47*'Summary of Benefits'!$D$113 -> 0 | I43: ='Summary of Benefits'!L47*'Summary of Benefits'!$D$113 -> 0 | J43: ='Summary of Benefits'!M47*'Summary of Benefits'!$D$113 -> 0 | K43: ='Summary of Benefits'!N47*'Summary of Benefits'!$D$113 -> 0 | L43: ='Summary of Benefits'!O47*'Summary of Benefits'!$D$113 -> 0 | ... AP43: ='Summary of Benefits'!AS47*'Summary of Benefits'!$D$113 -> 1198561.2
C44: Present Value at 7% Discount Rate | D44: =SUM(E44:AP44) -> 5752444.1 | E44: =(E43)/((1+'BCA Summary'!$D$3)^(E$13-'BCA Summary'!$C$37)) -> 0 | F44: =(F43)/((1+'BCA Summary'!$D$3)^(F$13-'BCA Summary'!$C$37)) -> 0 | G44: =(G43)/((1+'BCA Summary'!$D$3)^(G$13-'BCA Summary'!$C$37)) -> 0 | H44: =(H43)/((1+'BCA Summary'!$D$3)^(H$13-'BCA Summary'!$C$37)) -> 0 | I44: =(I43)/((1+'BCA Summary'!$D$3)^(I$13-'BCA Summary'!$C$37)) -> 0 | J44: =(J43)/((1+'BCA Summary'!$D$3)^(J$13-'BCA Summary'!$C$37)) -> 0 | K44: =(K43)/((1+'BCA Summary'!$D$3)^(K$13-'BCA Summary'!$C$37)) -> 0 | L44: =(L43)/((1+'BCA Summary'!$D$3)^(L$13-'BCA Summary'!$C$37)) -> 0 | ... AP44: =(AP43)/((1+'BCA Summary'!$D$3)^(AP$13-'BCA Summary'!$C$37)) -> 147150.97
A45: Emissions Reductions
B46: Air Quality (reduced tons of NOx per year) | D46: =SUM(E46:AP46) -> 131096.53 | E46: 0 | F46: 0 | G46: 0 | H46: ='Summary of Benefits'!K60*'Summary of Benefits'!D127 -> 0 | I46: ='Summary of Benefits'!L60*'Summary of Benefits'!E127 -> 0 | J46: ='Summary of Benefits'!M60*'Summary of Benefits'!F127 -> 0 | K46: ='Summary of Benefits'!N60*'Summary of Benefits'!G127 -> 0 | L46: ='Summary of Benefits'!O60*'Summary of Benefits'!H127 -> 0 | M46: ='Summary of Benefits'!P60*'Summary of Benefits'!I127 -> 0 | N46: ='Summary of Benefits'!Q60*'Summary of Benefits'!J127 -> 0 | O46: ='Summary of Benefits'!R60*'Summary of Benefits'!K127 -> 0 | ... AP46: ='Summary of Benefits'!AS60*'Summary of Benefits'!AL127 -> 0
C47: Present Value at 7% Discount Rate | D47: =SUM(E47:AP47) -> 39228.447 | E47: 0 | F47: 0 | G47: 0 | H47: =(H46)/((1+'BCA Summary'!$D$3)^(H$13-'BCA Summary'!$C$37)) -> 0 | I47: =(I46)/((1+'BCA Summary'!$D$3)^(I$13-'BCA Summary'!$C$37)) -> 0 | J47: =(J46)/((1+'BCA Summary'!$D$3)^(J$13-'BCA Summary'!$C$37)) -> 0 | K47: =(K46)/((1+'BCA Summary'!$D$3)^(K$13-'BCA Summary'!$C$37)) -> 0 | L47: =(L46)/((1+'BCA Summary'!$D$3)^(L$13-'BCA Summary'!$C$37)) -> 0 | M47: =(M46)/((1+'BCA Summary'!$D$3)^(M$13-'BCA Summary'!$C$37)) -> 0 | N47: =(N46)/((1+'BCA Summary'!$D$3)^(N$13-'BCA Summary'!$C$37)) -> 0 | O47: =(O46)/((1+'BCA Summary'!$D$3)^(O$13-'BCA Summary'!$C$37)) -> 0 | ... AP47: =(AP46)/((1+'BCA Summary'!$D$3)^(AP$13-'BCA Summary'!$C$37)) -> 0
B48: Air Quality (reduced tons of SO2 per year) | D48: =SUM(E48:AP48) -> 2878.5796 | E48: 0 | F48: 0 | G48: 0 | H48: ='Summary of Benefits'!K65*'Summary of Benefits'!D128 -> 0 | I48: ='Summary of Benefits'!L65*'Summary of Benefits'!E128 -> 0 | J48: ='Summary of Benefits'!M65*'Summary of Benefits'!F128 -> 0 | K48: ='Summary of Benefits'!N65*'Summary of Benefits'!G128 -> 0 | L48: ='Summary of Benefits'!O65*'Summary of Benefits'!H128 -> 0 | M48: ='Summary of Benefits'!P65*'Summary of Benefits'!I128 -> 0 | N48: ='Summary of Benefits'!Q65*'Summary of Benefits'!J128 -> 0 | O48: ='Summary of Benefits'!R65*'Summary of Benefits'!K128 -> 0 | ... AP48: ='Summary of Benefits'!AS65*'Summary of Benefits'!AL128 -> 0
C49: Present Value at 7% Discount Rate | D49: =SUM(E49:AP49) -> 899.13481 | E49: 0 | F49: 0 | G49: 0 | H49: =(H48)/((1+'BCA Summary'!$D$3)^(H$13-'BCA Summary'!$C$37)) -> 0 | I49: =(I48)/((1+'BCA Summary'!$D$3)^(I$13-'BCA Summary'!$C$37)) -> 0 | J49: =(J48)/((1+'BCA Summary'!$D$3)^(J$13-'BCA Summary'!$C$37)) -> 0 | K49: =(K48)/((1+'BCA Summary'!$D$3)^(K$13-'BCA Summary'!$C$37)) -> 0 | L49: =(L48)/((1+'BCA Summary'!$D$3)^(L$13-'BCA Summary'!$C$37)) -> 0 | M49: =(M48)/((1+'BCA Summary'!$D$3)^(M$13-'BCA Summary'!$C$37)) -> 0 | N49: =(N48)/((1+'BCA Summary'!$D$3)^(N$13-'BCA Summary'!$C$37)) -> 0 | O49: =(O48)/((1+'BCA Summary'!$D$3)^(O$13-'BCA Summary'!$C$37)) -> 0 | ... AP49: =(AP48)/((1+'BCA Summary'!$D$3)^(AP$13-'BCA Summary'!$C$37)) -> 0
B50: Air Quality (reduced tons of PM 2.5 per year) | D50: =SUM(E50:AP50) -> 57325.861 | E50: 0 | F50: 0 | G50: 0 | H50: ='Summary of Benefits'!K70*'Summary of Benefits'!D129 -> 0 | I50: ='Summary of Benefits'!L70*'Summary of Benefits'!E129 -> 0 | J50: ='Summary of Benefits'!M70*'Summary of Benefits'!F129 -> 0 | K50: ='Summary of Benefits'!N70*'Summary of Benefits'!G129 -> 0 | L50: ='Summary of Benefits'!O70*'Summary of Benefits'!H129 -> 0 | M50: ='Summary of Benefits'!P70*'Summary of Benefits'!I129 -> 0 | N50: ='Summary of Benefits'!Q70*'Summary of Benefits'!J129 -> 0 | O50: ='Summary of Benefits'!R70*'Summary of Benefits'!K129 -> 0 | ... AP50: ='Summary of Benefits'!AS70*'Summary of Benefits'!AL129 -> 0
C51: Present Value at 7% Discount Rate | D51: =SUM(E51:AP51) -> 18391.92 | E51: 0 | F51: 0 | G51: 0 | H51: =(H50)/((1+'BCA Summary'!$D$3)^(H$13-'BCA Summary'!$C$37)) -> 0 | I51: =(I50)/((1+'BCA Summary'!$D$3)^(I$13-'BCA Summary'!$C$37)) -> 0 | J51: =(J50)/((1+'BCA Summary'!$D$3)^(J$13-'BCA Summary'!$C$37)) -> 0 | K51: =(K50)/((1+'BCA Summary'!$D$3)^(K$13-'BCA Summary'!$C$37)) -> 0 | L51: =(L50)/((1+'BCA Summary'!$D$3)^(L$13-'BCA Summary'!$C$37)) -> 0 | M51: =(M50)/((1+'BCA Summary'!$D$3)^(M$13-'BCA Summary'!$C$37)) -> 0 | N51: =(N50)/((1+'BCA Summary'!$D$3)^(N$13-'BCA Summary'!$C$37)) -> 0 | O51: =(O50)/((1+'BCA Summary'!$D$3)^(O$13-'BCA Summary'!$C$37)) -> 0 | ... AP51: =(AP50)/((1+'BCA Summary'!$D$3)^(AP$13-'BCA Summary'!$C$37)) -> 0
A53: Total Benefits | D53: =SUM(E53:AP53) -> 4.88251e+08 | E53: =E16+E20+E22+E26+E30+E32+E34+E36+E38+E41+E43+E46+E48+E50 -> 0 | F53: =F16+F20+F22+F26+F30+F32+F34+F36+F38+F41+F43+F46+F48+F50 -> 0 | G53: =G16+G20+G22+G26+G30+G32+G34+G36+G38+G41+G43+G46+G48+G50 -> 0 | H53: =H16+H20+H22+H26+H30+H32+H34+H36+H38+H41+H43+H46+H48+H50 -> 0 | I53: =I16+I20+I22+I26+I30+I32+I34+I36+I38+I41+I43+I46+I48+I50 -> 0 | J53: =J16+J20+J22+J26+J30+J32+J34+J36+J38+J41+J43+J46+J48+J50 -> 0 | K53: =K16+K20+K22+K26+K30+K32+K34+K36+K38+K41+K43+K46+K48+K50 -> 0 | L53: =L16+L20+L22+L26+L30+L32+L34+L36+L38+L41+L43+L46+L48+L50 -> 0 | ... AP53: =AP16+AP20+AP22+AP26+AP30+AP32+AP34+AP36+AP38+AP41+AP43+AP46+AP48+AP50 -> 1.0900004e+08
A54: Yearly Present Value of Project | D54: =SUM(E54:AP54) -> 2.7515885e+08 | E54: =E17+E21+E23+E27+E31+E33+E35+E37+E39+E42+E44+E47+E49+E51 -> 0 | F54: =F17+F21+F23+F27+F31+F33+F35+F37+F39+F42+F44+F47+F49+F51 -> 0 | G54: =G17+G21+G23+G27+G31+G33+G35+G37+G39+G42+G44+G47+G49+G51 -> 0 | H54: =H17+H21+H23+H27+H31+H33+H35+H37+H39+H42+H44+H47+H49+H51 -> 0 | I54: =I17+I21+I23+I27+I31+I33+I35+I37+I39+I42+I44+I47+I49+I51 -> 0 | J54: =J17+J21+J23+J27+J31+J33+J35+J37+J39+J42+J44+J47+J49+J51 -> 0 | K54: =K17+K21+K23+K27+K31+K33+K35+K37+K39+K42+K44+K47+K49+K51 -> 0 | L54: =L17+L21+L23+L27+L31+L33+L35+L37+L39+L42+L44+L47+L49+L51 -> 0 | ... AP54: =AP17+AP21+AP23+AP27+AP31+AP33+AP35+AP37+AP39+AP42+AP44+AP47+AP49+AP51 -> 22430576
A56: Costs | E56: =E13 -> 2018 | F56: =F13 -> 2019 | G56: =G13 -> 2020 | H56: =H13 -> 2021 | I56: =I13 -> 2022 | J56: =J13 -> 2023 | K56: =K13 -> 2024 | L56: =L13 -> 2025 | ... AP56: =AP13 -> 2055
A58: Project Costs | D58: =SUM(E58:AO58) -> 1.5608584e+08 | E58: ='Timeline & Costs'!H18 -> 2757323.9 | F58: ='Timeline & Costs'!I18 -> 1142627.2 | G58: ='Timeline & Costs'!J18 -> 173499.62 | H58: ='Timeline & Costs'!K18 -> 0 | I58: ='Timeline & Costs'!L18 -> 2385000 | J58: ='Timeline & Costs'!M18 -> 4080000 | K58: ='Timeline & Costs'!N18 -> 0 | L58: ='Timeline & Costs'!O18 -> 587760 | ... AP58: ='Timeline & Costs'!AS18 -> 0
C59: Present Value at 7% Discount Rate | D59: =SUM(E59:AO59) -> 1.235262e+08 | E59: =(E58)/((1+'BCA Summary'!$D$3)^(E$13-'BCA Summary'!$C$37)) -> 4137999.7 | F59: =(F58)/((1+'BCA Summary'!$D$3)^(F$13-'BCA Summary'!$C$37)) -> 1602593.8 | G59: =(G58)/((1+'BCA Summary'!$D$3)^(G$13-'BCA Summary'!$C$37)) -> 227422.61 | H59: =(H58)/((1+'BCA Summary'!$D$3)^(H$13-'BCA Summary'!$C$37)) -> 0 | I59: =(I58)/((1+'BCA Summary'!$D$3)^(I$13-'BCA Summary'!$C$37)) -> 2730586.5 | J59: =(J58)/((1+'BCA Summary'!$D$3)^(J$13-'BCA Summary'!$C$37)) -> 4365600 | K59: =(K58)/((1+'BCA Summary'!$D$3)^(K$13-'BCA Summary'!$C$37)) -> 0 | L59: =(L58)/((1+'BCA Summary'!$D$3)^(L$13-'BCA Summary'!$C$37)) -> 549308.41 | ... AP59: =(AP58)/((1+'BCA Summary'!$D$3)^(AP$13-'BCA Summary'!$C$37)) -> 0
A61: Total Costs | D61: =SUM(E61:AO61) -> 1.5608584e+08 | E61: =E58 -> 2757323.9 | F61: =F58 -> 1142627.2 | G61: =G58 -> 173499.62 | H61: =H58 -> 0 | I61: =I58 -> 2385000 | J61: =J58 -> 4080000 | K61: =K58 -> 0 | L61: =L58 -> 587760 | ... AP61: =AP58 -> 0
A62: Yearly Present Value of Project Costs at 7% Discount Rate | D62: =SUM(E62:AO62) -> 1.235262e+08 | E62: =(E61)/((1+'BCA Summary'!$D$3)^(E$13-'BCA Summary'!$C$37)) -> 4137999.7 | F62: =(F61)/((1+'BCA Summary'!$D$3)^(F$13-'BCA Summary'!$C$37)) -> 1602593.8 | G62: =(G61)/((1+'BCA Summary'!$D$3)^(G$13-'BCA Summary'!$C$37)) -> 227422.61 | H62: =(H61)/((1+'BCA Summary'!$D$3)^(H$13-'BCA Summary'!$C$37)) -> 0 | I62: =(I61)/((1+'BCA Summary'!$D$3)^(I$13-'BCA Summary'!$C$37)) -> 2730586.5 | J62: =(J61)/((1+'BCA Summary'!$D$3)^(J$13-'BCA Summary'!$C$37)) -> 4365600 | K62: =(K61)/((1+'BCA Summary'!$D$3)^(K$13-'BCA Summary'!$C$37)) -> 0 | L62: =(L61)/((1+'BCA Summary'!$D$3)^(L$13-'BCA Summary'!$C$37)) -> 549308.41 | ... AP62: =(AP61)/((1+'BCA Summary'!$D$3)^(AP$13-'BCA Summary'!$C$37)) -> 0
A64: Total Project
C65: Net Present Value of Entire Project @ 7% Discount Rate | D65: =D54-D62 -> 1.5163265e+08
A66: Benefit-Cost Ratio @ 7% Discount Rate | D66: =CONCATENATE(ROUND(D54/D62,2)," : 1") -> 2.23 : 1

Sheet Summary of Benefits
A1: Transportation Benefits
A2: ='BCA Summary'!A2 -> US 85/120th Avenue Grade-Separation and Interchange Project
E4: 2015 | F4: 2016 | G4: 2017 | H4: 2018 | I4: 2019 | J4: 2020 | K4: 2021 | L4: 2022 | M4: 2023 | N4: 2024 | O4: 2025 | P4: 2026 | Q4: 2027 | R4: 2028 | S4: 2029 | T4: 2030 | U4: 2031 | V4: 2032 | W4: 2033 | X4: 2034 | Y4: 2035 | Z4: 2036 | AA4: 2037 | AB4: 2038 | AC4: 2039 | AD4: 2040 | AE4: 2041 | AF4: 2042 | AG4: 2043 | AH4: 2044 | AI4: 2045 | AJ4: 2046 | AK4: 2047 | AL4: 2048 | AM4: 2049 | AN4: 2050 | AO4: 2051 | AP4: 2052 | AQ4: 2053 | AR4: 2054 | AS4: 2055
A5: Operating & Maintenance Expenditures
A6: Avoided Maintenance Costs
A7: ="BASELINE (No "&'BCA Summary'!E1&") total annual roadway maintenance costs" -> BASELINE (No BUILD Grant) total annual roadway maintenance costs | D7: =SUM(E7:AR7) -> 13335400 | E7: ='Operations & Maintenance'!D35 -> 30635 | F7: ='Operations & Maintenance'!E35 -> 30635 | G7: ='Operations & Maintenance'!F35 -> 30635 | H7: ='Operations & Maintenance'!G35 -> 30635 | I7: ='Operations & Maintenance'!H35 -> 30635 | J7: ='Operations & Maintenance'!I35 -> 30635 | K7: ='Operations & Maintenance'!J35 -> 30635 | L7: ='Operations & Maintenance'!K35 -> 3058135 | ... AS7: ='Operations & Maintenance'!AR35 -> 30635
A8: ="PREFERRED (With "&'BCA Summary'!E1&") total annual roadway maintenance costs" -> PREFERRED (With BUILD Grant) total annual roadway maintenance costs | D8: =SUM(E8:AR8) -> 14783150 | E8: ='Operations & Maintenance'!D36 -> 30635 | F8: ='Operations & Maintenance'!E36 -> 30635 | G8: ='Operations & Maintenance'!F36 -> 30635 | H8: ='Operations & Maintenance'!G36 -> 30635 | I8: ='Operations & Maintenance'!H36 -> 30635 | J8: ='Operations & Maintenance'!I36 -> 30635 | K8: ='Operations & Maintenance'!J36 -> 30635 | L8: ='Operations & Maintenance'!K36 -> 3058135 | ... AS8: ='Operations & Maintenance'!AR36 -> 113885
A9: DIFFERENCE | D9: =SUM(E9:AR9) -> -1447750 | E9: =E7-E8 -> 0 | F9: =F7-F8 -> 0 | G9: =G7-G8 -> 0 | H9: =H7-H8 -> 0 | I9: =I7-I8 -> 0 | J9: =J7-J8 -> 0 | K9: =K7-K8 -> 0 | L9: =L7-L8 -> 0 | ... AS9: =AS7-AS8 -> -83250
A11: Train Operating and Social Costs
A12: Train Operating Avoided Idling
A13: ="BASELINE (No "&'BCA Summary'!$E$1&") total annual avoided train idling, hrs" -> BASELINE (No BUILD Grant) total annual avoided train idling, hrs | D13: =SUM(E13:AR13) -> 21773.503 | E13: ='Train Operating Costs'!E17 -> 544.33758 | F13: ='Train Operating Costs'!F17 -> 544.33758 | G13: ='Train Operating Costs'!G17 -> 544.33758 | H13: ='Train Operating Costs'!H17 -> 544.33758 | I13: ='Train Operating Costs'!I17 -> 544.33758 | J13: ='Train Operating Costs'!J17 -> 544.33758 | K13: ='Train Operating Costs'!K17 -> 544.33758 | L13: ='Train Operating Costs'!L17 -> 544.33758 | ... AS13: ='Train Operating Costs'!AS17 -> 544.33758
A14: ="PREFERRED (No "&'BCA Summary'!$E$1&") total annual avoided train idling, hrs" -> PREFERRED (No BUILD Grant) total annual avoided train idling, hrs | D14: =SUM(E14:AR14) -> 16123.586 | E14: ='Train Operating Costs'!E18 -> 544.33758 | F14: ='Train Operating Costs'!F18 -> 544.33758 | G14: ='Train Operating Costs'!G18 -> 544.33758 | H14: ='Train Operating Costs'!H18 -> 544.33758 | I14: ='Train Operating Costs'!I18 -> 544.33758 | J14: ='Train Operating Costs'!J18 -> 544.33758 | K14: ='Train Operating Costs'!K18 -> 544.33758 | L14: ='Train Operating Costs'!L18 -> 544.33758 | ... AS14: ='Train Operating Costs'!AS18 -> 318.34091
A15: DIFFERENCE | D15: =SUM(E15:AR15) -> 5649.9169 | E15: ='Train Operating Costs'!E19 -> 0 | F15: ='Train Operating Costs'!F19 -> 0 | G15: ='Train Operating Costs'!G19 -> 0 | H15: ='Train Operating Costs'!H19 -> 0 | I15: ='Train Operating Costs'!I19 -> 0 | J15: ='Train Operating Costs'!J19 -> 0 | K15: ='Train Operating Costs'!K19 -> 0 | L15: ='Train Operating Costs'!L19 -> 0 | ... AS15: ='Train Operating Costs'!AS19 -> 225.99667
A17: Safety - Vehicles
A18: ="BASELINE (No "&'BCA Summary'!$E$1&") Fatalities" -> BASELINE (No BUILD Grant) Fatalities | D18: =SUM(E18:AS18) -> 0 | E18: ='Safety - Veh'!E39 -> 0 | F18: ='Safety - Veh'!F39 -> 0 | G18: ='Safety - Veh'!G39 -> 0 | H18: ='Safety - Veh'!H39 -> 0 | I18: ='Safety - Veh'!I39 -> 0 | J18: ='Safety - Veh'!J39 -> 0 | K18: ='Safety - Veh'!K39 -> 0 | L18: ='Safety - Veh'!L39 -> 0 | ... AS18: ='Safety - Veh'!AS39 -> 0
A19: ="PREFERRED (With "&'BCA Summary'!$E$1&") Fatalities" -> PREFERRED (With BUILD Grant) Fatalities | D19: =SUM(E19:AS19) -> 0 | E19: ='Safety - Veh'!E40 -> 0 | F19: ='Safety - Veh'!F40 -> 0 | G19: ='Safety - Veh'!G40 -> 0 | H19: ='Safety - Veh'!H40 -> 0 | I19: ='Safety - Veh'!I40 -> 0 | J19: ='Safety - Veh'!J40 -> 0 | K19: ='Safety - Veh'!K40 -> 0 | L19: ='Safety - Veh'!L40 -> 0 | ... AS19: ='Safety - Veh'!AS40 -> 0
A20: DIFFERENCE (Fatalities) | D20: =SUM(E20:AS20) -> 0 | E20: =E18-E19 -> 0 | F20: =F18-F19 -> 0 | G20: =G18-G19 -> 0 | H20: =H18-H19 -> 0 | I20: =I18-I19 -> 0 | J20: =J18-J19 -> 0 | K20: =K18-K19 -> 0 | L20: =L18-L19 -> 0 | ... AS20: =AS18-AS19 -> 0
A22: ="BASELINE (No "&'BCA Summary'!$E$1&") Injuries" -> BASELINE (No BUILD Grant) Injuries | D22: =SUM(E22:AS22) -> 718.68942 | E22: ='Safety - Veh'!E43 -> 12.476712 | F22: ='Safety - Veh'!F43 -> 12.200107 | G22: ='Safety - Veh'!G43 -> 12.476712 | H22: ='Safety - Veh'!H43 -> 12.753318 | I22: ='Safety - Veh'!I43 -> 13.49462 | J22: ='Safety - Veh'!J43 -> 13.749097 | K22: ='Safety - Veh'!K43 -> 14.003574 | L22: ='Safety - Veh'!L43 -> 14.258051 | ... AS22: ='Safety - Veh'!AS43 -> 22.655789
A23: ="PREFERRED (With "&'BCA Summary'!$E$1&") Injuries" -> PREFERRED (With BUILD Grant) Injuries | D23: =SUM(E23:AS23) -> 336.79795 | E23: ='Safety - Veh'!E44 -> 12.476712 | F23: ='Safety - Veh'!F44 -> 12.200107 | G23: ='Safety - Veh'!G44 -> 12.476712 | H23: ='Safety - Veh'!H44 -> 12.753318 | I23: ='Safety - Veh'!I44 -> 13.49462 | J23: ='Safety - Veh'!J44 -> 13.749097 | K23: ='Safety - Veh'!K44 -> 14.003574 | L23: ='Safety - Veh'!L44 -> 14.258051 | ... AS23: ='Safety - Veh'!AS44 -> 5.86624
A24: DIFFERENCE (Injuries) | D24: =SUM(E24:AS24) -> 381.89147 | E24: =E22-E23 -> 0 | F24: =F22-F23 -> 0 | G24: =G22-G23 -> 0 | H24: =H22-H23 -> 0 | I24: =I22-I23 -> 0 | J24: =J22-J23 -> 0 | K24: =K22-K23 -> 0 | L24: =L22-L23 -> 0 | ... AS24: =AS22-AS23 -> 16.789549
A26: ="BASELINE (No "&'BCA Summary'!$E$1&") Vehicles involved in PDO Crashes" -> BASELINE (No BUILD Grant) Vehicles involved in PDO Crashes | D26: =SUM(E26:AS26) -> 3003.6989 | E26: ='Safety - Veh'!E47 -> 53.854207 | F26: ='Safety - Veh'!F47 -> 52.791719 | G26: ='Safety - Veh'!G47 -> 53.854207 | H26: ='Safety - Veh'!H47 -> 54.916696 | I26: ='Safety - Veh'!I47 -> 57.764165 | J26: ='Safety - Veh'!J47 -> 58.741655 | K26: ='Safety - Veh'!K47 -> 59.719144 | L26: ='Safety - Veh'!L47 -> 60.696634 | ... AS26: ='Safety - Veh'!AS47 -> 92.953787
A27: ="PREFERRED (With "&'BCA Summary'!$E$1&") Vehicles involved in PDO Crashes" -> PREFERRED (With BUILD Grant) Vehicles involved in PDO Crashes | D27: =SUM(E27:AS27) -> 1437.1263 | E27: ='Safety - Veh'!E48 -> 53.854207 | F27: ='Safety - Veh'!F48 -> 52.791719 | G27: ='Safety - Veh'!G48 -> 53.854207 | H27: ='Safety - Veh'!H48 -> 54.916696 | I27: ='Safety - Veh'!I48 -> 57.764165 | J27: ='Safety - Veh'!J48 -> 58.741655 | K27: ='Safety - Veh'!K48 -> 59.719144 | L27: ='Safety - Veh'!L48 -> 60.696634 | ... AS27: ='Safety - Veh'!AS48 -> 25.101774
A28: DIFFERENCE (Vehicles involved in PDO Crashes) | D28: =SUM(E28:AS28) -> 1566.5727 | E28: =E26-E27 -> 0 | F28: =F26-F27 -> 0 | G28: =G26-G27 -> 0 | H28: =H26-H27 -> 0 | I28: =I26-I27 -> 0 | J28: =J26-J27 -> 0 | K28: =K26-K27 -> 0 | L28: =L26-L27 -> 0 | ... AS28: =AS26-AS27 -> 67.852013
A30: Safety - Rail
A31: ="BASELINE (No "&'BCA Summary'!$E$1&") Fatalities" -> BASELINE (No BUILD Grant) Fatalities | D31: =SUM(E31:AS31) -> 0.33863132 | E31: ='Safety - Railroad'!F32 -> 0.0075540333 | F31: ='Safety - Railroad'!G32 -> 0.0075540333 | G31: ='Safety - Railroad'!H32 -> 0.0076970529 | H31: ='Safety - Railroad'!I32 -> 0.0077620618 | I31: ='Safety - Railroad'!J32 -> 0.0077620618 | J31: ='Safety - Railroad'!K32 -> 0.0078270707 | K31: ='Safety - Railroad'!L32 -> 0.0078270707 | L31: ='Safety - Railroad'!M32 -> 0.0078790778 | ... AS31: ='Safety - Railroad'!AT32 -> 0.0088412094
A32: ="PREFERRED (With "&'BCA Summary'!$E$1&") Fatalities" -> PREFERRED (With BUILD Grant) Fatalities | D32: =SUM(E32:AS32) -> 0.11787412 | E32: ='Safety - Railroad'!F33 -> 0.0075540333 | F32: ='Safety - Railroad'!G33 -> 0.0075540333 | G32: ='Safety - Railroad'!H33 -> 0.0076970529 | H32: ='Safety - Railroad'!I33 -> 0.0077620618 | I32: ='Safety - Railroad'!J33 -> 0.0077620618 | J32: ='Safety - Railroad'!K33 -> 0.0078270707 | K32: ='Safety - Railroad'!L33 -> 0.0078270707 | L32: ='Safety - Railroad'!M33 -> 0.0078790778 | ... AS32: ='Safety - Railroad'!AT33 -> 0
A33: DIFFERENCE (Fatalities) | D33: =SUM(E33:AS33) -> 0.2207572 | E33: =E31-E32 -> 0 | F33: =F31-F32 -> 0 | G33: =G31-G32 -> 0 | H33: =H31-H32 -> 0 | I33: =I31-I32 -> 0 | J33: =J31-J32 -> 0 | K33: =K31-K32 -> 0 | L33: =L31-L32 -> 0 | ... AS33: =AS31-AS32 -> 0.0088412094
A35: ="BASELINE (No "&'BCA Summary'!$E$1&") Injuries" -> BASELINE (No BUILD Grant) Injuries | D35: =SUM(E35:AS35) -> 0.77873897 | E35: ='Safety - Railroad'!F36 -> 0.017370063 | F35: ='Safety - Railroad'!G36 -> 0.017370063 | G35: ='Safety - Railroad'!H36 -> 0.017691961 | H35: ='Safety - Railroad'!I36 -> 0.017844516 | I35: ='Safety - Railroad'!J36 -> 0.017844516 | J35: ='Safety - Railroad'!K36 -> 0.01799707 | K35: ='Safety - Railroad'!L36 -> 0.01799707 | L35: ='Safety - Railroad'!M36 -> 0.018119114 | ... AS35: ='Safety - Railroad'!AT36 -> 0.020335754
A36: ="PREFERRED (With "&'BCA Summary'!$E$1&") Injuries" -> PREFERRED (With BUILD Grant) Injuries | D36: =SUM(E36:AS36) -> 0.27104072 | E36: ='Safety - Railroad'!F37 -> 0.017370063 | F36: ='Safety - Railroad'!G37 -> 0.017370063 | G36: ='Safety - Railroad'!H37 -> 0.017691961 | H36: ='Safety - Railroad'!I37 -> 0.017844516 | I36: ='Safety - Railroad'!J37 -> 0.017844516 | J36: ='Safety - Railroad'!K37 -> 0.01799707 | K36: ='Safety - Railroad'!L37 -> 0.01799707 | L36: ='Safety - Railroad'!M37 -> 0.018119114 | ... AS36: ='Safety - Railroad'!AT37 -> 0
A37: DIFFERENCE (Injuries) | D37: =SUM(E37:AS37) -> 0.50769825 | E37: =E35-E36 -> 0 | F37: =F35-F36 -> 0 | G37: =G35-G36 -> 0 | H37: =H35-H36 -> 0 | I37: =I35-I36 -> 0 | J37: =J35-J36 -> 0 | K37: =K35-K36 -> 0 | L37: =L35-L36 -> 0 | ... AS37: =AS35-AS36 -> 0.020335754
A39: ="BASELINE (No "&'BCA Summary'!$E$1&") PDO Crash Vehicles" -> BASELINE (No BUILD Grant) PDO Crash Vehicles | D39: =SUM(E39:AS39) -> 1.4871297 | E39: ='Safety - Railroad'!F40 -> 0.033175904 | F39: ='Safety - Railroad'!G40 -> 0.033175904 | G39: ='Safety - Railroad'!H40 -> 0.033810986 | H39: ='Safety - Railroad'!I40 -> 0.034093423 | I39: ='Safety - Railroad'!J40 -> 0.034093423 | J39: ='Safety - Railroad'!K40 -> 0.034375859 | K39: ='Safety - Railroad'!L40 -> 0.034375859 | L39: ='Safety - Railroad'!M40 -> 0.034601809 | ... AS39: ='Safety - Railroad'!AT40 -> 0.038823036
A40: ="PREFERRED (With "&'BCA Summary'!$E$1&") PDO Crash Vehicles" -> PREFERRED (With BUILD Grant) PDO Crash Vehicles | D40: =SUM(E40:AS40) -> 0.51768515 | E40: ='Safety - Railroad'!F41 -> 0.033175904 | F40: ='Safety - Railroad'!G41 -> 0.033175904 | G40: ='Safety - Railroad'!H41 -> 0.033810986 | H40: ='Safety - Railroad'!I41 -> 0.034093423 | I40: ='Safety - Railroad'!J41 -> 0.034093423 | J40: ='Safety - Railroad'!K41 -> 0.034375859 | K40: ='Safety - Railroad'!L41 -> 0.034375859 | L40: ='Safety - Railroad'!M41 -> 0.034601809 | ... AS40: ='Safety - Railroad'!AT41 -> 0
A41: DIFFERENCE (PDO Crashes) | D41: =SUM(E41:AS41) -> 0.96944456 | E41: =E39-E40 -> 0 | F41: =F39-F40 -> 0 | G41: =G39-G40 -> 0 | H41: =H39-H40 -> 0 | I41: =I39-I40 -> 0 | J41: =J39-J40 -> 0 | K41: =K39-K40 -> 0 | L41: =L39-L40 -> 0 | ... AS41: =AS39-AS40 -> 0.038823036
A43: Travel Time Savings
A44: Regional Annual Truck Travel Time (vehicle-hours)
A45: ="BASELINE (No "&'BCA Summary'!$E$1&") total annual truck stopped delay, hrs" -> BASELINE (No BUILD Grant) total annual truck stopped delay, hrs | D45: =SUM(E45:AS45) -> 819513.32 | E45: ='Travel Time Savings'!E9+'Travel Time Savings'!E28 -> 6660.5262 | F45: ='Travel Time Savings'!F9+'Travel Time Savings'!F28 -> 7104.9447 | G45: ='Travel Time Savings'!G9+'Travel Time Savings'!G28 -> 7566.4373 | H45: ='Travel Time Savings'!H9+'Travel Time Savings'!H28 -> 8045.0038 | I45: ='Travel Time Savings'!I9+'Travel Time Savings'!I28 -> 8540.6442 | J45: ='Travel Time Savings'!J9+'Travel Time Savings'!J28 -> 9053.3587 | K45: ='Travel Time Savings'!K9+'Travel Time Savings'!K28 -> 9583.1471 | L45: ='Travel Time Savings'!L9+'Travel Time Savings'!L28 -> 10130.009 | ... AS45: ='Travel Time Savings'!AS9+'Travel Time Savings'!AS28 -> 37754.965
A46: ="PREFERRED (With "&'BCA Summary'!$E$1&") total annual truck stopped delay, hrs" -> PREFERRED (With BUILD Grant) total annual truck stopped delay, hrs | D46: =SUM(E46:AS46) -> 267271.73 | E46: ='Travel Time Savings'!E10+'Travel Time Savings'!E29 -> 6660.5262 | F46: ='Travel Time Savings'!F10+'Travel Time Savings'!F29 -> 7104.9447 | G46: ='Travel Time Savings'!G10+'Travel Time Savings'!G29 -> 7566.4373 | H46: ='Travel Time Savings'!H10+'Travel Time Savings'!H29 -> 8045.0038 | I46: ='Travel Time Savings'!I10+'Travel Time Savings'!I29 -> 8540.6442 | J46: ='Travel Time Savings'!J10+'Travel Time Savings'!J29 -> 9053.3587 | K46: ='Travel Time Savings'!K10+'Travel Time Savings'!K29 -> 9583.1471 | L46: ='Travel Time Savings'!L10+'Travel Time Savings'!L29 -> 10130.009 | ... AS46: ='Travel Time Savings'!AS10+'Travel Time Savings'!AS29 -> 5535.5771
A47: DIFFERENCE | D47: =SUM(E47:AS47) -> 552241.59 | E47: =E45-E46 -> 0 | F47: =F45-F46 -> 0 | G47: =G45-G46 -> 0 | H47: =H45-H46 -> 0 | I47: =I45-I46 -> 0 | J47: =J45-J46 -> 0 | K47: =K45-K46 -> 0 | L47: =L45-L46 -> 0 | ... AS47: =AS45-AS46 -> 32219.388
A49: Regional Annual Passenger Vehicle Travel Time (vehicle-hours)
A50: ="BASELINE (No "&'BCA Summary'!$E$1&") total annual passenger vehicle stopped delay, hrs" -> BASELINE (No BUILD Grant) total annual passenger vehicle stopped delay, hrs | D50: =SUM(E50:AS50) -> 17646962 | E50: ='Travel Time Savings'!E13+'Travel Time Savings'!E32 -> 158578.03 | F50: ='Travel Time Savings'!F13+'Travel Time Savings'!F32 -> 172391.78 | G50: ='Travel Time Savings'!G13+'Travel Time Savings'!G32 -> 186188.45 | H50: ='Travel Time Savings'!H13+'Travel Time Savings'!H32 -> 199968.05 | I50: ='Travel Time Savings'!I13+'Travel Time Savings'!I32 -> 213730.57 | J50: ='Travel Time Savings'!J13+'Travel Time Savings'!J32 -> 227476.02 | K50: ='Travel Time Savings'!K13+'Travel Time Savings'!K32 -> 241204.4 | L50: ='Travel Time Savings'!L13+'Travel Time Savings'!L32 -> 254915.7 | ... AS50: ='Travel Time Savings'!AS13+'Travel Time Savings'!AS32 -> 697810.14
A51: ="PREFERRED (With "&'BCA Summary'!$E$1&") total annual passenger vehicle stopped delay, hrs" -> PREFERRED (With BUILD Grant) total annual passenger vehicle stopped delay, hrs | D51: =SUM(E51:AS51) -> 5248533.5 | E51: ='Travel Time Savings'!E14+'Travel Time Savings'!E33 -> 158578.03 | F51: ='Travel Time Savings'!F14+'Travel Time Savings'!F33 -> 172391.78 | G51: ='Travel Time Savings'!G14+'Travel Time Savings'!G33 -> 186188.45 | H51: ='Travel Time Savings'!H14+'Travel Time Savings'!H33 -> 199968.05 | I51: ='Travel Time Savings'!I14+'Travel Time Savings'!I33 -> 213730.57 | J51: ='Travel Time Savings'!J14+'Travel Time Savings'!J33 -> 227476.02 | K51: ='Travel Time Savings'!K14+'Travel Time Savings'!K33 -> 241204.4 | L51: ='Travel Time Savings'!L14+'Travel Time Savings'!L33 -> 254915.7 | ... AS51: ='Travel Time Savings'!AS14+'Travel Time Savings'!AS33 -> 69907.077
A52: DIFFERENCE | D52: =SUM(E52:AS52) -> 12398428 | E52: =E50-E51 -> 0 | F52: =F50-F51 -> 0 | G52: =G50-G51 -> 0 | H52: =H50-H51 -> 0 | I52: =I50-I51 -> 0 | J52: =J50-J51 -> 0 | K52: =K50-K51 -> 0 | L52: =L50-L51 -> 0 | ... AS52: =AS50-AS51 -> 627903.07
C54: TOTAL PROJECT DELAY SAVINGS --------> | D54: =D47+D52 -> 12950670 | O54: =O47+O52 -> 0 | T54: =T47+T52 -> 335182.57 | Y54: =Y47+Y52 -> 400620.73 | AD54: =AD47+AD52 -> 465833.8 | AI54: =AI47+AI52 -> 530821.77 | AN54: =AN47+AN52 -> 595584.66 | AS54: =AS47+AS52 -> 660122.45
D55: =D54/30 -> 431689
A56: Sustainability
A57: Air Quality (short tons per year of NOx)
A58: ="BASELINE (No "&'BCA Summary'!$E$1&" Grant) annual short tons of NOx" -> BASELINE (No BUILD Grant Grant) annual short tons of NOx | D58: =SUM(E58:AS58) -> 10.047396 | E58: ='Emissions Reductions'!E17+'Emissions Reductions'!E33 -> 0.11353837 | F58: ='Emissions Reductions'!F17+'Emissions Reductions'!F33 -> 0.12102326 | G58: ='Emissions Reductions'!G17+'Emissions Reductions'!G33 -> 0.12814625 | H58: ='Emissions Reductions'!H17+'Emissions Reductions'!H33 -> 0.13489106 | I58: ='Emissions Reductions'!I17+'Emissions Reductions'!I33 -> 0.1412414 | J58: ='Emissions Reductions'!J17+'Emissions Reductions'!J33 -> 0.14718098 | K58: ='Emissions Reductions'!K17+'Emissions Reductions'!K33 -> 0.15269352 | L58: ='Emissions Reductions'!L17+'Emissions Reductions'!L33 -> 0.15776273 | ... AS58: ='Emissions Reductions'!AS17+'Emissions Reductions'!AS33 -> 0.44268487
A59: ="PREFERRED (With "&'BCA Summary'!$E$1&" Grant) annual short tons of Nox" -> PREFERRED (With BUILD Grant Grant) annual short tons of Nox | D59: =SUM(E59:AS59) -> 3.8108213 | E59: ='Emissions Reductions'!E18+'Emissions Reductions'!E34 -> 0.11353837 | F59: ='Emissions Reductions'!F18+'Emissions Reductions'!F34 -> 0.12102326 | G59: ='Emissions Reductions'!G18+'Emissions Reductions'!G34 -> 0.12814625 | H59: ='Emissions Reductions'!H18+'Emissions Reductions'!H34 -> 0.13489106 | I59: ='Emissions Reductions'!I18+'Emissions Reductions'!I34 -> 0.1412414 | J59: ='Emissions Reductions'!J18+'Emissions Reductions'!J34 -> 0.14718098 | K59: ='Emissions Reductions'!K18+'Emissions Reductions'!K34 -> 0.15269352 | L59: ='Emissions Reductions'!L18+'Emissions Reductions'!L34 -> 0.15776273 | ... AS59: ='Emissions Reductions'!AS18+'Emissions Reductions'!AS34 -> 0.072425609
A60: DIFFERENCE (Annual short tons of NOx Savings) | D60: =SUM(E60:AS60) -> 6.2365745 | E60: =E58-E59 -> 0 | F60: =F58-F59 -> 0 | G60: =G58-G59 -> 0 | H60: =H58-H59 -> 0 | I60: =I58-I59 -> 0 | J60: =J58-J59 -> 0 | K60: =K58-K59 -> 0 | L60: =L58-L59 -> 0 | ... AS60: =AS58-AS59 -> 0.37025926
A62: Air Quality (short tons per year of SO2)
A63: ="BASELINE (No "&'BCA Summary'!$E$1&" Grant) annual short tons of SO2" -> BASELINE (No BUILD Grant Grant) annual short tons of SO2 | D63: =SUM(E63:AS63) -> 0.075363534 | E63: ='Emissions Reductions'!E22+'Emissions Reductions'!E38 -> 0.00072593435 | F63: ='Emissions Reductions'!F22+'Emissions Reductions'!F38 -> 0.00080627752 | G63: ='Emissions Reductions'!G22+'Emissions Reductions'!G38 -> 0.00088290767 | H63: ='Emissions Reductions'!H22+'Emissions Reductions'!H38 -> 0.00095582312 | I63: ='Emissions Reductions'!I22+'Emissions Reductions'!I38 -> 0.0010250222 | J63: ='Emissions Reductions'!J22+'Emissions Reductions'!J38 -> 0.0010905031 | K63: ='Emissions Reductions'!K22+'Emissions Reductions'!K38 -> 0.0011522643 | L63: ='Emissions Reductions'!L22+'Emissions Reductions'!L38 -> 0.001210304 | ... AS63: ='Emissions Reductions'!AS22+'Emissions Reductions'!AS38 -> 0.0029301806
A64: ="PREFERRED (With "&'BCA Summary'!$E$1&" Grant) annual short tons of SO2" -> PREFERRED (With BUILD Grant Grant) annual short tons of SO2 | D64: =SUM(E64:AS64) -> 0.025687672 | E64: ='Emissions Reductions'!E23+'Emissions Reductions'!E39 -> 0.00072593435 | F64: ='Emissions Reductions'!F23+'Emissions Reductions'!F39 -> 0.00080627752 | G64: ='Emissions Reductions'!G23+'Emissions Reductions'!G39 -> 0.00088290767 | H64: ='Emissions Reductions'!H23+'Emissions Reductions'!H39 -> 0.00095582312 | I64: ='Emissions Reductions'!I23+'Emissions Reductions'!I39 -> 0.0010250222 | J64: ='Emissions Reductions'!J23+'Emissions Reductions'!J39 -> 0.0010905031 | K64: ='Emissions Reductions'!K23+'Emissions Reductions'!K39 -> 0.0011522643 | L64: ='Emissions Reductions'!L23+'Emissions Reductions'!L39 -> 0.001210304 | ... AS64: ='Emissions Reductions'!AS23+'Emissions Reductions'!AS39 -> 0.00038137158
A65: DIFFERENCE (Annual short tons of SO2 Savings) | D65: =SUM(E65:AS65) -> 0.049675862 | E65: =E63-E64 -> 0 | F65: =F63-F64 -> 0 | G65: =G63-G64 -> 0 | H65: =H63-H64 -> 0 | I65: =I63-I64 -> 0 | J65: =J63-J64 -> 0 | K65: =K63-K64 -> 0 | L65: =L63-L64 -> 0 | ... AS65: =AS63-AS64 -> 0.002548809
A67: Air Quality (short tons per year of PM)
A68: ="BASELINE (No "&'BCA Summary'!$E$1&" Grant) annual short tons of PM 2.5" -> BASELINE (No BUILD Grant Grant) annual short tons of PM 2.5 | D68: =SUM(E68:AS68) -> 0.1109986 | E68: ='Emissions Reductions'!E27+'Emissions Reductions'!E43 -> 0.0027454191 | F68: ='Emissions Reductions'!F27+'Emissions Reductions'!F43 -> 0.0028613241 | G68: ='Emissions Reductions'!G27+'Emissions Reductions'!G43 -> 0.0029606877 | H68: ='Emissions Reductions'!H27+'Emissions Reductions'!H43 -> 0.0030422253 | I68: ='Emissions Reductions'!I27+'Emissions Reductions'!I43 -> 0.0031046523 | J68: ='Emissions Reductions'!J27+'Emissions Reductions'!J43 -> 0.0031466844 | K68: ='Emissions Reductions'!K27+'Emissions Reductions'!K43 -> 0.0031670369 | L68: ='Emissions Reductions'!L27+'Emissions Reductions'!L43 -> 0.0031644253 | ... AS68: ='Emissions Reductions'!AS27+'Emissions Reductions'!AS43 -> 0.0032887217
A69: ="PREFERRED (With "&'BCA Summary'!$E$1&" Grant) annual short tons of PM 2.5" -> PREFERRED (With BUILD Grant Grant) annual short tons of PM 2.5 | D69: =SUM(E69:AS69) -> 0.05516465 | E69: ='Emissions Reductions'!E28+'Emissions Reductions'!E44 -> 0.0027454191 | F69: ='Emissions Reductions'!F28+'Emissions Reductions'!F44 -> 0.0028613241 | G69: ='Emissions Reductions'!G28+'Emissions Reductions'!G44 -> 0.0029606877 | H69: ='Emissions Reductions'!H28+'Emissions Reductions'!H44 -> 0.0030422253 | I69: ='Emissions Reductions'!I28+'Emissions Reductions'!I44 -> 0.0031046523 | J69: ='Emissions Reductions'!J28+'Emissions Reductions'!J44 -> 0.0031466844 | K69: ='Emissions Reductions'!K28+'Emissions Reductions'!K44 -> 0.0031670369 | L69: ='Emissions Reductions'!L28+'Emissions Reductions'!L44 -> 0.0031644253 | ... AS69: ='Emissions Reductions'!AS28+'Emissions Reductions'!AS44 -> 0.00047288554
A70: DIFFERENCE (Annual short tons of PM 2.5 Savings) | D70: =SUM(E70:AS70) -> 0.055833949 | E70: =E68-E69 -> 0 | F70: =F68-F69 -> 0 | G70: =G68-G69 -> 0 | H70: =H68-H69 -> 0 | I70: =I68-I69 -> 0 | J70: =J68-J69 -> 0 | K70: =K68-K69 -> 0 | L70: =L68-L69 -> 0 | ... AS70: =AS68-AS69 -> 0.0028158362
A72: Assumptions for Monetizing Benefits
A73: Safety
A74: Vehicle Crash Valuation
A75: Avoided Crash Value | D75: ='BCA Summary'!$C$37&"$" -> 2024$
B76: PDO, Monetization per vehicle in PDO Crash | D76: =D77/D78 -> 5480.226
C77: PDO Crash Monetized Value | D77: 9700 | F77: Source: The Economic and Societal Impact of Motor Vehicle Crashes, 2019 (Revised February 2023), inflated to 2022$
C78: Assumed vehicles per crash | D78: 1.77 | F78: Source: The Economic and Societal Impact of Motor Vehicle Crashes, 2019 (Revised February 2023), inflated to 2022$
B79: Injury Crash, per injury | D79: =D80/D81 -> 237777.78
C80: Injury Crash Monetized Value | D80: 342400 | F80: Source: Treatment of the Economic Value of Preventing Fatalities and Injuries in Preparing Economic Analyses (2022)
C81: Assumed injuries per crash | D81: 1.44 | F81: Source: Treatment of the Economic Value of Preventing Fatalities and Injuries in Preparing Economic Analyses (2022)
B82: Fatal Crash, per fatality | D82: =D83/D84 -> 14098073
C83: Injury Crash Monetized Value | D83: 15366900 | F83: Source: Treatment of the Economic Value of Preventing Fatalities and Injuries in Preparing Economic Analyses (2022)
C84: Assumed fatalities per crash | D84: 1.09 | F84: Source: Treatment of the Economic Value of Preventing Fatalities and Injuries in Preparing Economic Analyses (2022)
A85: Rail Crossing Crash Valuation
A86: Comprehensive Costs of Highway-Rail Grade Crossing Costs | F86: Source: NCHRP Report 755 | I86: Crash Cost = Predicted Crashes * (Primary Effect Costs Per Crash + Secondary Effect Costs per Crash)
B87: Primary Effect Costs Per Crash = (Cost per Casualty * Average # of Casualties) + Property Damage Per Crash
D88: ='BCA Summary'!$C$37&"$" -> 2024$
C89: PDO | D89: =D76 -> 5480.226 | F89: =F77 -> Source: The Economic and Societal Impact of Motor Vehicle Crashes, 2019 (Revised February 2023), inflated to 2022$
C90: Injury (U - Injured, Severity Unknown) | D90: =D79 -> 237777.78 | F90: =F80 -> Source: Treatment of the Economic Value of Preventing Fatalities and Injuries in Preparing Economic Analyses (2022)
C91: Fatal Accident | D91: =D82 -> 14098073 | F91: =F83 -> Source: Treatment of the Economic Value of Preventing Fatalities and Injuries in Preparing Economic Analyses (2022)
B92: Property Damage Per Crash | D92: ='BCA Summary'!$C$37&"$" -> 2024$ | E92: 2011 $
C93: Fatal | D93: =E93*D99 -> 11625.82 | E93: 8486 | F93: Source: NCHRP Report 755, Table 7. Highway vehicle property damage at grade cossing crashes, 2009-2011
C94: Non-Fatal Injury | D94: =E94*D99 -> 16038.59 | E94: 11707 | F94: Source: NCHRP Report 755, Table 7. Highway vehicle property damage at grade cossing crashes, 2009-2011
C95: PDO | D95: =E95*D99 -> 10409.26 | E95: 7598 | F95: Source: NCHRP Report 755, Table 7. Highway vehicle property damage at grade cossing crashes, 2009-2011
C96: Average Rail Equipment Damage | D96: =E96*D99 -> 92925.73 | E96: 67829 | F96: Source: NCHRP Report 755, Table 8 FRA data for grade crossings with reported rail damages, 2009-2011 ($)
C97: Average Rail Infrastructure Damage | D97: =E97*D99 -> 22842.01 | E97: 16673 | F97: Source: NCHRP Report 755, Table 8 FRA data for grade crossings with reported rail damages, 2009-2011 ($)
C98: Inflation Adjustment Value | D98: ="Multiplier to Adjust to Real "&'BCA Summary'!C37&"$" -> Multiplier to Adjust to Real 2024$
D99: 1.37 | E99: 2011 | F99: Source: Bureau of Economic Analysis, National Income and Product Accounts, Table 1.1.9, “Implicit Price Deflators for Gross Domestic Product” (September 2025)
A100: Avoided Crash Value (Primary Effects Only) | D100: ='BCA Summary'!$C$37&"$" -> 2024$
B101: PDO | D101: =D89+D95+D96+D97 -> 131657.23 | F101: Per NCHRP 755, Primary Effect Costs Per Crash = (Cost per Casualty * Average # of Casualties) + Property Damage Per Crash
B102: Injury | D102: =D90+D94+D96+D97 -> 369584.11 | F102: Per NCHRP 755, Primary Effect Costs Per Crash = (Cost per Casualty * Average # of Casualties) + Property Damage Per Crash
B103: Fatal Accident | D103: =D91+D93+D96+D97 -> 14225467 | F103: Per NCHRP 755, Primary Effect Costs Per Crash = (Cost per Casualty * Average # of Casualties) + Property Damage Per Crash
A105: Economic Competiveness
B106: Value of Travel Time Savings - Private Vehicle Travel | D106: ='BCA Summary'!$C$37&"$" -> 2024$
C107: Personal | D107: 20.1 | F107: Source: Revised Departmental Guidance on Valuation of Travel Time in Economic Analysis, 2016 (inflated to 2022$)
C108: Business | D108: 34.6 | F108: Source: Revised Departmental Guidance on Valuation of Travel Time in Economic Analysis, 2016 (inflated to 2022$)
C109: All Purposes | D109: 21.8 | F109: Source: Revised Departmental Guidance on Valuation of Travel Time in Economic Analysis, 2016 (inflated to 2022$)
B110: Value of Travel Time Savings - Walking, Cycling, Waiting, Standing, and Transfer Time | D110: ='BCA Summary'!$C$37&"$" -> 2024$
C111: Walking, Cycling, Waiting, Standing, and Transfer Time | D111: 40.2 | F111: Source: Revised Departmental Guidance on Valuation of Travel Time in Economic Analysis, 2016 (inflated to 2022$)
B112: Value of Travel Time Savings - Commercial Vehicle Operators | D112: ='BCA Summary'!$C$37&"$" -> 2024$
C113: Truck Drivers | D113: 37.2 | F113: Source: Revised Departmental Guidance on Valuation of Travel Time in Economic Analysis, 2016 (inflated to 2022$)
C114: Bus Drivers | D114: 40.3 | F114: Source: Revised Departmental Guidance on Valuation of Travel Time in Economic Analysis, 2016 (inflated to 2022$)
C115: Transit Rail Operators | D115: 59.5 | F115: Source: Revised Departmental Guidance on Valuation of Travel Time in Economic Analysis, 2016 (inflated to 2022$)
...

Sheet Timeline & Costs
A1: Timeline & Project Costs
A2: ='BCA Summary'!A2 -> US 85/120th Avenue Grade-Separation and Interchange Project
A4: Design & Construction Schedule
E6: 2003 | F6: 2011 | G6: 2017 | H6: 2018 | I6: 2019 | J6: 2020 | K6: 2021 | L6: 2022 | M6: 2023 | N6: 2024 | O6: 2025 | P6: 2026 | Q6: 2027 | R6: 2028 | S6: 2029 | T6: 2030 | U6: 2031 | V6: 2032 | W6: 2033 | X6: 2034 | Y6: 2035 | Z6: 2036 | AA6: 2037 | AB6: 2038 | AC6: 2039 | AD6: 2040 | AE6: 2041 | AF6: 2042 | AG6: 2043 | AH6: 2044 | AI6: 2045 | AJ6: 2046 | AK6: 2047 | AL6: 2048 | AM6: 2049 | AN6: 2050 | AO6: 2051 | AP6: 2052 | AQ6: 2053 | AR6: 2054 | AS6: 2055
A7: ="BASELINE (No "&'BCA Summary'!E1&")" -> BASELINE (No BUILD Grant)
B8: Benefits | E8: No | F8: No | G8: No | H8: No | I8: No | J8: No | K8: No | L8: No | M8: No | N8: No | O8: No | P8: No | Q8: No | R8: No | S8: No | T8: No | U8: No | V8: No | W8: No | X8: No | Y8: No | Z8: No | AA8: No | AB8: No | AC8: No | AD8: No | AE8: No | AF8: No | AG8: No | AH8: No | AI8: No | AJ8: No | AK8: No | AL8: No | AM8: No | AN8: No | AO8: No | AP8: No | AQ8: No | AR8: No | AS8: No
A10: ="PREFERRED (With "&'BCA Summary'!E1&")" -> PREFERRED (With BUILD Grant)
A11: ='BCA Summary'!A2 -> US 85/120th Avenue Grade-Separation and Interchange Project
B12: Activity | G12: NEPA/Design | I12: Design/ROW | J12: Design | K12: Design | L12: Design | M12: Design | Q12: Construction | T12: Benefits Begin
E13: ROW | L13: ROW | P13: ROW
G14: Conceptual Design | O14: Prelim. Engineering & NEPA
P15: Final Design & Construction Engineering
G16: NEPA
B17: Benefits | H17: No | I17: No | J17: No | K17: No | L17: No | M17: No | N17: No | O17: No | P17: No | Q17: No | R17: No | S17: No | T17: Yes | U17: Yes | V17: Yes | W17: Yes | X17: Yes | Y17: Yes | Z17: Yes | AA17: Yes | AB17: Yes | AC17: Yes | AD17: Yes | AE17: Yes | AF17: Yes | AG17: Yes | AH17: Yes | AI17: Yes | AJ17: Yes | AK17: Yes | AL17: Yes | AM17: Yes | AN17: Yes | AO17: Yes | AP17: Yes | AQ17: Yes | AR17: Yes | AS17: Yes
B18: Project Costs, 2022$ | D18: =SUM(E18:AF18) -> 1.5608584e+08 | H18: =SUM(E27:H27,E36:H36,E41:H41,E43:H43,E45:H45) -> 2757323.9 | I18: =SUM(I27,I36,I41,I43,I45) -> 1142627.2 | J18: =SUM(J27,J36,J41,J43,J45) -> 173499.62 | K18: =SUM(K27,K36,K41,K43,K45) -> 0 | L18: =SUM(L27,L36,L41,L43,L45) -> 2385000 | M18: =SUM(M27,M36,M41,M43,M45) -> 4080000 | N18: =SUM(N27,N36,N41,N43,N45) -> 0 | O18: =SUM(O27,O36,O41,O43,O45) -> 587760 | P18: =SUM(P27,P36,P41,P43,P45) -> 4706414 | ... T18: =SUM(T27,T36,T41,T43,T45) -> 0
H19: *ALL COSTS INCURRED PRIOR TO 2018 HAVE BEEN INCLUDED IN 2018 TOTALS
A21: Projected Costs - Please see Appendix A for detailed proposed cost estimates
E22: 2003 | F22: 2011 | G22: 2017 | H22: 2018 | I22: 2019 | J22: 2020 | K22: 2021 | L22: 2022 | M22: 2023 | N22: 2024 | O22: 2025 | P22: 2026 | Q22: 2027 | R22: 2028 | S22: 2029 | T22: 2030
A23: Multiplier to Adjust to Real 2024$ | E23: =L25*L23 -> 1.6218 | F23: 1.37 | G23: 1.25 | H23: 1.23 | I23: 1.21 | J23: 1.19 | K23: 1.14 | L23: 1.06 | M23: 1.02 | N23: 1 | O23: 1 | P23: 1 | Q23: 1 | R23: 1 | S23: 1 | T23: 1
B24: Source: Bureau of Economic Analysis, National Income and Product Accounts, Table 1.1.9, “Implicit Price Deflators for Gross Domestic Product” (October 2023) used to calculate 2003$ to 2022$, and then increased to 2024$ using September 2025 multipliers
B25: Source: Bureau of Economic Analysis, National Income and Product Accounts, Table 1.1.9, “Implicit Price Deflators for Gross Domestic Product” (September 2025) | J25: 2003$ to 2022$ | L25: 1.53
A26: Construction | Q26: 5000000 | R26: =(E49-Q26)/2 -> 47647700 | S26: =R26 -> 47647700
C27: TOTAL CONSTRUCTION EXPENDITURES, BY YEAR (2024$) | E27: =SUM(E26)*E23 -> 0 | F27: =SUM(F26)*F23 -> 0 | G27: =SUM(G26)*G23 -> 0 | H27: =SUM(H26)*H23 -> 0 | I27: =SUM(I26)*I23 -> 0 | J27: =SUM(J26)*J23 -> 0 | K27: =SUM(K26)*K23 -> 0 | L27: =SUM(L26)*L23 -> 0 | ... S27: =SUM(S26)*S23 -> 47647700
A28: ROW Acquisitions
B29: 2003 Previous ROW Acquisition, 2003$ | E29: 494270
B30: 2011 Previous ROW Acquisition, 2011$ | F30: 432153
B31: AP-389 - Hanson - 11001 E. 120th Ave., 2022$ | L31: 1210000
B32: AP-412 - Hillje - 12265 Highway 85, 2022$ | L32: 1040000
B33: AP-385 - Thoms - 11010 E. 120th Ave. | M33: 4000000
B34: Future ROW Acquisitions (CRISI) | P34: 1000000 | Q34: 4000000
B35: Future ROW Acquisitions | Q35: 14000000 | R35: 14000000
C36: TOTAL ROW EXPENDITURES, BY YEAR (2024$) | E36: =SUM(E29:E35)*E23 -> 801607.09 | F36: =SUM(F29:F35)*F23 -> 592049.61 | G36: =SUM(G29:G35)*G23 -> 0 | H36: =SUM(H29:H35)*H23 -> 0 | I36: =SUM(I29:I35)*I23 -> 0 | J36: =SUM(J29:J35)*J23 -> 0 | K36: =SUM(K29:K35)*K23 -> 0 | L36: =SUM(L29:L35)*L23 -> 2385000 | ... S36: =SUM(S29:S35)*S23 -> 0
A37: Conceptual Design & Preliminary Engineering
B38: Consultant Design & NEPA | G38: 104400 | H38: 320480 | I38: 710720 | O38: 587760 | P38: =3321034-O38 -> 2733274
B39: UPRR Design | H39: 36000 | P39: 36000
B40: CDOT Design | G40: 63000 | H40: 63000 | I40: 126000
C41: TOTAL CON. DESIGN / PRELIM ENG EXPENDITURES, BY YEAR (2024$) | E41: =SUM(E38:E40)*E23 -> 0 | F41: =SUM(F38:F40)*F23 -> 0 | G41: =SUM(G38:G40)*G23 -> 209250 | H41: =SUM(H38:H40)*H23 -> 515960.4 | I41: =SUM(I38:I40)*I23 -> 1012431.2 | J41: =SUM(J38:J40)*J23 -> 0 | K41: =SUM(K38:K40)*K23 -> 0 | L41: =SUM(L38:L40)*L23 -> 0 | ... S41: =SUM(S38:S40)*S23 -> 0
A42: Final Design & Construction Engineering | P42: =1874280/2 -> 937140 | Q42: =1874280/2+1000000 -> 1937140 | R42: =6020678/2 -> 3010339 | S42: =6020678/2 -> 3010339
C43: TOTAL FINAL DESIGN & CONST. ENG. EXPENDITURES, BY YEAR (2024$) | E43: =E42*E23 -> 0 | F43: =F42*F23 -> 0 | G43: =G42*G23 -> 0 | H43: =H42*H23 -> 0 | I43: =I42*I23 -> 0 | J43: =J42*J23 -> 0 | K43: =K42*K23 -> 0 | L43: =L42*L23 -> 0 | ... S43: =S42*S23 -> 3010339
A44: NEPA Project Costs | G44: 154400 | H44: 362160 | I44: 107600 | J44: 145798
C45: TOTAL NEPA EXPENDITURES, BY YEAR (2024$) | E45: =E44*E23 -> 0 | F45: =F44*F23 -> 0 | G45: =G44*G23 -> 193000 | H45: =H44*H23 -> 445456.8 | I45: =I44*I23 -> 130196 | J45: =J44*J23 -> 173499.62 | K45: =K44*K23 -> 0 | L45: =L44*L23 -> 0 | ... S45: =S44*S23 -> 0
A49: TOTAL CONSTRUCTION EXPENDITURES, (2024$) | E49: 100295401
A52: ROW Acquisitions
B53: Remaining CRISI ROW Acquisition | E53: 5000000
B54: Railroad Right-of-Way / Easements | E54: 25000000
B55: Right-of-Way / Permanent & Temporary Easements | E55: 3000000
E57: 2024 | F57: 2025 | G57: 2026 | H57: 2027 | I57: 2028 | J57: 2029 | K57: Total
C58: NEPA | E58: =SUM(E45:N45) -> 942152.42 | F58: =O45 -> 0 | G58: =P45 -> 0 | H58: =Q45 -> 0 | I58: =R45 -> 0 | J58: =S45 -> 0 | K58: =SUM(E58:J58) -> 942152.42
C59: ROW | E59: =SUM(E36:N36) -> 7858656.7 | F59: =O36 -> 0 | G59: =P36 -> 1000000 | H59: =Q36 -> 18000000 | I59: =R36 -> 14000000 | J59: =S36 -> 0 | K59: =SUM(E59:J59) -> 40858657
C60: Conceptual Design & Preliminary Engineering | E60: =SUM(E41:N41) -> 1737641.6 | F60: =O41 -> 587760 | G60: =P41 -> 2769274 | H60: =Q41 -> 0 | I60: =R41 -> 0 | J60: =S41 -> 0 | K60: =SUM(E60:J60) -> 5094675.6
C61: Final Design & Construction Engineering | E61: =SUM(E43:N43) -> 0 | F61: =O43 -> 0 | G61: =P43 -> 937140 | H61: =Q43 -> 1937140 | I61: =R43 -> 3010339 | J61: =S43 -> 3010339 | K61: =SUM(E61:J61) -> 8894958
C62: Construction | E62: =SUM(E27:N27) -> 0 | F62: =O27 -> 0 | G62: =P27 -> 0 | H62: =Q27 -> 5000000 | I62: =R27 -> 47647700 | J62: =S27 -> 47647700 | K62: =SUM(E62:J62) -> 100295401
C63: Total | E63: =SUM(E58:E62) -> 10538451 | F63: =SUM(F58:F62) -> 587760 | G63: =SUM(G58:G62) -> 4706414 | H63: =SUM(H58:H62) -> 24937140 | I63: =SUM(I58:I62) -> 64658040 | J63: =SUM(J58:J62) -> 50658040 | K63: =SUM(K58:K62) -> 1.5608584e+08

Sheet Safety - Veh
A1: Safety - Vehicle
A2: ='BCA Summary'!A2 -> US 85/120th Avenue Grade-Separation and Interchange Project
E4: ='Summary of Benefits'!E4 -> 2015 | F4: ='Summary of Benefits'!F4 -> 2016 | G4: ='Summary of Benefits'!G4 -> 2017 | H4: ='Summary of Benefits'!H4 -> 2018 | I4: ='Summary of Benefits'!I4 -> 2019 | J4: ='Summary of Benefits'!J4 -> 2020 | K4: ='Summary of Benefits'!K4 -> 2021 | L4: ='Summary of Benefits'!L4 -> 2022 | ... AS4: ='Summary of Benefits'!AS4 -> 2055
A5: ='Timeline & Costs'!A11 -> US 85/120th Avenue Grade-Separation and Interchange Project
B6: ="Baseline (No "&'BCA Summary'!E1&") Benefits" -> Baseline (No BUILD Grant) Benefits | E6: ='Timeline & Costs'!E$8 -> No | F6: ='Timeline & Costs'!F$8 -> No | G6: ='Timeline & Costs'!G$8 -> No | H6: ='Timeline & Costs'!H$8 -> No | I6: ='Timeline & Costs'!I$8 -> No | J6: ='Timeline & Costs'!J$8 -> No | K6: ='Timeline & Costs'!K$8 -> No | L6: ='Timeline & Costs'!L$8 -> No | ... AS6: ='Timeline & Costs'!AS$8 -> No
B7: ="Preferred (With "&'BCA Summary'!E1&") Benefits" -> Preferred (With BUILD Grant) Benefits | E7: ='Timeline & Costs'!E17 -> 0 | F7: ='Timeline & Costs'!F17 -> 0 | G7: ='Timeline & Costs'!G17 -> 0 | H7: ='Timeline & Costs'!H17 -> No | I7: ='Timeline & Costs'!I17 -> No | J7: ='Timeline & Costs'!J17 -> No | K7: ='Timeline & Costs'!K17 -> No | L7: ='Timeline & Costs'!L17 -> No | ... AS7: ='Timeline & Costs'!AS17 -> Yes
A9: 120th Avenue Interchange
B10: ="BASELINE (No "&'BCA Summary'!$E$1&") total annual entering volume" -> BASELINE (No BUILD Grant) total annual entering volume | E10: =$G10+(($AD10-$G10)/($AD$4-$G$4))*(E$4-$G$4) -> 18793500 | F10: =$G10+(($AD10-$G10)/($AD$4-$G$4))*(F$4-$G$4) -> 19108500 | G10: =(N55+O55)*$E$52 -> 19423500 | H10: =$G10+(($AD10-$G10)/($AD$4-$G$4))*(H$4-$G$4) -> 19738500 | I10: =$G10+(($AD10-$G10)/($AD$4-$E$4))*(I$4-$E$4) -> 20582700 | J10: =$G10+(($AD10-$G10)/($AD$4-$E$4))*(J$4-$E$4) -> 20872500 | K10: =$G10+(($AD10-$G10)/($AD$4-$E$4))*(K$4-$E$4) -> 21162300 | L10: =$G10+(($AD10-$G10)/($AD$4-$E$4))*(L$4-$E$4) -> 21452100 | M10: =$G10+(($AD10-$G10)/($AD$4-$E$4))*(M$4-$E$4) -> 21741900 | N10: =$G10+(($AD10-$G10)/($AD$4-$E$4))*(N$4-$E$4) -> 22031700 | O10: =$G10+(($AD10-$G10)/($AD$4-$E$4))*(O$4-$E$4) -> 22321500 | P10: =$G10+(($AD10-$G10)/($AD$4-$E$4))*(P$4-$E$4) -> 22611300 | ... AC10: =$G10+(($AD10-$G10)/($AD$4-$E$4))*(AC$4-$E$4) -> 26378700 | AD10: =(G68+H68)*E52 -> 26668500 | AE10: =$G10+(($AD10-$G10)/($AD$4-$E$4))*(AE$4-$E$4) -> 26958300 | AF10: =$G10+(($AD10-$G10)/($AD$4-$E$4))*(AF$4-$E$4) -> 27248100 | AG10: =$G10+(($AD10-$G10)/($AD$4-$E$4))*(AG$4-$E$4) -> 27537900 | AH10: =$G10+(($AD10-$G10)/($AD$4-$E$4))*(AH$4-$E$4) -> 27827700 | AI10: =$G10+(($AD10-$G10)/($AD$4-$E$4))*(AI$4-$E$4) -> 28117500 | AJ10: =$G10+(($AD10-$G10)/($AD$4-$E$4))*(AJ$4-$E$4) -> 28407300 | AK10: =$G10+(($AD10-$G10)/($AD$4-$E$4))*(AK$4-$E$4) -> 28697100 | AL10: =$G10+(($AD10-$G10)/($AD$4-$E$4))*(AL$4-$E$4) -> 28986900 | ... AS10: =$G10+(($AD10-$G10)/($AD$4-$E$4))*(AS$4-$E$4) -> 31015500
B11: ="PREFERRED (With "&'BCA Summary'!$E$1&") total annual entering volume" -> PREFERRED (With BUILD Grant) total annual entering volume | E11: =$G11+(($AD11-$G11)/($AD$4-$G$4))*(E$4-$G$4) -> 6349500 | F11: =$G11+(($AD11-$G11)/($AD$4-$G$4))*(F$4-$G$4) -> 6607500 | G11: =(I68+J68)*E52 -> 6865500 | H11: =$G11+(($AD11-$G11)/($AD$4-$G$4))*(H$4-$G$4) -> 7123500 | I11: =$G11+(($AD11-$G11)/($AD$4-$G$4))*(I$4-$G$4) -> 7381500 | J11: =$G11+(($AD11-$G11)/($AD$4-$G$4))*(J$4-$G$4) -> 7639500 | K11: =$G11+(($AD11-$G11)/($AD$4-$G$4))*(K$4-$G$4) -> 7897500 | L11: =$G11+(($AD11-$G11)/($AD$4-$G$4))*(L$4-$G$4) -> 8155500 | M11: =$G11+(($AD11-$G11)/($AD$4-$G$4))*(M$4-$G$4) -> 8413500 | N11: =$G11+(($AD11-$G11)/($AD$4-$G$4))*(N$4-$G$4) -> 8671500 | O11: =$G11+(($AD11-$G11)/($AD$4-$G$4))*(O$4-$G$4) -> 8929500 | ... AC11: =$G11+(($AD11-$G11)/($AD$4-$G$4))*(AC$4-$G$4) -> 12541500 | AD11: =(K68+L68)*E52 -> 12799500 | AE11: =$G11+(($AD11-$G11)/($AD$4-$E$4))*(AE$4-$E$4) -> 13036860 | AF11: =$G11+(($AD11-$G11)/($AD$4-$E$4))*(AF$4-$E$4) -> 13274220 | AG11: =$G11+(($AD11-$G11)/($AD$4-$E$4))*(AG$4-$E$4) -> 13511580 | AH11: =$G11+(($AD11-$G11)/($AD$4-$E$4))*(AH$4-$E$4) -> 13748940 | AI11: =$G11+(($AD11-$G11)/($AD$4-$E$4))*(AI$4-$E$4) -> 13986300 | AJ11: =$G11+(($AD11-$G11)/($AD$4-$E$4))*(AJ$4-$E$4) -> 14223660 | AK11: =$G11+(($AD11-$G11)/($AD$4-$E$4))*(AK$4-$E$4) -> 14461020 | AL11: =$G11+(($AD11-$G11)/($AD$4-$E$4))*(AL$4-$E$4) -> 14698380 | ... AS11: =$G11+(($AD11-$G11)/($AD$4-$E$4))*(AS$4-$E$4) -> 16359900
A13: 124th Avenue Intersection
B14: ="BASELINE (No "&'BCA Summary'!$E$1&") total annual entering volume" -> BASELINE (No BUILD Grant) total annual entering volume | E14: =$G14+(($AD14-$G14)/($AD$4-$G$4))*(E$4-$G$4) -> 13450500 | F14: =$G14+(($AD14-$G14)/($AD$4-$G$4))*(F$4-$G$4) -> 13849500 | G14: =(N56+O56)*E52 -> 14248500 | H14: =$G14+(($AD14-$G14)/($AD$4-$G$4))*(H$4-$G$4) -> 14647500 | I14: =$G14+(($AD14-$G14)/($AD$4-$E$4))*(I$4-$E$4) -> 15716820 | J14: =$G14+(($AD14-$G14)/($AD$4-$E$4))*(J$4-$E$4) -> 16083900 | K14: =$G14+(($AD14-$G14)/($AD$4-$E$4))*(K$4-$E$4) -> 16450980 | L14: =$G14+(($AD14-$G14)/($AD$4-$E$4))*(L$4-$E$4) -> 16818060 | M14: =$G14+(($AD14-$G14)/($AD$4-$E$4))*(M$4-$E$4) -> 17185140 | N14: =$G14+(($AD14-$G14)/($AD$4-$E$4))*(N$4-$E$4) -> 17552220 | O14: =$G14+(($AD14-$G14)/($AD$4-$E$4))*(O$4-$E$4) -> 17919300 | P14: =$G14+(($AD14-$G14)/($AD$4-$E$4))*(P$4-$E$4) -> 18286380 | ... AC14: =$G14+(($AD14-$G14)/($AD$4-$E$4))*(AC$4-$E$4) -> 23058420 | AD14: =(Q68+R68)*E52 -> 23425500 | AE14: =$G14+(($AD14-$G14)/($AD$4-$E$4))*(AE$4-$E$4) -> 23792580 | AF14: =$G14+(($AD14-$G14)/($AD$4-$E$4))*(AF$4-$E$4) -> 24159660 | AG14: =$G14+(($AD14-$G14)/($AD$4-$E$4))*(AG$4-$E$4) -> 24526740 | AH14: =$G14+(($AD14-$G14)/($AD$4-$E$4))*(AH$4-$E$4) -> 24893820 | AI14: =$G14+(($AD14-$G14)/($AD$4-$E$4))*(AI$4-$E$4) -> 25260900 | AJ14: =$G14+(($AD14-$G14)/($AD$4-$E$4))*(AJ$4-$E$4) -> 25627980 | AK14: =$G14+(($AD14-$G14)/($AD$4-$E$4))*(AK$4-$E$4) -> 25995060 | AL14: =$G14+(($AD14-$G14)/($AD$4-$E$4))*(AL$4-$E$4) -> 26362140 | ... AS14: =$G14+(($AD14-$G14)/($AD$4-$E$4))*(AS$4-$E$4) -> 28931700
B15: ="PREFERRED (With "&'BCA Summary'!$E$1&") total annual entering volume" -> PREFERRED (With BUILD Grant) total annual entering volume | E15: =$G15+(($AD15-$G15)/($AD$4-$E$4))*(E$4-$E$4) -> 0 | F15: =$G15+(($AD15-$G15)/($AD$4-$E$4))*(F$4-$E$4) -> 0 | G15: =(S68+T68)*E52 -> 0 | H15: =$G15+(($AD15-$G15)/($AD$4-$E$4))*(H$4-$E$4) -> 0 | I15: =$G15+(($AD15-$G15)/($AD$4-$E$4))*(I$4-$E$4) -> 0 | J15: =$G15+(($AD15-$G15)/($AD$4-$E$4))*(J$4-$E$4) -> 0 | K15: =$G15+(($AD15-$G15)/($AD$4-$E$4))*(K$4-$E$4) -> 0 | L15: =$G15+(($AD15-$G15)/($AD$4-$E$4))*(L$4-$E$4) -> 0 | M15: =$G15+(($AD15-$G15)/($AD$4-$E$4))*(M$4-$E$4) -> 0 | N15: =$G15+(($AD15-$G15)/($AD$4-$E$4))*(N$4-$E$4) -> 0 | O15: =$G15+(($AD15-$G15)/($AD$4-$E$4))*(O$4-$E$4) -> 0 | ... AC15: =$G15+(($AD15-$G15)/($AD$4-$E$4))*(AC$4-$E$4) -> 0 | AD15: =(U68+V68)*E52 -> 0 | AE15: =$G15+(($AD15-$G15)/($AD$4-$E$4))*(AE$4-$E$4) -> 0 | AF15: =$G15+(($AD15-$G15)/($AD$4-$E$4))*(AF$4-$E$4) -> 0 | AG15: =$G15+(($AD15-$G15)/($AD$4-$E$4))*(AG$4-$E$4) -> 0 | AH15: =$G15+(($AD15-$G15)/($AD$4-$E$4))*(AH$4-$E$4) -> 0 | AI15: =$G15+(($AD15-$G15)/($AD$4-$E$4))*(AI$4-$E$4) -> 0 | AJ15: =$G15+(($AD15-$G15)/($AD$4-$E$4))*(AJ$4-$E$4) -> 0 | AK15: =$G15+(($AD15-$G15)/($AD$4-$E$4))*(AK$4-$E$4) -> 0 | AL15: =$G15+(($AD15-$G15)/($AD$4-$E$4))*(AL$4-$E$4) -> 0 | ... AS15: =$G15+(($AD15-$G15)/($AD$4-$E$4))*(AS$4-$E$4) -> 0
A17: ="BASELINE (No "&'BCA Summary'!$E$1&")" -> BASELINE (No BUILD Grant)
B18: Fatal Crashes
C19: 120th Avenue Interchange | E19: =($P$55*G10)/1000000 -> 0 | F19: =($P$55*F10)/1000000 -> 0 | G19: =($P$55*G10)/1000000 -> 0 | H19: =($P$55*H10)/1000000 -> 0 | I19: =($P$55*I10)/1000000 -> 0 | J19: =($P$55*J10)/1000000 -> 0 | K19: =($P$55*K10)/1000000 -> 0 | L19: =($P$55*L10)/1000000 -> 0 | M19: =($P$55*M10)/1000000 -> 0 | ... AS19: =($P$55*AS10)/1000000 -> 0
C20: 124th Avenue Intersection | E20: =($P$56*G14)/1000000 -> 0 | F20: =($P$56*F14)/1000000 -> 0 | G20: =($P$56*G14)/1000000 -> 0 | H20: =($P$56*H14)/1000000 -> 0 | I20: =($P$56*I14)/1000000 -> 0 | J20: =($P$56*J14)/1000000 -> 0 | K20: =($P$56*K14)/1000000 -> 0 | L20: =($P$56*L14)/1000000 -> 0 | M20: =($P$56*M14)/1000000 -> 0 | ... AS20: =($P$56*AS14)/1000000 -> 0
B21: Injury Crashes, Total Injuries
C22: 120th Avenue Interchange | E22: =(($Q$55*G10)/1000000)*$S$55 -> 6.1753425 | F22: =(($Q$55*F10)/1000000)*$S$55 -> 6.075194 | G22: =(($Q$55*G10)/1000000)*$S$55 -> 6.1753425 | H22: =(($Q$55*H10)/1000000)*$S$55 -> 6.2754909 | I22: =(($Q$55*I10)/1000000)*$S$55 -> 6.5438887 | J22: =(($Q$55*J10)/1000000)*$S$55 -> 6.6360252 | K22: =(($Q$55*K10)/1000000)*$S$55 -> 6.7281618 | L22: =(($Q$55*L10)/1000000)*$S$55 -> 6.8202983 | M22: =(($Q$55*M10)/1000000)*$S$55 -> 6.9124349 | ... AS22: =(($Q$55*AS10)/1000000)*$S$55 -> 9.8608044
C23: 124th Avenue Intersection | E23: =(($Q$56*G14)/1000000)*$S$56 -> 6.3013699 | F23: =(($Q$56*F14)/1000000)*$S$56 -> 6.1249129 | G23: =(($Q$56*G14)/1000000)*$S$56 -> 6.3013699 | H23: =(($Q$56*H14)/1000000)*$S$56 -> 6.4778268 | I23: =(($Q$56*I14)/1000000)*$S$56 -> 6.9507314 | J23: =(($Q$56*J14)/1000000)*$S$56 -> 7.1130717 | K23: =(($Q$56*K14)/1000000)*$S$56 -> 7.2754121 | L23: =(($Q$56*L14)/1000000)*$S$56 -> 7.4377525 | M23: =(($Q$56*M14)/1000000)*$S$56 -> 7.6000929 | ... AS23: =(($Q$56*AS14)/1000000)*$S$56 -> 12.794985
B24: PDO Crashes, Total Vehicles
C25: 120th Avenue Interchange | E25: =(($R$55*G10)/1000000)*$I$60 -> 37.808219 | F25: =(($R$55*F10)/1000000)*$I$60 -> 37.195066 | G25: =(($R$55*G10)/1000000)*$I$60 -> 37.808219 | H25: =(($R$55*H10)/1000000)*$I$60 -> 38.421373 | I25: =(($R$55*I10)/1000000)*$I$60 -> 40.064624 | J25: =(($R$55*J10)/1000000)*$I$60 -> 40.628726 | K25: =(($R$55*K10)/1000000)*$I$60 -> 41.192827 | L25: =(($R$55*L10)/1000000)*$I$60 -> 41.756928 | M25: =(($R$55*M10)/1000000)*$I$60 -> 42.32103 | ... AS25: =(($R$55*AS10)/1000000)*$I$60 -> 60.372272
C26: 124th Avenue Intersection | E26: =(($R$56*G14)/1000000)*$I$61 -> 16.045988 | F26: =(($R$56*F14)/1000000)*$I$61 -> 15.596653 | G26: =(($R$56*G14)/1000000)*$I$61 -> 16.045988 | H26: =(($R$56*H14)/1000000)*$I$61 -> 16.495323 | I26: =(($R$56*I14)/1000000)*$I$61 -> 17.699541 | J26: =(($R$56*J14)/1000000)*$I$61 -> 18.112929 | K26: =(($R$56*K14)/1000000)*$I$61 -> 18.526317 | L26: =(($R$56*L14)/1000000)*$I$61 -> 18.939705 | M26: =(($R$56*M14)/1000000)*$I$61 -> 19.353094 | ... AS26: =(($R$56*AS14)/1000000)*$I$61 -> 32.581515
A28: ="PREFERRED ("&'BCA Summary'!$E$1&")" -> PREFERRED (BUILD Grant)
B29: Fatal Crashes
C30: 120th Avenue Interchange | E30: =($P$57*G11)/1000000 -> 0 | F30: =($P$57*F11)/1000000 -> 0 | G30: =($P$57*G11)/1000000 -> 0 | H30: =($P$57*H11)/1000000 -> 0 | I30: =($P$57*I11)/1000000 -> 0 | J30: =($P$57*J11)/1000000 -> 0 | K30: =($P$57*K11)/1000000 -> 0 | L30: =($P$57*L11)/1000000 -> 0 | M30: =($P$57*M11)/1000000 -> 0 | ... AS30: =($P$57*AS11)/1000000 -> 0
C31: 124th Avenue Intersection | E31: =($P$56*G15)/1000000 -> 0 | F31: =($P$56*F15)/1000000 -> 0 | G31: =($P$56*G15)/1000000 -> 0 | H31: =($P$56*H15)/1000000 -> 0 | I31: =($P$56*I15)/1000000 -> 0 | J31: =($P$56*J15)/1000000 -> 0 | K31: =($P$56*K15)/1000000 -> 0 | L31: =($P$56*L15)/1000000 -> 0 | M31: =($P$56*M15)/1000000 -> 0 | ... AS31: =($P$56*AS15)/1000000 -> 0
B32: Injury Crashes, Total Injuries
C33: 120th Avenue Interchange | E33: =(($Q$57*E11)/1000000)*$S$57 -> 2.2767676 | F33: =(($Q$57*F11)/1000000)*$S$57 -> 2.3692798 | G33: =(($Q$57*G11)/1000000)*$S$57 -> 2.461792 | H33: =(($Q$57*H11)/1000000)*$S$57 -> 2.5543042 | I33: =(($Q$57*I11)/1000000)*$S$57 -> 2.6468163 | J33: =(($Q$57*J11)/1000000)*$S$57 -> 2.7393285 | K33: =(($Q$57*K11)/1000000)*$S$57 -> 2.8318407 | L33: =(($Q$57*L11)/1000000)*$S$57 -> 2.9243529 | ... AS33: =(($Q$57*AS11)/1000000)*$S$57 -> 5.86624
C34: 124th Avenue Intersection | E34: =($Q$56*G15)/1000000 -> 0 | F34: =($Q$56*F15)/1000000 -> 0 | G34: =($Q$56*G15)/1000000 -> 0 | H34: =($Q$56*H15)/1000000 -> 0 | I34: =($Q$56*I15)/1000000 -> 0 | J34: =($Q$56*J15)/1000000 -> 0 | K34: =($Q$56*K15)/1000000 -> 0 | L34: =($Q$56*L15)/1000000 -> 0 | M34: =($Q$56*M15)/1000000 -> 0 | ... AS34: =($Q$56*AS15)/1000000 -> 0
B35: PDO Crashes, Total Vehicles
C36: 120th Avenue Interchange | E36: =(($R$57*G11)/1000000)*$I$62 -> 10.534064 | F36: =(($R$57*F11)/1000000)*$I$62 -> 10.138202 | G36: =(($R$57*G11)/1000000)*$I$62 -> 10.534064 | H36: =(($R$57*H11)/1000000)*$I$62 -> 10.929925 | I36: =(($R$57*I11)/1000000)*$I$62 -> 11.325787 | J36: =(($R$57*J11)/1000000)*$I$62 -> 11.721649 | K36: =(($R$57*K11)/1000000)*$I$62 -> 12.11751 | L36: =(($R$57*L11)/1000000)*$I$62 -> 12.513372 | M36: =(($R$57*M11)/1000000)*$I$62 -> 12.909234 | ... AS36: =(($R$57*AS11)/1000000)*$I$62 -> 25.101774
C37: 124th Avenue Intersection | E37: =($R$56*G15)/1000000 -> 0 | F37: =($R$56*F15)/1000000 -> 0 | G37: =($R$56*G15)/1000000 -> 0 | H37: =($R$56*H15)/1000000 -> 0 | I37: =($R$56*I15)/1000000 -> 0 | J37: =($R$56*J15)/1000000 -> 0 | K37: =($R$56*K15)/1000000 -> 0 | L37: =($R$56*L15)/1000000 -> 0 | M37: =($R$56*M15)/1000000 -> 0 | ... AS37: =($R$56*AS15)/1000000 -> 0
A39: ="BASELINE (No "&'BCA Summary'!$E$1&") Fatal Crashes" -> BASELINE (No BUILD Grant) Fatal Crashes | E39: =SUM(E19:E20) -> 0 | F39: =SUM(F19:F20) -> 0 | G39: =SUM(G19:G20) -> 0 | H39: =SUM(H19:H20) -> 0 | I39: =SUM(I19:I20) -> 0 | J39: =SUM(J19:J20) -> 0 | K39: =SUM(K19:K20) -> 0 | L39: =SUM(L19:L20) -> 0 | ... AS39: =SUM(AS19:AS20) -> 0
A40: ="PREFERRED (With "&'BCA Summary'!$E$1&") Fatal Crashes" -> PREFERRED (With BUILD Grant) Fatal Crashes | E40: =IF(E7="Yes",SUM(E30:E31),E39) -> 0 | F40: =IF(F7="Yes",SUM(F30:F31),F39) -> 0 | G40: =IF(G7="Yes",SUM(G30:G31),G39) -> 0 | H40: =IF(H7="Yes",SUM(H30:H31),H39) -> 0 | I40: =IF(I7="Yes",SUM(I30:I31),I39) -> 0 | J40: =IF(J7="Yes",SUM(J30:J31),J39) -> 0 | K40: =IF(K7="Yes",SUM(K30:K31),K39) -> 0 | L40: =IF(L7="Yes",SUM(L30:L31),L39) -> 0 | ... AS40: =IF(AS7="Yes",SUM(AS30:AS31),AS39) -> 0
A41: DIFFERENCE (Fatal Crashes) | E41: =E39-E40 -> 0 | F41: =F39-F40 -> 0 | G41: =G39-G40 -> 0 | H41: =H39-H40 -> 0 | I41: =I39-I40 -> 0 | J41: =J39-J40 -> 0 | K41: =K39-K40 -> 0 | L41: =L39-L40 -> 0 | ... AS41: =AS39-AS40 -> 0
A43: ="BASELINE (No "&'BCA Summary'!$E$1&") Injuries" -> BASELINE (No BUILD Grant) Injuries | E43: =SUM(E22:E23) -> 12.476712 | F43: =SUM(F22:F23) -> 12.200107 | G43: =SUM(G22:G23) -> 12.476712 | H43: =SUM(H22:H23) -> 12.753318 | I43: =SUM(I22:I23) -> 13.49462 | J43: =SUM(J22:J23) -> 13.749097 | K43: =SUM(K22:K23) -> 14.003574 | L43: =SUM(L22:L23) -> 14.258051 | ... AS43: =SUM(AS22:AS23) -> 22.655789
A44: ="PREFERRED (With "&'BCA Summary'!$E$1&") Injuries" -> PREFERRED (With BUILD Grant) Injuries | E44: =IF(E7="Yes",SUM(E33:E34),E43) -> 12.476712 | F44: =IF(F7="Yes",SUM(F33:F34),F43) -> 12.200107 | G44: =IF(G7="Yes",SUM(G33:G34),G43) -> 12.476712 | H44: =IF(H7="Yes",SUM(H33:H34),H43) -> 12.753318 | I44: =IF(I7="Yes",SUM(I33:I34),I43) -> 13.49462 | J44: =IF(J7="Yes",SUM(J33:J34),J43) -> 13.749097 | K44: =IF(K7="Yes",SUM(K33:K34),K43) -> 14.003574 | L44: =IF(L7="Yes",SUM(L33:L34),L43) -> 14.258051 | ... AS44: =IF(AS7="Yes",SUM(AS33:AS34),AS43) -> 5.86624
A45: DIFFERENCE (Injury Crashes) | E45: =E43-E44 -> 0 | F45: =F43-F44 -> 0 | G45: =G43-G44 -> 0 | H45: =H43-H44 -> 0 | I45: =I43-I44 -> 0 | J45: =J43-J44 -> 0 | K45: =K43-K44 -> 0 | L45: =L43-L44 -> 0 | ... AS45: =AS43-AS44 -> 16.789549
A47: ="BASELINE (No "&'BCA Summary'!$E$1&") PDO Crash Vehicles" -> BASELINE (No BUILD Grant) PDO Crash Vehicles | E47: =SUM(E25:E26) -> 53.854207 | F47: =SUM(F25:F26) -> 52.791719 | G47: =SUM(G25:G26) -> 53.854207 | H47: =SUM(H25:H26) -> 54.916696 | I47: =SUM(I25:I26) -> 57.764165 | J47: =SUM(J25:J26) -> 58.741655 | K47: =SUM(K25:K26) -> 59.719144 | L47: =SUM(L25:L26) -> 60.696634 | ... AS47: =SUM(AS25:AS26) -> 92.953787
A48: ="PREFERRED (With "&'BCA Summary'!$E$1&") PDO Crash Vehicles" -> PREFERRED (With BUILD Grant) PDO Crash Vehicles | E48: =IF(E7="Yes",SUM(E36:E37),E47) -> 53.854207 | F48: =IF(F7="Yes",SUM(F36:F37),F47) -> 52.791719 | G48: =IF(G7="Yes",SUM(G36:G37),G47) -> 53.854207 | H48: =IF(H7="Yes",SUM(H36:H37),H47) -> 54.916696 | I48: =IF(I7="Yes",SUM(I36:I37),I47) -> 57.764165 | J48: =IF(J7="Yes",SUM(J36:J37),J47) -> 58.741655 | K48: =IF(K7="Yes",SUM(K36:K37),K47) -> 59.719144 | L48: =IF(L7="Yes",SUM(L36:L37),L47) -> 60.696634 | ... AS48: =IF(AS7="Yes",SUM(AS36:AS37),AS47) -> 25.101774
A49: DIFFERENCE (PDO Crashes) | E49: =E47-E48 -> 0 | F49: =F47-F48 -> 0 | G49: =G47-G48 -> 0 | H49: =H47-H48 -> 0 | I49: =I47-I48 -> 0 | J49: =J47-J48 -> 0 | K49: =K47-K48 -> 0 | L49: =L47-L48 -> 0 | ... AS49: =AS47-AS48 -> 67.852013
A51: Assumptions & Calculations
A52: Annualization Factor | E52: ='Summary of Benefits'!D168 -> 345 | F52: days | G52: Based on 365 days a year, assuming that weekends and holidays are 75% of a weekday the traffic level.
N53: 2024
E54: Fatal Crashes | F54: Fatalities | G54: Injury Crashes | H54: Injuries | I54: PDO | J54: Total | K54: Timeframe | M54: # of Years | N54: ADT Prim | O54: ADT Sec | P54: Fatal MEV | Q54: Inj MEV | R54: PDO MEV | S54: Inj/Inj Crash
B55: 120th Avenue | E55: 0 | F55: 0 | G55: 10 | H55: 14 | I55: 57 | J55: =E55+G55+I55 -> 67 | K55: (07/2022-06/2025) | M55: 3 | N55: 41800 | O55: 14500 | P55: =(1000000*F55)/(365*M55*(N55+O55)) -> 0 | Q55: =(1000000*H55)/(365*M55*(N55+O55)) -> 0.22709393 | R55: =(1000000*I55)/(365*M55*(N55+O55)) -> 0.92459671 | S55: =H55/G55 -> 1.4 | T55: US 85 Location ID: 106694; 120th Location ID: 105913
B56: 124th Avenue | E56: 0 | F56: 0 | G56: 5 | H56: 10 | I56: 23 | J56: =E56+G56+I56 -> 28 | K56: (07/2022-06/2025) | M56: 3 | N56: 37200 | O56: 4100 | P56: =(1000000*F56)/(365*M56*(N56+O56)) -> 0 | Q56: =(1000000*H56)/(365*M56*(N56+O56)) -> 0.22112397 | R56: =(1000000*I56)/(365*M56*(N56+O56)) -> 0.50858514 | S56: =H56/G56 -> 2 | T56: US 85 Location ID: 103685; 124th Location ID: 100766
C57: Total | E57: =SUM(E55:E56) -> 0 | F57: =SUM(F55:F56) -> 0 | G57: =SUM(G55:G56) -> 15 | H57: =SUM(H55:H56) -> 24 | I57: =SUM(I55:I56) -> 80 | J57: =SUM(J55:J56) -> 95 | P57: =AVERAGE(P55:P56) -> 0 | Q57: =AVERAGE(Q55:Q56) -> 0.22410895 | R57: =AVERAGE(R55:R56) -> 0.71659092 | S57: =H57/G57 -> 1.6 | T57: *Note: Used average for the Build condition
C58: Source: Colorado Department of Transportation - DiExSys Roadway Safety Systems Direct Diagnostics (Spot Location) Analysis on 120th Interchange & 124th Intersection (07/2022-06/2025) | M58: 0 | N58: *Note: 2017 AADT is an estimated representative value for the primary and secondary approaches for the 5-year crash rate analysis time period
E59: 1 Veh Crash | F59: 2 Veh Crash | G59: 3 Veh Crash | H59: 4+ Veh Crash | I59: Avg Veh/Crash
B60: 120th Avenue | E60: 0 | F60: 51 | G60: 6 | H60: 0 | I60: =((E60*1)+(F60*2)+(G60*3)+(H60*4))/SUM(E60:H60) -> 2.1052632 | J60: Source: Colorado Department of Transportation - DiExSys Roadway Safety Systems Direct Diagnostics (Spot Location) Analysis on 120th Interchange & 124th Intersection (07/2022-06/2025)
B61: 124th Avenue | E61: 0 | F61: 22 | G61: 6 | H61: 0 | I61: =((E61*1)+(F61*2)+(G61*3)+(H61*4))/SUM(E61:H61) -> 2.2142857 | J61: Source: Colorado Department of Transportation - DiExSys Roadway Safety Systems Direct Diagnostics (Spot Location) Analysis on 120th Interchange & 124th Intersection (07/2022-06/2025)
E62: =SUM(E60:E61) -> 0 | F62: =SUM(F60:F61) -> 73 | G62: =SUM(G60:G61) -> 12 | H62: =SUM(H60:H61) -> 0 | I62: =((E62*1)+(F62*2)+(G62*3)+(H62*4))/SUM(E62:H62) -> 2.1411765 | J62: *Note: Used average for the Preferred condition
E64: Recent (2019) Counts | G64: 2040 NB | I64: 2017 Build | K64: 2040 Build | O64: Existing (2019) | Q64: 2040 NB | S64: 2017 Build | U64: 2040 Build
D65: 120th Avenue | E65: ADT Prim | F65: ADT Sec | G65: ADT Prim | H65: ADT Sec | I65: ADT Prim | J65: ADT Sec | K65: ADT Prim | L65: ADT Sec | N65: 124th Avenue | O65: ADT Prim | P65: ADT Sec | Q65: ADT Prim | R65: ADT Sec | S65: ADT Prim | T65: ADT Sec | U65: ADT Prim | V65: ADT Sec
D66: AM % of Daily | E66: 0.067469287 | F66: 0.13305085 | G66: 64509.677 | H66: 14355.414 | I66: 4683.871 | J66: 11424.204 | K66: 15116.129 | L66: 19466.242 | N66: AM % of Daily | O66: 0.060634146 | P66: 0.0775 | Q66: 63898.095 | R66: 7731.8182 | S66: 0 | T66: 0 | U66: 0 | V66: 0
D67: PM % of Daily | E67: 0.0697543 | F67: 0.13813559 | G67: 64122.936 | H67: 11727.607 | I67: 10899.083 | J67: 12741.104 | K67: 20163.303 | L67: 19618.405 | N67: PM % of Daily | O67: 0.079268293 | P67: 0.1021875 | Q67: 60136.287 | R67: 3975 | S67: 0 | T67: 0 | U67: 0 | V67: 0
D68: Combined direction daily entering vehicles | G68: =MROUND(AVERAGE(G66:G67),100) -> 64300 | H68: =MROUND(AVERAGE(H66:H67),100) -> 13000 | I68: =MROUND(AVERAGE(I66:I67),100) -> 7800 | J68: =MROUND(AVERAGE(J66:J67),100) -> 12100 | K68: =MROUND(AVERAGE(K66:K67),100) -> 17600 | L68: =MROUND(AVERAGE(L66:L67),100) -> 19500 | Q68: =MROUND(AVERAGE(Q66:Q67),100) -> 62000 | R68: =MROUND(AVERAGE(R66:R67),100) -> 5900 | S68: =MROUND(AVERAGE(S66:S67),100) -> 0 | T68: =MROUND(AVERAGE(T66:T67),100) -> 0 | U68: =MROUND(AVERAGE(U66:U67),100) -> 0 | V68: =MROUND(AVERAGE(V66:V67),100) -> 0

Sheet Safety - Railroad
A1: Safety - Rail
A2: ='BCA Summary'!A2 -> US 85/120th Avenue Grade-Separation and Interchange Project
F4: ='Summary of Benefits'!E4 -> 2015 | G4: ='Summary of Benefits'!F4 -> 2016 | H4: ='Summary of Benefits'!G4 -> 2017 | I4: ='Summary of Benefits'!H4 -> 2018 | J4: ='Summary of Benefits'!I4 -> 2019 | K4: ='Summary of Benefits'!J4 -> 2020 | L4: ='Summary of Benefits'!K4 -> 2021 | M4: ='Summary of Benefits'!L4 -> 2022 | ... AT4: ='Summary of Benefits'!AS4 -> 2055
A5: ='Timeline & Costs'!A11 -> US 85/120th Avenue Grade-Separation and Interchange Project
B6: ="Baseline (No "&'BCA Summary'!E1&" Grant) Benefits" -> Baseline (No BUILD Grant Grant) Benefits | F6: ='Timeline & Costs'!E$8 -> No | G6: ='Timeline & Costs'!F$8 -> No | H6: ='Timeline & Costs'!G$8 -> No | I6: ='Timeline & Costs'!H$8 -> No | J6: ='Timeline & Costs'!I$8 -> No | K6: ='Timeline & Costs'!J$8 -> No | L6: ='Timeline & Costs'!K$8 -> No | M6: ='Timeline & Costs'!L$8 -> No | ... AT6: ='Timeline & Costs'!AS$8 -> No
B7: ="Preferred (With "&'BCA Summary'!E1&" Grant) Benefits*" -> Preferred (With BUILD Grant Grant) Benefits* | F7: ='Timeline & Costs'!E17 -> 0 | G7: ='Timeline & Costs'!F17 -> 0 | H7: ='Timeline & Costs'!G17 -> 0 | I7: ='Timeline & Costs'!H17 -> No | J7: ='Timeline & Costs'!I17 -> No | K7: ='Timeline & Costs'!J17 -> No | L7: ='Timeline & Costs'!K17 -> No | M7: ='Timeline & Costs'!L17 -> No | ... AT7: ='Timeline & Costs'!AS17 -> Yes
A9: =C12&" Rail Crossing & "&C13&" Rail Crossing" -> 120th Avenue Interchange Rail Crossing & 124th Avenue Intersection Rail Crossing
A10: ="BASELINE (No "&'BCA Summary'!E1&" Grant)" -> BASELINE (No BUILD Grant Grant)
B11: Fatal Crashes
C12: 120th Avenue Interchange | F12: =F66*F71 -> 0.0055257559 | G12: =G66*G71 -> 0.0055257559 | H12: =H66*H71 -> 0.0055907648 | I12: =I66*I71 -> 0.0056557736 | J12: =J66*J71 -> 0.0056557736 | K12: =K66*K71 -> 0.0057207825 | L12: =L66*L71 -> 0.0057207825 | M12: =M66*M71 -> 0.0057727897 | ... AT12: =AT66*AT71 -> 0.0065008892
C13: 124th Avenue Intersection | F13: =F90*F95 -> 0.0020282774 | G13: =G90*G95 -> 0.0020282774 | H13: =H90*H95 -> 0.0021062881 | I13: =I90*I95 -> 0.0021062881 | J13: =J90*J95 -> 0.0021062881 | K13: =K90*K95 -> 0.0021062881 | L13: =L90*L95 -> 0.0021062881 | M13: =M90*M95 -> 0.0021062881 | ... AT13: =AT90*AT95 -> 0.0023403201
B14: Injury Crashes
C15: =$C$12 -> 120th Avenue Interchange | F15: =F66*F75 -> 0.012967126 | G15: =G66*G75 -> 0.012967126 | H15: =H66*H75 -> 0.01311968 | I15: =I66*I75 -> 0.013272235 | J15: =J66*J75 -> 0.013272235 | K15: =K66*K75 -> 0.013424789 | L15: =L66*L75 -> 0.013424789 | M15: =M66*M75 -> 0.013546833 | ... AT15: =AT66*AT75 -> 0.015255442
C16: =$C$13 -> 124th Avenue Intersection | F16: =F90*F99 -> 0.0044029371 | G16: =G90*G99 -> 0.0044029371 | H16: =H90*H99 -> 0.0045722808 | I16: =I90*I99 -> 0.0045722808 | J16: =J90*J99 -> 0.0045722808 | K16: =K90*K99 -> 0.0045722808 | L16: =L90*L99 -> 0.0045722808 | M16: =M90*M99 -> 0.0045722808 | ... AT16: =AT90*AT99 -> 0.005080312
B17: PDO Crashes
C18: =$C$12 -> 120th Avenue Interchange | F18: =F66-F12-F15 -> 0.024007118 | G18: =G66-G12-G15 -> 0.024007118 | H18: =H66-H12-H15 -> 0.024289555 | I18: =I66-I12-I15 -> 0.024571991 | J18: =J66-J12-J15 -> 0.024571991 | K18: =K66-K12-K15 -> 0.024854428 | L18: =L66-L12-L15 -> 0.024854428 | M18: =M66-M12-M15 -> 0.025080378 | ... AT18: =AT66-AT12-AT15 -> 0.028243668
C19: =$C$13 -> 124th Avenue Intersection | F19: =F90-F13-F16 -> 0.0091687855 | G19: =G90-G13-G16 -> 0.0091687855 | H19: =H90-H13-H16 -> 0.009521431 | I19: =I90-I13-I16 -> 0.009521431 | J19: =J90-J13-J16 -> 0.009521431 | K19: =K90-K13-K16 -> 0.009521431 | L19: =L90-L13-L16 -> 0.009521431 | M19: =M90-M13-M16 -> 0.009521431 | ... AT19: =AT90-AT13-AT16 -> 0.010579368
A21: ="PREFERRED (With "&'BCA Summary'!E1&" Grant)" -> PREFERRED (With BUILD Grant Grant)
B22: Fatal Crashes
C23: =$C$12 -> 120th Avenue Interchange | F23: 0 | G23: 0 | H23: 0 | I23: 0 | J23: 0 | K23: 0 | L23: 0 | M23: 0 | N23: 0 | O23: 0 | P23: 0 | Q23: 0 | R23: 0 | S23: 0 | T23: 0 | U23: 0 | V23: 0 | W23: 0 | X23: 0 | Y23: 0 | Z23: 0 | AA23: 0 | AB23: 0 | AC23: 0 | AD23: 0 | AE23: 0 | AF23: 0 | AG23: 0 | AH23: 0 | AI23: 0 | AJ23: 0 | AK23: 0 | AL23: 0 | AM23: 0 | AN23: 0 | AO23: 0 | AP23: 0 | AQ23: 0 | AR23: 0 | AS23: 0 | AT23: 0
C24: =$C$13 -> 124th Avenue Intersection | F24: 0 | G24: 0 | H24: 0 | I24: 0 | J24: 0 | K24: 0 | L24: 0 | M24: 0 | N24: 0 | O24: 0 | P24: 0 | Q24: 0 | R24: 0 | S24: 0 | T24: 0 | U24: 0 | V24: 0 | W24: 0 | X24: 0 | Y24: 0 | Z24: 0 | AA24: 0 | AB24: 0 | AC24: 0 | AD24: 0 | AE24: 0 | AF24: 0 | AG24: 0 | AH24: 0 | AI24: 0 | AJ24: 0 | AK24: 0 | AL24: 0 | AM24: 0 | AN24: 0 | AO24: 0 | AP24: 0 | AQ24: 0 | AR24: 0 | AS24: 0 | AT24: 0
B25: Injury Crashes
C26: =$C$12 -> 120th Avenue Interchange | F26: 0 | G26: 0 | H26: 0 | I26: 0 | J26: 0 | K26: 0 | L26: 0 | M26: 0 | N26: 0 | O26: 0 | P26: 0 | Q26: 0 | R26: 0 | S26: 0 | T26: 0 | U26: 0 | V26: 0 | W26: 0 | X26: 0 | Y26: 0 | Z26: 0 | AA26: 0 | AB26: 0 | AC26: 0 | AD26: 0 | AE26: 0 | AF26: 0 | AG26: 0 | AH26: 0 | AI26: 0 | AJ26: 0 | AK26: 0 | AL26: 0 | AM26: 0 | AN26: 0 | AO26: 0 | AP26: 0 | AQ26: 0 | AR26: 0 | AS26: 0 | AT26: 0
C27: =$C$13 -> 124th Avenue Intersection | F27: 0 | G27: 0 | H27: 0 | I27: 0 | J27: 0 | K27: 0 | L27: 0 | M27: 0 | N27: 0 | O27: 0 | P27: 0 | Q27: 0 | R27: 0 | S27: 0 | T27: 0 | U27: 0 | V27: 0 | W27: 0 | X27: 0 | Y27: 0 | Z27: 0 | AA27: 0 | AB27: 0 | AC27: 0 | AD27: 0 | AE27: 0 | AF27: 0 | AG27: 0 | AH27: 0 | AI27: 0 | AJ27: 0 | AK27: 0 | AL27: 0 | AM27: 0 | AN27: 0 | AO27: 0 | AP27: 0 | AQ27: 0 | AR27: 0 | AS27: 0 | AT27: 0
B28: PDO Crashes
C29: =$C$12 -> 120th Avenue Interchange | F29: 0 | G29: 0 | H29: 0 | I29: 0 | J29: 0 | K29: 0 | L29: 0 | M29: 0 | N29: 0 | O29: 0 | P29: 0 | Q29: 0 | R29: 0 | S29: 0 | T29: 0 | U29: 0 | V29: 0 | W29: 0 | X29: 0 | Y29: 0 | Z29: 0 | AA29: 0 | AB29: 0 | AC29: 0 | AD29: 0 | AE29: 0 | AF29: 0 | AG29: 0 | AH29: 0 | AI29: 0 | AJ29: 0 | AK29: 0 | AL29: 0 | AM29: 0 | AN29: 0 | AO29: 0 | AP29: 0 | AQ29: 0 | AR29: 0 | AS29: 0 | AT29: 0
C30: =$C$13 -> 124th Avenue Intersection | F30: 0 | G30: 0 | H30: 0 | I30: 0 | J30: 0 | K30: 0 | L30: 0 | M30: 0 | N30: 0 | O30: 0 | P30: 0 | Q30: 0 | R30: 0 | S30: 0 | T30: 0 | U30: 0 | V30: 0 | W30: 0 | X30: 0 | Y30: 0 | Z30: 0 | AA30: 0 | AB30: 0 | AC30: 0 | AD30: 0 | AE30: 0 | AF30: 0 | AG30: 0 | AH30: 0 | AI30: 0 | AJ30: 0 | AK30: 0 | AL30: 0 | AM30: 0 | AN30: 0 | AO30: 0 | AP30: 0 | AQ30: 0 | AR30: 0 | AS30: 0 | AT30: 0
A32: ="BASELINE (No "&'BCA Summary'!E1&" Grant) Fatal Crashes" -> BASELINE (No BUILD Grant Grant) Fatal Crashes | F32: =SUM(F12:F13) -> 0.0075540333 | G32: =SUM(G12:G13) -> 0.0075540333 | H32: =SUM(H12:H13) -> 0.0076970529 | I32: =SUM(I12:I13) -> 0.0077620618 | J32: =SUM(J12:J13) -> 0.0077620618 | K32: =SUM(K12:K13) -> 0.0078270707 | L32: =SUM(L12:L13) -> 0.0078270707 | M32: =SUM(M12:M13) -> 0.0078790778 | ... AT32: =SUM(AT12:AT13) -> 0.0088412094
A33: ="PREFERRED (With "&'BCA Summary'!E1&" Grant) Fatal Crashes" -> PREFERRED (With BUILD Grant Grant) Fatal Crashes | F33: =IF(F7="Yes",SUM(F23:F24),F32) -> 0.0075540333 | G33: =IF(G7="Yes",SUM(G23:G24),G32) -> 0.0075540333 | H33: =IF(H7="Yes",SUM(H23:H24),H32) -> 0.0076970529 | I33: =IF(I7="Yes",SUM(I23:I24),I32) -> 0.0077620618 | J33: =IF(J7="Yes",SUM(J23:J24),J32) -> 0.0077620618 | K33: =IF(K7="Yes",SUM(K23:K24),K32) -> 0.0078270707 | L33: =IF(L7="Yes",SUM(L23:L24),L32) -> 0.0078270707 | M33: =IF(M7="Yes",SUM(M23:M24),M32) -> 0.0078790778 | ... AT33: =IF(AT7="Yes",SUM(AT23:AT24),AT32) -> 0
A34: DIFFERENCE (Fatal Crashes) | F34: =F32-F33 -> 0 | G34: =G32-G33 -> 0 | H34: =H32-H33 -> 0 | I34: =I32-I33 -> 0 | J34: =J32-J33 -> 0 | K34: =K32-K33 -> 0 | L34: =L32-L33 -> 0 | M34: =M32-M33 -> 0 | ... AT34: =AT32-AT33 -> 0.0088412094
A36: ="BASELINE (No "&'BCA Summary'!E1&" Grant) Injury Crashes" -> BASELINE (No BUILD Grant Grant) Injury Crashes | F36: =SUM(F15:F16) -> 0.017370063 | G36: =SUM(G15:G16) -> 0.017370063 | H36: =SUM(H15:H16) -> 0.017691961 | I36: =SUM(I15:I16) -> 0.017844516 | J36: =SUM(J15:J16) -> 0.017844516 | K36: =SUM(K15:K16) -> 0.01799707 | L36: =SUM(L15:L16) -> 0.01799707 | M36: =SUM(M15:M16) -> 0.018119114 | ... AT36: =SUM(AT15:AT16) -> 0.020335754
A37: ="PREFERRED (With "&'BCA Summary'!E1&" Grant) Injury Crashes" -> PREFERRED (With BUILD Grant Grant) Injury Crashes | F37: =IF(F7="Yes",SUM(F26:F27),F36) -> 0.017370063 | G37: =IF(G7="Yes",SUM(G26:G27),G36) -> 0.017370063 | H37: =IF(H7="Yes",SUM(H26:H27),H36) -> 0.017691961 | I37: =IF(I7="Yes",SUM(I26:I27),I36) -> 0.017844516 | J37: =IF(J7="Yes",SUM(J26:J27),J36) -> 0.017844516 | K37: =IF(K7="Yes",SUM(K26:K27),K36) -> 0.01799707 | L37: =IF(L7="Yes",SUM(L26:L27),L36) -> 0.01799707 | M37: =IF(M7="Yes",SUM(M26:M27),M36) -> 0.018119114 | ... AT37: =IF(AT7="Yes",SUM(AT26:AT27),AT36) -> 0
A38: DIFFERENCE (Injury Crashes) | F38: =F36-F37 -> 0 | G38: =G36-G37 -> 0 | H38: =H36-H37 -> 0 | I38: =I36-I37 -> 0 | J38: =J36-J37 -> 0 | K38: =K36-K37 -> 0 | L38: =L36-L37 -> 0 | M38: =M36-M37 -> 0 | ... AT38: =AT36-AT37 -> 0.020335754
A40: ="BASELINE (No "&'BCA Summary'!E1&" Grant) PDO Crashes" -> BASELINE (No BUILD Grant Grant) PDO Crashes | F40: =SUM(F18:F19) -> 0.033175904 | G40: =SUM(G18:G19) -> 0.033175904 | H40: =SUM(H18:H19) -> 0.033810986 | I40: =SUM(I18:I19) -> 0.034093423 | J40: =SUM(J18:J19) -> 0.034093423 | K40: =SUM(K18:K19) -> 0.034375859 | L40: =SUM(L18:L19) -> 0.034375859 | M40: =SUM(M18:M19) -> 0.034601809 | ... AT40: =SUM(AT18:AT19) -> 0.038823036
A41: ="PREFERRED (With "&'BCA Summary'!E1&" Grant) PDO Crashes" -> PREFERRED (With BUILD Grant Grant) PDO Crashes | F41: =IF(F7="Yes",SUM(F29:F30),F40) -> 0.033175904 | G41: =IF(G7="Yes",SUM(G29:G30),G40) -> 0.033175904 | H41: =IF(H7="Yes",SUM(H29:H30),H40) -> 0.033810986 | I41: =IF(I7="Yes",SUM(I29:I30),I40) -> 0.034093423 | J41: =IF(J7="Yes",SUM(J29:J30),J40) -> 0.034093423 | K41: =IF(K7="Yes",SUM(K29:K30),K40) -> 0.034375859 | L41: =IF(L7="Yes",SUM(L29:L30),L40) -> 0.034375859 | M41: =IF(M7="Yes",SUM(M29:M30),M40) -> 0.034601809 | ... AT41: =IF(AT7="Yes",SUM(AT29:AT30),AT40) -> 0
A42: DIFFERENCE (Fatal Crashes) | F42: =F40-F41 -> 0 | G42: =G40-G41 -> 0 | H42: =H40-H41 -> 0 | I42: =I40-I41 -> 0 | J42: =J40-J41 -> 0 | K42: =K40-K41 -> 0 | L42: =L40-L41 -> 0 | M42: =M40-M41 -> 0 | ... AT42: =AT40-AT41 -> 0.038823036
A45: Assumptions & Calculations
B46: Crossing Location | F46: Crossing ID | G46: Urban/Rural | H46: City | I46: County | J46: Pred. Collisions | K46: Number of Collisions | P46: WD | Q46: XING TYPE | R46: TOT TRN | S46: TOT TRK | T46: TTBL SPD | U46: HWY LNS | V46: AADT | W46: DAY TRNS | X46: Road Type | Z46: Highway Paved | AB46: N | AC46: Switch Trns
K47: 2025 | L47: 2024 | M47: 2023 | N47: 2022 | O47: 2021 | R47: t | S47: mt | T47: ms | U47: hl | V47: c | W47: d | X47: hwy Sys | Y47: ht | AA47: hp | AC47: ts
B48: =$C$12 -> 120th Avenue Interchange | F48: 804435S | G48: Rural | H48: Henderson | I48: Adams | J48: 0.111625 | K48: 0 | L48: 0 | M48: 1 | N48: 0 | O48: 0 | P48: GT | Q48: =IF($P48="GT","GATES",IF($P48="XB","PASS",IF($P48="FL","LIGHTS"))) -> GATES | R48: 10 | S48: 1 | T48: 60 | U48: 2 | V48: 1050 | W48: =R48*0.5 -> 5 | Y48: 5 | Z48: Yes | AA48: =IF(Z48="YES",1,IF(Z48="NO",2)) -> 1 | AB48: =SUM(K48:O48) -> 1 | AC48: 0
B49: =$C$13 -> 124th Avenue Intersection | F49: 804457S | G49: Rural | H49: Henderson | I49: Adams | J49: 0.004062 | K49: 0 | L49: 0 | M49: 0 | N49: 0 | O49: 0 | P49: GT | Q49: =IF($P49="GT","GATES",IF($P49="XB","PASS",IF($P49="FL","LIGHTS"))) -> GATES | R49: 10 | S49: 2 | T49: 60 | U49: 2 | V49: 4500 | W49: =R49*0.5 -> 5 | Y49: 6 | Z49: Yes | AA49: =IF(Z49="YES",1,IF(Z49="NO",2)) -> 1 | AB49: =SUM(K49:O49) -> 0 | AC49: 0
C50: Source: Annual WBAPS Web Accident Prediction System for Public at-Grade Crossings (Version 2.0.0.114)
A52: Collision Prediction Calculations (Calculations Consistent with the Railroad-Highway Grade Crossing Handbook, Revised Second Edition
B53: =$C$12 -> 120th Avenue Interchange
C54: Formula Constant, K | F54: =IF($Q48="GATES",0.001088,IF($Q48="LIGHTS",0.003646,IF($Q48="PASS",0.002268))) -> 0.001088 | G54: =IF($Q48="GATES",0.001088,IF($Q48="LIGHTS",0.003646,IF($Q48="PASS",0.002268))) -> 0.001088 | H54: =IF($Q48="GATES",0.001088,IF($Q48="LIGHTS",0.003646,IF($Q48="PASS",0.002268))) -> 0.001088 | I54: =IF($Q48="GATES",0.001088,IF($Q48="LIGHTS",0.003646,IF($Q48="PASS",0.002268))) -> 0.001088 | J54: =IF($Q48="GATES",0.001088,IF($Q48="LIGHTS",0.003646,IF($Q48="PASS",0.002268))) -> 0.001088 | K54: =IF($Q48="GATES",0.001088,IF($Q48="LIGHTS",0.003646,IF($Q48="PASS",0.002268))) -> 0.001088 | L54: =IF($Q48="GATES",0.001088,IF($Q48="LIGHTS",0.003646,IF($Q48="PASS",0.002268))) -> 0.001088 | M54: =IF($Q48="GATES",0.001088,IF($Q48="LIGHTS",0.003646,IF($Q48="PASS",0.002268))) -> 0.001088 | ... AT54: =IF($Q48="GATES",0.001088,IF($Q48="LIGHTS",0.003646,IF($Q48="PASS",0.002268))) -> 0.001088
C55: AADT, c | F55: =$J55+(($AE55-$J55)/($AE$4-$J$4))*(F$4-$J$4) -> 3105.9524 | G55: =$J55+(($AE55-$J55)/($AE$4-$J$4))*(G$4-$J$4) -> 3190.7143 | H55: =$J55+(($AE55-$J55)/($AE$4-$J$4))*(H$4-$J$4) -> 3275.4762 | I55: =$J55+(($AE55-$J55)/($AE$4-$J$4))*(I$4-$J$4) -> 3360.2381 | J55: ='Travel Time Savings'!E44 -> 3445 | K55: =$J55+(($AE55-$J55)/($AE$4-$J$4))*(K$4-$J$4) -> 3529.7619 | L55: =$J55+(($AE55-$J55)/($AE$4-$J$4))*(L$4-$J$4) -> 3614.5238 | M55: =$J55+(($AE55-$J55)/($AE$4-$J$4))*(M$4-$J$4) -> 3699.2857 | N55: =$J55+(($AE55-$J55)/($AE$4-$J$4))*(N$4-$J$4) -> 3784.0476 | O55: =$J55+(($AE55-$J55)/($AE$4-$J$4))*(O$4-$J$4) -> 3868.8095 | P55: =$J55+(($AE55-$J55)/($AE$4-$J$4))*(P$4-$J$4) -> 3953.5714 | Q55: =$J55+(($AE55-$J55)/($AE$4-$J$4))*(Q$4-$J$4) -> 4038.3333 | R55: =$J55+(($AE55-$J55)/($AE$4-$J$4))*(R$4-$J$4) -> 4123.0952 | ... AD55: =$J55+(($AE55-$J55)/($AE$4-$J$4))*(AD$4-$J$4) -> 5140.2381 | AE55: ='Travel Time Savings'!F44 -> 5225 | AF55: =$J55+(($AE55-$J55)/($AE$4-$J$4))*(AF$4-$J$4) -> 5309.7619 | AG55: =$J55+(($AE55-$J55)/($AE$4-$J$4))*(AG$4-$J$4) -> 5394.5238 | AH55: =$J55+(($AE55-$J55)/($AE$4-$J$4))*(AH$4-$J$4) -> 5479.2857 | AI55: =$J55+(($AE55-$J55)/($AE$4-$J$4))*(AI$4-$J$4) -> 5564.0476 | AJ55: =$J55+(($AE55-$J55)/($AE$4-$J$4))*(AJ$4-$J$4) -> 5648.8095 | AK55: =$J55+(($AE55-$J55)/($AE$4-$J$4))*(AK$4-$J$4) -> 5733.5714 | AL55: =$J55+(($AE55-$J55)/($AE$4-$J$4))*(AL$4-$J$4) -> 5818.3333 | AM55: =$J55+(($AE55-$J55)/($AE$4-$J$4))*(AM$4-$J$4) -> 5903.0952 | ... AT55: =$J55+(($AE55-$J55)/($AE$4-$J$4))*(AT$4-$J$4) -> 6496.4286
C56: Average Total Train Movements per day, c | F56: =$R$48 -> 10 | G56: =$R$48 -> 10 | H56: =$R$48 -> 10 | I56: =$R$48 -> 10 | J56: =$R$48 -> 10 | K56: =$R$48 -> 10 | L56: =$R$48 -> 10 | M56: =$R$48 -> 10 | ... AT56: =$R$48 -> 10
C57: Exposure Index Factor, EI | E57: =IF($Q48="GATES",0.3116,IF($Q48="PASS",0.3334,IF($Q48="LIGHTS",0.2953))) -> 0.3116 | F57: =((F55*F56+0.2)/0.2)^($E57) -> 41.454132 | G57: =((G55*G56+0.2)/0.2)^($E57) -> 41.803378 | H57: =((H55*H56+0.2)/0.2)^($E57) -> 42.146294 | I57: =((I55*I56+0.2)/0.2)^($E57) -> 42.483155 | J57: =((J55*J56+0.2)/0.2)^($E57) -> 42.814217 | K57: =((K55*K56+0.2)/0.2)^($E57) -> 43.139717 | L57: =((L55*L56+0.2)/0.2)^($E57) -> 43.45988 | M57: =((M55*M56+0.2)/0.2)^($E57) -> 43.774915 | ... AT57: =((AT55*AT56+0.2)/0.2)^($E57) -> 52.170968
C58: Main Tracks Factor, MT | E58: =IF($Q49="GATES",0.2912,IF($Q49="PASS",0.2094,IF($Q49="LIGHTS",0.1088))) -> 0.2912 | F58: =EXP($E58*$S48) -> 1.3380322 | G58: =EXP($E58*$S48) -> 1.3380322 | H58: =EXP($E58*$S48) -> 1.3380322 | I58: =EXP($E58*$S48) -> 1.3380322 | J58: =EXP($E58*$S48) -> 1.3380322 | K58: =EXP($E58*$S48) -> 1.3380322 | L58: =EXP($E58*$S48) -> 1.3380322 | M58: =EXP($E58*$S48) -> 1.3380322 | ... AT58: =EXP($E58*$S48) -> 1.3380322
C59: Average # of Thru Trains during Daylight, d | F59: =$W$48 -> 5 | G59: =$W$48 -> 5 | H59: =$W$48 -> 5 | I59: =$W$48 -> 5 | J59: =$W$48 -> 5 | K59: =$W$48 -> 5 | L59: =$W$48 -> 5 | M59: =$W$48 -> 5 | ... AT59: =$W$48 -> 5
C60: Day Thru Trains Factor, DT | E60: =IF($Q48="GATES","",IF($Q48="PASS",0.1336,IF($Q48="LIGHTS",0.047))) | F60: =IF($Q48="GATES",1,((F59+0.2)/0.2)^$E60) -> 1 | G60: =IF($Q48="GATES",1,((G59+0.2)/0.2)^$E60) -> 1 | H60: =IF($Q48="GATES",1,((H59+0.2)/0.2)^$E60) -> 1 | I60: =IF($Q48="GATES",1,((I59+0.2)/0.2)^$E60) -> 1 | J60: =IF($Q48="GATES",1,((J59+0.2)/0.2)^$E60) -> 1 | K60: =IF($Q48="GATES",1,((K59+0.2)/0.2)^$E60) -> 1 | L60: =IF($Q48="GATES",1,((L59+0.2)/0.2)^$E60) -> 1 | M60: =IF($Q48="GATES",1,((M59+0.2)/0.2)^$E60) -> 1 | ... AT60: =IF($Q48="GATES",1,((AT59+0.2)/0.2)^$E60) -> 1
C61: Highway Paved Factor, HP | F61: =IF($Q48="PASS",EXP(-0.616*($AA48-1)),1) -> 1 | G61: =IF($Q48="PASS",EXP(-0.616*($AA48-1)),1) -> 1 | H61: =IF($Q48="PASS",EXP(-0.616*($AA48-1)),1) -> 1 | I61: =IF($Q48="PASS",EXP(-0.616*($AA48-1)),1) -> 1 | J61: =IF($Q48="PASS",EXP(-0.616*($AA48-1)),1) -> 1 | K61: =IF($Q48="PASS",EXP(-0.616*($AA48-1)),1) -> 1 | L61: =IF($Q48="PASS",EXP(-0.616*($AA48-1)),1) -> 1 | M61: =IF($Q48="PASS",EXP(-0.616*($AA48-1)),1) -> 1 | ... AT61: =IF($Q48="PASS",EXP(-0.616*($AA48-1)),1) -> 1
C62: Maximum Speed Factor, MS | F62: =IF($Q48="PASS",EXP(0.0077*$T48),1) -> 1 | G62: =IF($Q48="PASS",EXP(0.0077*$T48),1) -> 1 | H62: =IF($Q48="PASS",EXP(0.0077*$T48),1) -> 1 | I62: =IF($Q48="PASS",EXP(0.0077*$T48),1) -> 1 | J62: =IF($Q48="PASS",EXP(0.0077*$T48),1) -> 1 | K62: =IF($Q48="PASS",EXP(0.0077*$T48),1) -> 1 | L62: =IF($Q48="PASS",EXP(0.0077*$T48),1) -> 1 | M62: =IF($Q48="PASS",EXP(0.0077*$T48),1) -> 1 | ... AT62: =IF($Q48="PASS",EXP(0.0077*$T48),1) -> 1
C63: Highway Type Factor, HT | F63: =IF($Q48="PASS",EXP(-0.1*($Y48-1)),1) -> 1 | G63: =IF($Q48="PASS",EXP(-0.1*($Y48-1)),1) -> 1 | H63: =IF($Q48="PASS",EXP(-0.1*($Y48-1)),1) -> 1 | I63: =IF($Q48="PASS",EXP(-0.1*($Y48-1)),1) -> 1 | J63: =IF($Q48="PASS",EXP(-0.1*($Y48-1)),1) -> 1 | K63: =IF($Q48="PASS",EXP(-0.1*($Y48-1)),1) -> 1 | L63: =IF($Q48="PASS",EXP(-0.1*($Y48-1)),1) -> 1 | M63: =IF($Q48="PASS",EXP(-0.1*($Y48-1)),1) -> 1 | ... AT63: =IF($Q48="PASS",EXP(-0.1*($Y48-1)),1) -> 1
C64: Highway Lanes Factor, HL | E64: =IF($Q48="GATES",0.1036,IF($Q48="PASS","",IF($Q48="LIGHTS",0.138))) -> 0.1036 | F64: =IF($Q48="PASS",1,EXP($E64*($U48-1))) -> 1.1091567 | G64: =IF($Q48="PASS",1,EXP($E64*($U48-1))) -> 1.1091567 | H64: =IF($Q48="PASS",1,EXP($E64*($U48-1))) -> 1.1091567 | I64: =IF($Q48="PASS",1,EXP($E64*($U48-1))) -> 1.1091567 | J64: =IF($Q48="PASS",1,EXP($E64*($U48-1))) -> 1.1091567 | K64: =IF($Q48="PASS",1,EXP($E64*($U48-1))) -> 1.1091567 | L64: =IF($Q48="PASS",1,EXP($E64*($U48-1))) -> 1.1091567 | M64: =IF($Q48="PASS",1,EXP($E64*($U48-1))) -> 1.1091567 | ... AT64: =IF($Q48="PASS",1,EXP($E64*($U48-1))) -> 1.1091567
C65: Initial Collision Prediction, Collisions per year at the crossing, a | F65: =ROUND(F54*F57*F58*F60*F61*F62*F63*F64,3) -> 0.067 | G65: =ROUND(G54*G57*G58*G60*G61*G62*G63*G64,3) -> 0.067 | H65: =ROUND(H54*H57*H58*H60*H61*H62*H63*H64,3) -> 0.068 | I65: =ROUND(I54*I57*I58*I60*I61*I62*I63*I64,3) -> 0.069 | J65: =ROUND(J54*J57*J58*J60*J61*J62*J63*J64,3) -> 0.069 | K65: =ROUND(K54*K57*K58*K60*K61*K62*K63*K64,3) -> 0.07 | L65: =ROUND(L54*L57*L58*L60*L61*L62*L63*L64,3) -> 0.07 | M65: =ROUND(M54*M57*M58*M60*M61*M62*M63*M64,3) -> 0.071 | ... AT65: =ROUND(AT54*AT57*AT58*AT60*AT61*AT62*AT63*AT64,3) -> 0.084
C66: Final Accident Prediction, Collisions per year | F66: =_xlfn.XLOOKUP(F65,$C$107:$MA$107,$C$108:$MA$108) -> 0.0425 | G66: =_xlfn.XLOOKUP(G65,$C$107:$MA$107,$C$108:$MA$108) -> 0.0425 | H66: =_xlfn.XLOOKUP(H65,$C$107:$MA$107,$C$108:$MA$108) -> 0.043 | I66: =_xlfn.XLOOKUP(I65,$C$107:$MA$107,$C$108:$MA$108) -> 0.0435 | J66: =_xlfn.XLOOKUP(J65,$C$107:$MA$107,$C$108:$MA$108) -> 0.0435 | K66: =_xlfn.XLOOKUP(K65,$C$107:$MA$107,$C$108:$MA$108) -> 0.044 | L66: =_xlfn.XLOOKUP(L65,$C$107:$MA$107,$C$108:$MA$108) -> 0.044 | M66: =_xlfn.XLOOKUP(M65,$C$107:$MA$107,$C$108:$MA$108) -> 0.0444 | ... AT66: =_xlfn.XLOOKUP(AT65,$C$107:$MA$107,$C$108:$MA$108) -> 0.05
C67: Fatal Maximum Timetable Train Speed Factor, MS | F67: =$T48^(-1.074) -> 0.012310213 | G67: =$T48^(-1.074) -> 0.012310213 | H67: =$T48^(-1.074) -> 0.012310213 | I67: =$T48^(-1.074) -> 0.012310213 | J67: =$T48^(-1.074) -> 0.012310213 | K67: =$T48^(-1.074) -> 0.012310213 | L67: =$T48^(-1.074) -> 0.012310213 | M67: =$T48^(-1.074) -> 0.012310213 | ... AT67: =$T48^(-1.074) -> 0.012310213
C68: Thru Trains per Day Factor, TT | F68: =(F56+1)^(-0.1025) -> 0.78209093 | G68: =(G56+1)^(-0.1025) -> 0.78209093 | H68: =(H56+1)^(-0.1025) -> 0.78209093 | I68: =(I56+1)^(-0.1025) -> 0.78209093 | J68: =(J56+1)^(-0.1025) -> 0.78209093 | K68: =(K56+1)^(-0.1025) -> 0.78209093 | L68: =(L56+1)^(-0.1025) -> 0.78209093 | M68: =(M56+1)^(-0.1025) -> 0.78209093 | ... AT68: =(AT56+1)^(-0.1025) -> 0.78209093
C69: Switch Train per Day Factor, TS | F69: =($AC48+1)^(0.1025) -> 1 | G69: =($AC48+1)^(0.1025) -> 1 | H69: =($AC48+1)^(0.1025) -> 1 | I69: =($AC48+1)^(0.1025) -> 1 | J69: =($AC48+1)^(0.1025) -> 1 | K69: =($AC48+1)^(0.1025) -> 1 | L69: =($AC48+1)^(0.1025) -> 1 | M69: =($AC48+1)^(0.1025) -> 1 | ... AT69: =($AC48+1)^(0.1025) -> 1
C70: Fatal Urban-Rural Crossing Factor, UR | F70: =IF($G48="Urban",EXP(0.188),IF($G48="Rural",1)) -> 1 | G70: =IF($G48="Urban",EXP(0.188),IF($G48="Rural",1)) -> 1 | H70: =IF($G48="Urban",EXP(0.188),IF($G48="Rural",1)) -> 1 | I70: =IF($G48="Urban",EXP(0.188),IF($G48="Rural",1)) -> 1 | J70: =IF($G48="Urban",EXP(0.188),IF($G48="Rural",1)) -> 1 | K70: =IF($G48="Urban",EXP(0.188),IF($G48="Rural",1)) -> 1 | L70: =IF($G48="Urban",EXP(0.188),IF($G48="Rural",1)) -> 1 | M70: =IF($G48="Urban",EXP(0.188),IF($G48="Rural",1)) -> 1 | ... AT70: =IF($G48="Urban",EXP(0.188),IF($G48="Rural",1)) -> 1
C71: Fatal Accident Probability, P(FA|A) | F71: =1/(1+695*F67*F68*F69*F70) -> 0.13001778 | G71: =1/(1+695*G67*G68*G69*G70) -> 0.13001778 | H71: =1/(1+695*H67*H68*H69*H70) -> 0.13001778 | I71: =1/(1+695*I67*I68*I69*I70) -> 0.13001778 | J71: =1/(1+695*J67*J68*J69*J70) -> 0.13001778 | K71: =1/(1+695*K67*K68*K69*K70) -> 0.13001778 | L71: =1/(1+695*L67*L68*L69*L70) -> 0.13001778 | M71: =1/(1+695*M67*M68*M69*M70) -> 0.13001778 | ... AT71: =1/(1+695*AT67*AT68*AT69*AT70) -> 0.13001778
C72: Injury Urban-Rural Crossing Factor, UR | F72: =IF($G48="Urban",EXP(0.1844),IF($G48="Rural",1)) -> 1 | G72: =IF($G48="Urban",EXP(0.1844),IF($G48="Rural",1)) -> 1 | H72: =IF($G48="Urban",EXP(0.1844),IF($G48="Rural",1)) -> 1 | I72: =IF($G48="Urban",EXP(0.1844),IF($G48="Rural",1)) -> 1 | J72: =IF($G48="Urban",EXP(0.1844),IF($G48="Rural",1)) -> 1 | K72: =IF($G48="Urban",EXP(0.1844),IF($G48="Rural",1)) -> 1 | L72: =IF($G48="Urban",EXP(0.1844),IF($G48="Rural",1)) -> 1 | M72: =IF($G48="Urban",EXP(0.1844),IF($G48="Rural",1)) -> 1 | ... AT72: =IF($G48="Urban",EXP(0.1844),IF($G48="Rural",1)) -> 1
C73: Injury Maximum Timetable Train Speed Factor, MS | F73: =$T48^(-0.2334) -> 0.38457363 | G73: =$T48^(-0.2334) -> 0.38457363 | H73: =$T48^(-0.2334) -> 0.38457363 | I73: =$T48^(-0.2334) -> 0.38457363 | J73: =$T48^(-0.2334) -> 0.38457363 | K73: =$T48^(-0.2334) -> 0.38457363 | L73: =$T48^(-0.2334) -> 0.38457363 | M73: =$T48^(-0.2334) -> 0.38457363 | ... AT73: =$T48^(-0.2334) -> 0.38457363
C74: Number of Tracks Factor, TK | F74: =EXP($S48*0.1176) -> 1.1247941 | G74: =EXP($S48*0.1176) -> 1.1247941 | H74: =EXP($S48*0.1176) -> 1.1247941 | I74: =EXP($S48*0.1176) -> 1.1247941 | J74: =EXP($S48*0.1176) -> 1.1247941 | K74: =EXP($S48*0.1176) -> 1.1247941 | L74: =EXP($S48*0.1176) -> 1.1247941 | M74: =EXP($S48*0.1176) -> 1.1247941 | ... AT74: =EXP($S48*0.1176) -> 1.1247941
C75: Injury Accident Probability, P(IA|A) | F75: =(1-F71)/(1+4.28*F73*F74*F72) -> 0.30510885 | G75: =(1-G71)/(1+4.28*G73*G74*G72) -> 0.30510885 | H75: =(1-H71)/(1+4.28*H73*H74*H72) -> 0.30510885 | I75: =(1-I71)/(1+4.28*I73*I74*I72) -> 0.30510885 | J75: =(1-J71)/(1+4.28*J73*J74*J72) -> 0.30510885 | K75: =(1-K71)/(1+4.28*K73*K74*K72) -> 0.30510885 | L75: =(1-L71)/(1+4.28*L73*L74*L72) -> 0.30510885 | M75: =(1-M71)/(1+4.28*M73*M74*M72) -> 0.30510885 | ... AT75: =(1-AT71)/(1+4.28*AT73*AT74*AT72) -> 0.30510885
B77: =$C$12 -> 120th Avenue Interchange
C78: Formula Constant, K | F78: =IF($Q49="GATES",0.001088,IF($Q73="LIGHTS",0.003646,IF($Q73="PASS",0.002268))) -> 0.001088 | G78: =IF($Q49="GATES",0.001088,IF($Q73="LIGHTS",0.003646,IF($Q73="PASS",0.002268))) -> 0.001088 | H78: =IF($Q49="GATES",0.001088,IF($Q73="LIGHTS",0.003646,IF($Q73="PASS",0.002268))) -> 0.001088 | I78: =IF($Q49="GATES",0.001088,IF($Q73="LIGHTS",0.003646,IF($Q73="PASS",0.002268))) -> 0.001088 | J78: =IF($Q49="GATES",0.001088,IF($Q73="LIGHTS",0.003646,IF($Q73="PASS",0.002268))) -> 0.001088 | K78: =IF($Q49="GATES",0.001088,IF($Q73="LIGHTS",0.003646,IF($Q73="PASS",0.002268))) -> 0.001088 | L78: =IF($Q49="GATES",0.001088,IF($Q73="LIGHTS",0.003646,IF($Q73="PASS",0.002268))) -> 0.001088 | M78: =IF($Q49="GATES",0.001088,IF($Q73="LIGHTS",0.003646,IF($Q73="PASS",0.002268))) -> 0.001088 | ... AT78: =IF($Q49="GATES",0.001088,IF($Q73="LIGHTS",0.003646,IF($Q73="PASS",0.002268))) -> 0.001088
C79: AADT, c | F79: =$J79+(($AE79-$J79)/($AE$4-$J$4))*(F$4-$J$4) -> 140.47619 | G79: =$J79+(($AE79-$J79)/($AE$4-$J$4))*(G$4-$J$4) -> 142.85714 | H79: =$J79+(($AE79-$J79)/($AE$4-$J$4))*(H$4-$J$4) -> 145.2381 | I79: =$J79+(($AE79-$J79)/($AE$4-$J$4))*(I$4-$J$4) -> 147.61905 | J79: ='Travel Time Savings'!E49 -> 150 | K79: =$J79+(($AE79-$J79)/($AE$4-$J$4))*(K$4-$J$4) -> 152.38095 | L79: =$J79+(($AE79-$J79)/($AE$4-$J$4))*(L$4-$J$4) -> 154.7619 | M79: =$J79+(($AE79-$J79)/($AE$4-$J$4))*(M$4-$J$4) -> 157.14286 | N79: =$J79+(($AE79-$J79)/($AE$4-$J$4))*(N$4-$J$4) -> 159.52381 | O79: =$J79+(($AE79-$J79)/($AE$4-$J$4))*(O$4-$J$4) -> 161.90476 | P79: =$J79+(($AE79-$J79)/($AE$4-$J$4))*(P$4-$J$4) -> 164.28571 | Q79: =$J79+(($AE79-$J79)/($AE$4-$J$4))*(Q$4-$J$4) -> 166.66667 | R79: =$J79+(($AE79-$J79)/($AE$4-$J$4))*(R$4-$J$4) -> 169.04762 | ... AD79: =$J79+(($AE79-$J79)/($AE$4-$J$4))*(AD$4-$J$4) -> 197.61905 | AE79: ='Travel Time Savings'!F49 -> 200 | AF79: =$J79+(($AE79-$J79)/($AE$4-$J$4))*(AF$4-$J$4) -> 202.38095 | AG79: =$J79+(($AE79-$J79)/($AE$4-$J$4))*(AG$4-$J$4) -> 204.7619 | AH79: =$J79+(($AE79-$J79)/($AE$4-$J$4))*(AH$4-$J$4) -> 207.14286 | AI79: =$J79+(($AE79-$J79)/($AE$4-$J$4))*(AI$4-$J$4) -> 209.52381 | AJ79: =$J79+(($AE79-$J79)/($AE$4-$J$4))*(AJ$4-$J$4) -> 211.90476 | AK79: =$J79+(($AE79-$J79)/($AE$4-$J$4))*(AK$4-$J$4) -> 214.28571 | AL79: =$J79+(($AE79-$J79)/($AE$4-$J$4))*(AL$4-$J$4) -> 216.66667 | AM79: =$J79+(($AE79-$J79)/($AE$4-$J$4))*(AM$4-$J$4) -> 219.04762 | ... AT79: =$J79+(($AE79-$J79)/($AE$4-$J$4))*(AT$4-$J$4) -> 235.71429
C80: Average Total Train Movements per day, c | F80: =$R$48 -> 10 | G80: =$R$48 -> 10 | H80: =$R$48 -> 10 | I80: =$R$48 -> 10 | J80: =$R$48 -> 10 | K80: =$R$48 -> 10 | L80: =$R$48 -> 10 | M80: =$R$48 -> 10 | ... AT80: =$R$48 -> 10
C81: Exposure Index Factor, EI | E81: =IF($Q49="GATES",0.3116,IF($Q49="PASS",0.3334,IF($Q49="LIGHTS",0.2953))) -> 0.3116 | F81: =((F79*F80+0.2)/0.2)^($E81) -> 15.798335 | G81: =((G79*G80+0.2)/0.2)^($E81) -> 15.881278 | H81: =((H79*H80+0.2)/0.2)^($E81) -> 15.963275 | I81: =((I79*I80+0.2)/0.2)^($E81) -> 16.044351 | J81: =((J79*J80+0.2)/0.2)^($E81) -> 16.124533 | K81: =((K79*K80+0.2)/0.2)^($E81) -> 16.203843 | L81: =((L79*L80+0.2)/0.2)^($E81) -> 16.282304 | M81: =((M79*M80+0.2)/0.2)^($E81) -> 16.359939 | ... AT81: =((AT79*AT80+0.2)/0.2)^($E81) -> 18.562907
C82: Main Tracks Factor, MT | E82: =IF($Q49="GATES",0.2912,IF($Q49="PASS",0.2094,IF($Q49="LIGHTS",0.1088))) -> 0.2912 | F82: =EXP($E82*$S73) -> 1.1184993 | G82: =EXP($E82*$S73) -> 1.1184993 | H82: =EXP($E82*$S73) -> 1.1184993 | I82: =EXP($E82*$S73) -> 1.1184993 | J82: =EXP($E82*$S73) -> 1.1184993 | K82: =EXP($E82*$S73) -> 1.1184993 | L82: =EXP($E82*$S73) -> 1.1184993 | M82: =EXP($E82*$S73) -> 1.1184993 | ... AT82: =EXP($E82*$S73) -> 1.1184993
C83: Average # of Thru Trains during Daylight, d | F83: =$W$49 -> 5 | G83: =$W$49 -> 5 | H83: =$W$49 -> 5 | I83: =$W$49 -> 5 | J83: =$W$49 -> 5 | K83: =$W$49 -> 5 | L83: =$W$49 -> 5 | M83: =$W$49 -> 5 | ... AT83: =$W$49 -> 5
C84: Day Thru Trains Factor, DT | E84: =IF($Q49="GATES","",IF($Q49="PASS",0.1336,IF($Q49="LIGHTS",0.047))) | F84: =IF($Q49="GATES",1,((F83+0.2)/0.2)^$E84) -> 1 | G84: =IF($Q49="GATES",1,((G83+0.2)/0.2)^$E84) -> 1 | H84: =IF($Q49="GATES",1,((H83+0.2)/0.2)^$E84) -> 1 | I84: =IF($Q49="GATES",1,((I83+0.2)/0.2)^$E84) -> 1 | J84: =IF($Q49="GATES",1,((J83+0.2)/0.2)^$E84) -> 1 | K84: =IF($Q49="GATES",1,((K83+0.2)/0.2)^$E84) -> 1 | L84: =IF($Q49="GATES",1,((L83+0.2)/0.2)^$E84) -> 1 | M84: =IF($Q49="GATES",1,((M83+0.2)/0.2)^$E84) -> 1 | ... AT84: =IF($Q49="GATES",1,((AT83+0.2)/0.2)^$E84) -> 1
C85: Highway Paved Factor, HP | F85: =IF($Q49="PASS",EXP(-0.616*($AA49-1)),1) -> 1 | G85: =IF($Q49="PASS",EXP(-0.616*($AA49-1)),1) -> 1 | H85: =IF($Q49="PASS",EXP(-0.616*($AA49-1)),1) -> 1 | I85: =IF($Q49="PASS",EXP(-0.616*($AA49-1)),1) -> 1 | J85: =IF($Q49="PASS",EXP(-0.616*($AA49-1)),1) -> 1 | K85: =IF($Q49="PASS",EXP(-0.616*($AA49-1)),1) -> 1 | L85: =IF($Q49="PASS",EXP(-0.616*($AA49-1)),1) -> 1 | M85: =IF($Q49="PASS",EXP(-0.616*($AA49-1)),1) -> 1 | ... AT85: =IF($Q49="PASS",EXP(-0.616*($AA49-1)),1) -> 1
C86: Maximum Speed Factor, MS | F86: =IF($Q49="PASS",EXP(0.0077*$T49),1) -> 1 | G86: =IF($Q49="PASS",EXP(0.0077*$T49),1) -> 1 | H86: =IF($Q49="PASS",EXP(0.0077*$T49),1) -> 1 | I86: =IF($Q49="PASS",EXP(0.0077*$T49),1) -> 1 | J86: =IF($Q49="PASS",EXP(0.0077*$T49),1) -> 1 | K86: =IF($Q49="PASS",EXP(0.0077*$T49),1) -> 1 | L86: =IF($Q49="PASS",EXP(0.0077*$T49),1) -> 1 | M86: =IF($Q49="PASS",EXP(0.0077*$T49),1) -> 1 | ... AT86: =IF($Q49="PASS",EXP(0.0077*$T49),1) -> 1
C87: Highway Type Factor, HT | F87: =IF($Q49="PASS",EXP(-0.1*($Y49-1)),1) -> 1 | G87: =IF($Q49="PASS",EXP(-0.1*($Y49-1)),1) -> 1 | H87: =IF($Q49="PASS",EXP(-0.1*($Y49-1)),1) -> 1 | I87: =IF($Q49="PASS",EXP(-0.1*($Y49-1)),1) -> 1 | J87: =IF($Q49="PASS",EXP(-0.1*($Y49-1)),1) -> 1 | K87: =IF($Q49="PASS",EXP(-0.1*($Y49-1)),1) -> 1 | L87: =IF($Q49="PASS",EXP(-0.1*($Y49-1)),1) -> 1 | M87: =IF($Q49="PASS",EXP(-0.1*($Y49-1)),1) -> 1 | ... AT87: =IF($Q49="PASS",EXP(-0.1*($Y49-1)),1) -> 1
C88: Highway Lanes Factor, HL | E88: =IF($Q49="GATES",0.1036,IF($Q49="PASS","",IF($Q49="LIGHTS",0.138))) -> 0.1036 | F88: =IF($Q49="PASS",1,EXP($E88*($U49-1))) -> 1.1091567 | G88: =IF($Q49="PASS",1,EXP($E88*($U49-1))) -> 1.1091567 | H88: =IF($Q49="PASS",1,EXP($E88*($U49-1))) -> 1.1091567 | I88: =IF($Q49="PASS",1,EXP($E88*($U49-1))) -> 1.1091567 | J88: =IF($Q49="PASS",1,EXP($E88*($U49-1))) -> 1.1091567 | K88: =IF($Q49="PASS",1,EXP($E88*($U49-1))) -> 1.1091567 | L88: =IF($Q49="PASS",1,EXP($E88*($U49-1))) -> 1.1091567 | M88: =IF($Q49="PASS",1,EXP($E88*($U49-1))) -> 1.1091567 | ... AT88: =IF($Q49="PASS",1,EXP($E88*($U49-1))) -> 1.1091567
C89: Initial Collision Prediction, Collisions per year at the crossing, a | F89: =ROUND(F78*F81*F82*F84*F85*F86*F87*F88,3) -> 0.021 | G89: =ROUND(G78*G81*G82*G84*G85*G86*G87*G88,3) -> 0.021 | H89: =ROUND(H78*H81*H82*H84*H85*H86*H87*H88,3) -> 0.022 | I89: =ROUND(I78*I81*I82*I84*I85*I86*I87*I88,3) -> 0.022 | J89: =ROUND(J78*J81*J82*J84*J85*J86*J87*J88,3) -> 0.022 | K89: =ROUND(K78*K81*K82*K84*K85*K86*K87*K88,3) -> 0.022 | L89: =ROUND(L78*L81*L82*L84*L85*L86*L87*L88,3) -> 0.022 | M89: =ROUND(M78*M81*M82*M84*M85*M86*M87*M88,3) -> 0.022 | ... AT89: =ROUND(AT78*AT81*AT82*AT84*AT85*AT86*AT87*AT88,3) -> 0.025
C90: Final Accident Prediction, Collisions per year | F90: =_xlfn.XLOOKUP(F89,$C$107:$MA$107,$C$108:$MA$108) -> 0.0156 | G90: =_xlfn.XLOOKUP(G89,$C$107:$MA$107,$C$108:$MA$108) -> 0.0156 | H90: =_xlfn.XLOOKUP(H89,$C$107:$MA$107,$C$108:$MA$108) -> 0.0162 | I90: =_xlfn.XLOOKUP(I89,$C$107:$MA$107,$C$108:$MA$108) -> 0.0162 | J90: =_xlfn.XLOOKUP(J89,$C$107:$MA$107,$C$108:$MA$108) -> 0.0162 | K90: =_xlfn.XLOOKUP(K89,$C$107:$MA$107,$C$108:$MA$108) -> 0.0162 | L90: =_xlfn.XLOOKUP(L89,$C$107:$MA$107,$C$108:$MA$108) -> 0.0162 | M90: =_xlfn.XLOOKUP(M89,$C$107:$MA$107,$C$108:$MA$108) -> 0.0162 | ... AT90: =_xlfn.XLOOKUP(AT89,$C$107:$MA$107,$C$108:$MA$108) -> 0.018
C91: Fatal Maximum Timetable Train Speed Factor, MS | F91: =$T49^(-1.074) -> 0.012310213 | G91: =$T49^(-1.074) -> 0.012310213 | H91: =$T49^(-1.074) -> 0.012310213 | I91: =$T49^(-1.074) -> 0.012310213 | J91: =$T49^(-1.074) -> 0.012310213 | K91: =$T49^(-1.074) -> 0.012310213 | L91: =$T49^(-1.074) -> 0.012310213 | M91: =$T49^(-1.074) -> 0.012310213 | ... AT91: =$T49^(-1.074) -> 0.012310213
C92: Thru Trains per Day Factor, TT | F92: =(F80+1)^(-0.1025) -> 0.78209093 | G92: =(G80+1)^(-0.1025) -> 0.78209093 | H92: =(H80+1)^(-0.1025) -> 0.78209093 | I92: =(I80+1)^(-0.1025) -> 0.78209093 | J92: =(J80+1)^(-0.1025) -> 0.78209093 | K92: =(K80+1)^(-0.1025) -> 0.78209093 | L92: =(L80+1)^(-0.1025) -> 0.78209093 | M92: =(M80+1)^(-0.1025) -> 0.78209093 | ... AT92: =(AT80+1)^(-0.1025) -> 0.78209093
C93: Switch Train per Day Factor, TS | F93: =($AC49+1)^(0.1025) -> 1 | G93: =($AC49+1)^(0.1025) -> 1 | H93: =($AC49+1)^(0.1025) -> 1 | I93: =($AC49+1)^(0.1025) -> 1 | J93: =($AC49+1)^(0.1025) -> 1 | K93: =($AC49+1)^(0.1025) -> 1 | L93: =($AC49+1)^(0.1025) -> 1 | M93: =($AC49+1)^(0.1025) -> 1 | ... AT93: =($AC49+1)^(0.1025) -> 1
C94: Fatal Urban-Rural Crossing Factor, UR | F94: =IF($G49="Urban",EXP(0.188),IF($G49="Rural",1)) -> 1 | G94: =IF($G49="Urban",EXP(0.188),IF($G49="Rural",1)) -> 1 | H94: =IF($G49="Urban",EXP(0.188),IF($G49="Rural",1)) -> 1 | I94: =IF($G49="Urban",EXP(0.188),IF($G49="Rural",1)) -> 1 | J94: =IF($G49="Urban",EXP(0.188),IF($G49="Rural",1)) -> 1 | K94: =IF($G49="Urban",EXP(0.188),IF($G49="Rural",1)) -> 1 | L94: =IF($G49="Urban",EXP(0.188),IF($G49="Rural",1)) -> 1 | M94: =IF($G49="Urban",EXP(0.188),IF($G49="Rural",1)) -> 1 | ... AT94: =IF($G49="Urban",EXP(0.188),IF($G49="Rural",1)) -> 1
C95: Fatal Accident Probability, P(FA|A) | F95: =1/(1+695*F91*F92*F93*F94) -> 0.13001778 | G95: =1/(1+695*G91*G92*G93*G94) -> 0.13001778 | H95: =1/(1+695*H91*H92*H93*H94) -> 0.13001778 | I95: =1/(1+695*I91*I92*I93*I94) -> 0.13001778 | J95: =1/(1+695*J91*J92*J93*J94) -> 0.13001778 | K95: =1/(1+695*K91*K92*K93*K94) -> 0.13001778 | L95: =1/(1+695*L91*L92*L93*L94) -> 0.13001778 | M95: =1/(1+695*M91*M92*M93*M94) -> 0.13001778 | ... AT95: =1/(1+695*AT91*AT92*AT93*AT94) -> 0.13001778
C96: Injury Urban-Rural Crossing Factor, UR | F96: =IF($G49="Urban",EXP(0.1844),IF($G49="Rural",1)) -> 1 | G96: =IF($G49="Urban",EXP(0.1844),IF($G49="Rural",1)) -> 1 | H96: =IF($G49="Urban",EXP(0.1844),IF($G49="Rural",1)) -> 1 | I96: =IF($G49="Urban",EXP(0.1844),IF($G49="Rural",1)) -> 1 | J96: =IF($G49="Urban",EXP(0.1844),IF($G49="Rural",1)) -> 1 | K96: =IF($G49="Urban",EXP(0.1844),IF($G49="Rural",1)) -> 1 | L96: =IF($G49="Urban",EXP(0.1844),IF($G49="Rural",1)) -> 1 | M96: =IF($G49="Urban",EXP(0.1844),IF($G49="Rural",1)) -> 1 | ... AT96: =IF($G49="Urban",EXP(0.1844),IF($G49="Rural",1)) -> 1
C97: Injury Maximum Timetable Train Speed Factor, MS | F97: =$T49^(-0.2334) -> 0.38457363 | G97: =$T49^(-0.2334) -> 0.38457363 | H97: =$T49^(-0.2334) -> 0.38457363 | I97: =$T49^(-0.2334) -> 0.38457363 | J97: =$T49^(-0.2334) -> 0.38457363 | K97: =$T49^(-0.2334) -> 0.38457363 | L97: =$T49^(-0.2334) -> 0.38457363 | M97: =$T49^(-0.2334) -> 0.38457363 | ... AT97: =$T49^(-0.2334) -> 0.38457363
C98: Number of Tracks Factor, TK | F98: =EXP($S49*0.1176) -> 1.2651618 | G98: =EXP($S49*0.1176) -> 1.2651618 | H98: =EXP($S49*0.1176) -> 1.2651618 | I98: =EXP($S49*0.1176) -> 1.2651618 | J98: =EXP($S49*0.1176) -> 1.2651618 | K98: =EXP($S49*0.1176) -> 1.2651618 | L98: =EXP($S49*0.1176) -> 1.2651618 | M98: =EXP($S49*0.1176) -> 1.2651618 | ... AT98: =EXP($S49*0.1176) -> 1.2651618
C99: Injury Accident Probability, P(IA|A) | F99: =(1-F95)/(1+4.28*F97*F98*F96) -> 0.28223956 | G99: =(1-G95)/(1+4.28*G97*G98*G96) -> 0.28223956 | H99: =(1-H95)/(1+4.28*H97*H98*H96) -> 0.28223956 | I99: =(1-I95)/(1+4.28*I97*I98*I96) -> 0.28223956 | J99: =(1-J95)/(1+4.28*J97*J98*J96) -> 0.28223956 | K99: =(1-K95)/(1+4.28*K97*K98*K96) -> 0.28223956 | L99: =(1-L95)/(1+4.28*L97*L98*L96) -> 0.28223956 | M99: =(1-M95)/(1+4.28*M97*M98*M96) -> 0.28223956 | ... AT99: =(1-AT95)/(1+4.28*AT97*AT98*AT96) -> 0.28223956
A106: Table 24. U.S. DOT Final Accident Prediction from Initial Prediction and Accident History, (5 years of accident data (T = 5))
A107: a | C107: 0 | D107: 0.001 | E107: 0.002 | F107: 0.003 | G107: 0.004 | H107: 0.005 | I107: 0.006 | J107: 0.007 | K107: 0.008 | L107: 0.009 | M107: 0.01 | N107: 0.011 | O107: 0.012 | P107: 0.013 | Q107: 0.014 | R107: 0.015 | S107: 0.016 | T107: 0.017 | U107: 0.018 | V107: 0.019 | W107: 0.02 | X107: 0.021 | Y107: 0.022 | Z107: 0.023 | AA107: 0.024 | AB107: 0.025 | AC107: 0.026 | AD107: 0.027 | AE107: 0.028 | AF107: 0.029 | AG107: 0.03 | AH107: 0.031 | AI107: 0.032 | AJ107: 0.033 | AK107: 0.034 | AL107: 0.035 | AM107: 0.036 | AN107: 0.037 | AO107: 0.038 | AP107: 0.039 | AQ107: 0.04 | AR107: 0.041 | AS107: 0.042 | AT107: 0.043 | AU107: 0.044 | AV107: 0.045 | AW107: 0.046 | AX107: 0.047 | AY107: 0.048 | AZ107: 0.049 | BA107: 0.05 | BB107: 0.051 | BC107: 0.052 | BD107: 0.053 | BE107: 0.054 | BF107: 0.055 | BG107: 0.056 | BH107: 0.057 | BI107: 0.058 | BJ107: 0.059 | BK107: 0.06 | BL107: 0.061 | BM107: 0.062 | BN107: 0.063 | BO107: 0.064 | BP107: 0.065 | BQ107: 0.066 | BR107: 0.067 | BS107: 0.068 | BT107: 0.069 | BU107: 0.07 | BV107: 0.071 | BW107: 0.072 | BX107: 0.073 | BY107: 0.074 | BZ107: 0.075 | CA107: 0.076 | CB107: 0.077 | CC107: 0.078 | CD107: 0.079 | CE107: 0.08 | CF107: 0.081 | CG107: 0.082 | CH107: 0.083 | CI107: 0.084 | CJ107: 0.085 | CK107: 0.086 | CL107: 0.087 | CM107: 0.088 | CN107: 0.089 | CO107: 0.09 | CP107: 0.091 | CQ107: 0.092 | CR107: 0.093 | CS107: 0.094 | CT107: 0.095 | CU107: 0.096 | CV107: 0.097 | CW107: 0.098 | CX107: 0.099 | CY107: 0.1 | CZ107: 0.101 | DA107: 0.102 | DB107: 0.103 | DC107: 0.104 | DD107: 0.105 | DE107: 0.106 | DF107: 0.107 | DG107: 0.108 | DH107: 0.109 | DI107: 0.11 | DJ107: 0.111 | DK107: 0.112 | DL107: 0.113 | DM107: 0.114 | DN107: 0.115 | DO107: 0.116 | DP107: 0.117 | DQ107: 0.118 | DR107: 0.119 | DS107: 0.12 | DT107: 0.121 | DU107: 0.122 | DV107: 0.123 | DW107: 0.124 | DX107: 0.125 | DY107: 0.126 | DZ107: 0.127 | EA107: 0.128 | EB107: 0.129 | EC107: 0.13 | ED107: 0.131 | EE107: 0.132 | EF107: 0.133 | EG107: 0.134 | EH107: 0.135 | EI107: 0.136 | EJ107: 0.137 | EK107: 0.138 | EL107: 0.139 | EM107: 0.14 | EN107: 0.141 | EO107: 0.142 | EP107: 0.143 | EQ107: 0.144 | ER107: 0.145 | ES107: 0.146 | ET107: 0.147 | EU107: 0.148 | EV107: 0.149 | EW107: 0.15 | EX107: 0.151 | EY107: 0.152 | EZ107: 0.153 | FA107: 0.154 | FB107: 0.155 | FC107: 0.156 | FD107: 0.157 | FE107: 0.158 | FF107: 0.159 | FG107: 0.16 | FH107: 0.161 | FI107: 0.162 | FJ107: 0.163 | FK107: 0.164 | FL107: 0.165 | FM107: 0.166 | FN107: 0.167 | FO107: 0.168 | FP107: 0.169 | FQ107: 0.17 | FR107: 0.171 | FS107: 0.172 | FT107: 0.173 | FU107: 0.174 | FV107: 0.175 | FW107: 0.176 | FX107: 0.177 | FY107: 0.178 | FZ107: 0.179 | GA107: 0.18 | GB107: 0.181 | GC107: 0.182 | GD107: 0.183 | GE107: 0.184 | GF107: 0.185 | GG107: 0.186 | GH107: 0.187 | GI107: 0.188 | GJ107: 0.189 | GK107: 0.19 | GL107: 0.191 | GM107: 0.192 | GN107: 0.193 | GO107: 0.194 | GP107: 0.195 | GQ107: 0.196 | GR107: 0.197 | GS107: 0.198 | GT107: 0.199 | GU107: 0.2 | GV107: 0.201 | GW107: 0.202 | GX107: 0.203 | GY107: 0.204 | GZ107: 0.205 | HA107: 0.206 | HB107: 0.207 | HC107: 0.208 | HD107: 0.209 | HE107: 0.21 | HF107: 0.211 | HG107: 0.212 | HH107: 0.213 | HI107: 0.214 | HJ107: 0.215 | HK107: 0.216 | HL107: 0.217 | HM107: 0.218 | HN107: 0.219 | HO107: 0.22 | HP107: 0.221 | HQ107: 0.222 | HR107: 0.223 | HS107: 0.224 | HT107: 0.225 | HU107: 0.226 | HV107: 0.227 | HW107: 0.228 | HX107: 0.229 | HY107: 0.23 | HZ107: 0.231 | IA107: 0.232 | IB107: 0.233 | IC107: 0.234 | ID107: 0.235 | IE107: 0.236 | IF107: 0.237 | IG107: 0.238 | IH107: 0.239 | II107: 0.24 | IJ107: 0.241 | IK107: 0.242 | IL107: 0.243 | IM107: 0.244 | IN107: 0.245 | IO107: 0.246 | IP107: 0.247 | IQ107: 0.248 | IR107: 0.249 | IS107: 0.25 | IT107: 0.251 | IU107: 0.252 | IV107: 0.253 | IW107: 0.254 | IX107: 0.255 | IY107: 0.256 | IZ107: 0.257 | JA107: 0.258 | JB107: 0.259 | JC107: 0.26 | JD107: 0.261 | JE107: 0.262 | JF107: 0.263 | JG107: 0.264 | JH107: 0.265 | JI107: 0.266 | JJ107: 0.267 | JK107: 0.268 | JL107: 0.269 | JM107: 0.27 | JN107: 0.271 | JO107: 0.272 | JP107: 0.273 | JQ107: 0.274 | JR107: 0.275 | JS107: 0.276 | JT107: 0.277 | JU107: 0.278 | JV107: 0.279 | JW107: 0.28 | JX107: 0.281 | JY107: 0.282 | JZ107: 0.283 | KA107: 0.284 | KB107: 0.285 | KC107: 0.286 | KD107: 0.287 | KE107: 0.288 | KF107: 0.289 | KG107: 0.29 | KH107: 0.291 | KI107: 0.292 | KJ107: 0.293 | KK107: 0.294 | KL107: 0.295 | KM107: 0.296 | KN107: 0.297 | KO107: 0.298 | KP107: 0.299 | KQ107: 0.3 | KR107: 0.301 | KS107: 0.302 | KT107: 0.303 | KU107: 0.304 | KV107: 0.305 | KW107: 0.306 | KX107: 0.307 | KY107: 0.308 | KZ107: 0.309 | LA107: 0.31 | LB107: 0.311 | LC107: 0.312 | LD107: 0.313 | LE107: 0.314 | LF107: 0.315 | LG107: 0.316 | LH107: 0.317 | LI107: 0.318 | LJ107: 0.319 | LK107: 0.32 | LL107: 0.321 | LM107: 0.322 | LN107: 0.323 | LO107: 0.324 | LP107: 0.325 | LQ107: 0.326 | LR107: 0.327 | LS107: 0.328 | LT107: 0.329 | LU107: 0.33 | LV107: 0.331 | LW107: 0.332 | LX107: 0.333 | LY107: 0.334 | LZ107: 0.335 | MA107: 0.336
A108: N | C108: 0 | D108: =$C108+(($M108-$C108)/($M$107-$C$107))*(D$107-$C$107) -> 0.008 | E108: =$C108+(($M108-$C108)/($M$107-$C$107))*(E$107-$C$107) -> 0.016 | F108: =$C108+(($M108-$C108)/($M$107-$C$107))*(F$107-$C$107) -> 0.024 | G108: =$C108+(($M108-$C108)/($M$107-$C$107))*(G$107-$C$107) -> 0.032 | H108: =$C108+(($M108-$C108)/($M$107-$C$107))*(H$107-$C$107) -> 0.04 | I108: =$C108+(($M108-$C108)/($M$107-$C$107))*(I$107-$C$107) -> 0.048 | J108: =$C108+(($M108-$C108)/($M$107-$C$107))*(J$107-$C$107) -> 0.056 | K108: =$C108+(($M108-$C108)/($M$107-$C$107))*(K$107-$C$107) -> 0.064 | L108: =$C108+(($M108-$C108)/($M$107-$C$107))*(L$107-$C$107) -> 0.072 | M108: 0.08 | N108: =$M108+(($W108-$M108)/($W$107-$M$107))*(N$107-$M$107) -> 0.0735 | O108: =$M108+(($W108-$M108)/($W$107-$M$107))*(O$107-$M$107) -> 0.067 | P108: =$M108+(($W108-$M108)/($W$107-$M$107))*(P$107-$M$107) -> 0.0605 | Q108: =$M108+(($W108-$M108)/($W$107-$M$107))*(Q$107-$M$107) -> 0.054 | R108: =$M108+(($W108-$M108)/($W$107-$M$107))*(R$107-$M$107) -> 0.0475 | S108: =$M108+(($W108-$M108)/($W$107-$M$107))*(S$107-$M$107) -> 0.041 | T108: =$M108+(($W108-$M108)/($W$107-$M$107))*(T$107-$M$107) -> 0.0345 | U108: =$M108+(($W108-$M108)/($W$107-$M$107))*(U$107-$M$107) -> 0.028 | V108: =$M108+(($W108-$M108)/($W$107-$M$107))*(V$107-$M$107) -> 0.0215 | W108: 0.015 | X108: =$W108+(($AG108-$W108)/($AG$107-$W$107))*(X$107-$W$107) -> 0.0156 | Y108: =$W108+(($AG108-$W108)/($AG$107-$W$107))*(Y$107-$W$107) -> 0.0162 | Z108: =$W108+(($AG108-$W108)/($AG$107-$W$107))*(Z$107-$W$107) -> 0.0168 | AA108: =$W108+(($AG108-$W108)/($AG$107-$W$107))*(AA$107-$W$107) -> 0.0174 | AB108: =$W108+(($AG108-$W108)/($AG$107-$W$107))*(AB$107-$W$107) -> 0.018 | AC108: =$W108+(($AG108-$W108)/($AG$107-$W$107))*(AC$107-$W$107) -> 0.0186 | AD108: =$W108+(($AG108-$W108)/($AG$107-$W$107))*(AD$107-$W$107) -> 0.0192 | AE108: =$W108+(($AG108-$W108)/($AG$107-$W$107))*(AE$107-$W$107) -> 0.0198 | AF108: =$W108+(($AG108-$W108)/($AG$107-$W$107))*(AF$107-$W$107) -> 0.0204 | AG108: 0.021 | AH108: =$AG108+(($AQ108-$AG108)/($AQ$107-$AG$107))*(AH$107-$AG$107) -> 0.0217 | AI108: =$AG108+(($AQ108-$AG108)/($AQ$107-$AG$107))*(AI$107-$AG$107) -> 0.0224 | AJ108: =$AG108+(($AQ108-$AG108)/($AQ$107-$AG$107))*(AJ$107-$AG$107) -> 0.0231 | AK108: =$AG108+(($AQ108-$AG108)/($AQ$107-$AG$107))*(AK$107-$AG$107) -> 0.0238 | AL108: =$AG108+(($AQ108-$AG108)/($AQ$107-$AG$107))*(AL$107-$AG$107) -> 0.0245 | AM108: =$AG108+(($AQ108-$AG108)/($AQ$107-$AG$107))*(AM$107-$AG$107) -> 0.0252 | AN108: =$AG108+(($AQ108-$AG108)/($AQ$107-$AG$107))*(AN$107-$AG$107) -> 0.0259 | AO108: =$AG108+(($AQ108-$AG108)/($AQ$107-$AG$107))*(AO$107-$AG$107) -> 0.0266 | AP108: =$AG108+(($AQ108-$AG108)/($AQ$107-$AG$107))*(AP$107-$AG$107) -> 0.0273 | AQ108: 0.028 | AR108: =$AQ108+(($BA108-$AQ108)/($BA$107-$AQ$107))*(AR$107-$AQ$107) -> 0.0285 | AS108: =$AQ108+(($BA108-$AQ108)/($BA$107-$AQ$107))*(AS$107-$AQ$107) -> 0.029 | AT108: =$AQ108+(($BA108-$AQ108)/($BA$107-$AQ$107))*(AT$107-$AQ$107) -> 0.0295 | AU108: =$AQ108+(($BA108-$AQ108)/($BA$107-$AQ$107))*(AU$107-$AQ$107) -> 0.03 | AV108: =$AQ108+(($BA108-$AQ108)/($BA$107-$AQ$107))*(AV$107-$AQ$107) -> 0.0305 | AW108: =$AQ108+(($BA108-$AQ108)/($BA$107-$AQ$107))*(AW$107-$AQ$107) -> 0.031 | AX108: =$AQ108+(($BA108-$AQ108)/($BA$107-$AQ$107))*(AX$107-$AQ$107) -> 0.0315 | AY108: =$AQ108+(($BA108-$AQ108)/($BA$107-$AQ$107))*(AY$107-$AQ$107) -> 0.032 | AZ108: =$AQ108+(($BA108-$AQ108)/($BA$107-$AQ$107))*(AZ$107-$AQ$107) -> 0.0325 | BA108: 0.033 | BB108: =$BA108+(($BK108-$BA108)/($BK$107-$BA$107))*(BB$107-$BA$107) -> 0.0336 | BC108: =$BA108+(($BK108-$BA108)/($BK$107-$BA$107))*(BC$107-$BA$107) -> 0.0342 | BD108: =$BA108+(($BK108-$BA108)/($BK$107-$BA$107))*(BD$107-$BA$107) -> 0.0348 | BE108: =$BA108+(($BK108-$BA108)/($BK$107-$BA$107))*(BE$107-$BA$107) -> 0.0354 | BF108: =$BA108+(($BK108-$BA108)/($BK$107-$BA$107))*(BF$107-$BA$107) -> 0.036 | BG108: =$BA108+(($BK108-$BA108)/($BK$107-$BA$107))*(BG$107-$BA$107) -> 0.0366 | BH108: =$BA108+(($BK108-$BA108)/($BK$107-$BA$107))*(BH$107-$BA$107) -> 0.0372 | BI108: =$BA108+(($BK108-$BA108)/($BK$107-$BA$107))*(BI$107-$BA$107) -> 0.0378 | BJ108: =$BA108+(($BK108-$BA108)/($BK$107-$BA$107))*(BJ$107-$BA$107) -> 0.0384 | BK108: 0.039 | BL108: =$BK108+(($BU108-$BK108)/($BU$107-$BK$107))*(BL$107-$BK$107) -> 0.0395 | BM108: =$BK108+(($BU108-$BK108)/($BU$107-$BK$107))*(BM$107-$BK$107) -> 0.04 | BN108: =$BK108+(($BU108-$BK108)/($BU$107-$BK$107))*(BN$107-$BK$107) -> 0.0405 | BO108: =$BK108+(($BU108-$BK108)/($BU$107-$BK$107))*(BO$107-$BK$107) -> 0.041 | BP108: =$BK108+(($BU108-$BK108)/($BU$107-$BK$107))*(BP$107-$BK$107) -> 0.0415 | BQ108: =$BK108+(($BU108-$BK108)/($BU$107-$BK$107))*(BQ$107-$BK$107) -> 0.042 | BR108: =$BK108+(($BU108-$BK108)/($BU$107-$BK$107))*(BR$107-$BK$107) -> 0.0425 | BS108: =$BK108+(($BU108-$BK108)/($BU$107-$BK$107))*(BS$107-$BK$107) -> 0.043 | BT108: =$BK108+(($BU108-$BK108)/($BU$107-$BK$107))*(BT$107-$BK$107) -> 0.0435 | BU108: 0.044 | BV108: =$BU108+(($CE108-$BU108)/($CE$107-$BU$107))*(BV$107-$BU$107) -> 0.0444 | BW108: =$BU108+(($CE108-$BU108)/($CE$107-$BU$107))*(BW$107-$BU$107) -> 0.0448 | BX108: =$BU108+(($CE108-$BU108)/($CE$107-$BU$107))*(BX$107-$BU$107) -> 0.0452 | BY108: =$BU108+(($CE108-$BU108)/($CE$107-$BU$107))*(BY$107-$BU$107) -> 0.0456 | BZ108: =$BU108+(($CE108-$BU108)/($CE$107-$BU$107))*(BZ$107-$BU$107) -> 0.046 | CA108: =$BU108+(($CE108-$BU108)/($CE$107-$BU$107))*(CA$107-$BU$107) -> 0.0464 | CB108: =$BU108+(($CE108-$BU108)/($CE$107-$BU$107))*(CB$107-$BU$107) -> 0.0468 | CC108: =$BU108+(($CE108-$BU108)/($CE$107-$BU$107))*(CC$107-$BU$107) -> 0.0472 | CD108: =$BU108+(($CE108-$BU108)/($CE$107-$BU$107))*(CD$107-$BU$107) -> 0.0476 | CE108: 0.048 | CF108: =$CE108+(($CO108-$CE108)/($CO$107-$CE$107))*(CF$107-$CE$107) -> 0.0485 | CG108: =$CE108+(($CO108-$CE108)/($CO$107-$CE$107))*(CG$107-$CE$107) -> 0.049 | CH108: =$CE108+(($CO108-$CE108)/($CO$107-$CE$107))*(CH$107-$CE$107) -> 0.0495 | CI108: =$CE108+(($CO108-$CE108)/($CO$107-$CE$107))*(CI$107-$CE$107) -> 0.05 | CJ108: =$CE108+(($CO108-$CE108)/($CO$107-$CE$107))*(CJ$107-$CE$107) -> 0.0505 | CK108: =$CE108+(($CO108-$CE108)/($CO$107-$CE$107))*(CK$107-$CE$107) -> 0.051 | CL108: =$CE108+(($CO108-$CE108)/($CO$107-$CE$107))*(CL$107-$CE$107) -> 0.0515 | CM108: =$CE108+(($CO108-$CE108)/($CO$107-$CE$107))*(CM$107-$CE$107) -> 0.052 | CN108: =$CE108+(($CO108-$CE108)/($CO$107-$CE$107))*(CN$107-$CE$107) -> 0.0525 | CO108: 0.053 | CP108: =$CO108+(($CY108-$CO108)/($CY$107-$CO$107))*(CP$107-$CO$107) -> 0.0534 | CQ108: =$CO108+(($CY108-$CO108)/($CY$107-$CO$107))*(CQ$107-$CO$107) -> 0.0538 | CR108: =$CO108+(($CY108-$CO108)/($CY$107-$CO$107))*(CR$107-$CO$107) -> 0.0542 | CS108: =$CO108+(($CY108-$CO108)/($CY$107-$CO$107))*(CS$107-$CO$107) -> 0.0546 | CT108: =$CO108+(($CY108-$CO108)/($CY$107-$CO$107))*(CT$107-$CO$107) -> 0.055 | CU108: =$CO108+(($CY108-$CO108)/($CY$107-$CO$107))*(CU$107-$CO$107) -> 0.0554 | CV108: =$CO108+(($CY108-$CO108)/($CY$107-$CO$107))*(CV$107-$CO$107) -> 0.0558 | CW108: =$CO108+(($CY108-$CO108)/($CY$107-$CO$107))*(CW$107-$CO$107) -> 0.0562 | CX108: =$CO108+(($CY108-$CO108)/($CY$107-$CO$107))*(CX$107-$CO$107) -> 0.0566 | CY108: 0.057 | CZ108: =$CY108+(($GU108-$CY108)/($GU$107-$CY$107))*(CZ$107-$CY$107) -> 0.05732 | DA108: =$CY108+(($GU108-$CY108)/($GU$107-$CY$107))*(DA$107-$CY$107) -> 0.05764 | DB108: =$CY108+(($GU108-$CY108)/($GU$107-$CY$107))*(DB$107-$CY$107) -> 0.05796 | DC108: =$CY108+(($GU108-$CY108)/($GU$107-$CY$107))*(DC$107-$CY$107) -> 0.05828 | DD108: =$CY108+(($GU108-$CY108)/($GU$107-$CY$107))*(DD$107-$CY$107) -> 0.0586 | DE108: =$CY108+(($GU108-$CY108)/($GU$107-$CY$107))*(DE$107-$CY$107) -> 0.05892 | DF108: =$CY108+(($GU108-$CY108)/($GU$107-$CY$107))*(DF$107-$CY$107) -> 0.05924 | DG108: =$CY108+(($GU108-$CY108)/($GU$107-$CY$107))*(DG$107-$CY$107) -> 0.05956 | ... GT108: =$CY108+(($GU108-$CY108)/($GU$107-$CY$107))*(GT$107-$CY$107) -> 0.08868 | GU108: 0.089 | GV108: =$GU108+(($KQ108-$GU108)/($KQ$107-$GU$107))*(GV$107-$GU$107) -> 0.0892 | GW108: =$GU108+(($KQ108-$GU108)/($KQ$107-$GU$107))*(GW$107-$GU$107) -> 0.0894 | GX108: =$GU108+(($KQ108-$GU108)/($KQ$107-$GU$107))*(GX$107-$GU$107) -> 0.0896 | GY108: =$GU108+(($KQ108-$GU108)/($KQ$107-$GU$107))*(GY$107-$GU$107) -> 0.0898 | GZ108: =$GU108+(($KQ108-$GU108)/($KQ$107-$GU$107))*(GZ$107-$GU$107) -> 0.09 | HA108: =$GU108+(($KQ108-$GU108)/($KQ$107-$GU$107))*(HA$107-$GU$107) -> 0.0902 | HB108: =$GU108+(($KQ108-$GU108)/($KQ$107-$GU$107))*(HB$107-$GU$107) -> 0.0904 | HC108: =$GU108+(($KQ108-$GU108)/($KQ$107-$GU$107))*(HC$107-$GU$107) -> 0.0906 | ... KP108: =$GU108+(($KQ108-$GU108)/($KQ$107-$GU$107))*(KP$107-$GU$107) -> 0.1088 | KQ108: 0.109

Sheet Train Operating Costs
A1: Economic Competitiveness - Vehicles
A2: ='BCA Summary'!A2 -> US 85/120th Avenue Grade-Separation and Interchange Project
E4: ='Summary of Benefits'!E4 -> 2015 | F4: ='Summary of Benefits'!F4 -> 2016 | G4: ='Summary of Benefits'!G4 -> 2017 | H4: ='Summary of Benefits'!H4 -> 2018 | I4: ='Summary of Benefits'!I4 -> 2019 | J4: ='Summary of Benefits'!J4 -> 2020 | K4: ='Summary of Benefits'!K4 -> 2021 | L4: ='Summary of Benefits'!L4 -> 2022 | ... AS4: ='Summary of Benefits'!AS4 -> 2055
A5: ='BCA Summary'!A2&" Freight Train Idling Benefits" -> US 85/120th Avenue Grade-Separation and Interchange Project Freight Train Idling Benefits
B6: ="Baseline (No "&'BCA Summary'!$E$1&" Grant) Benefits" -> Baseline (No BUILD Grant Grant) Benefits | E6: ='Timeline & Costs'!E$8 -> No | F6: ='Timeline & Costs'!F$8 -> No | G6: ='Timeline & Costs'!G$8 -> No | H6: ='Timeline & Costs'!H$8 -> No | I6: ='Timeline & Costs'!I$8 -> No | J6: ='Timeline & Costs'!J$8 -> No | K6: ='Timeline & Costs'!K$8 -> No | L6: ='Timeline & Costs'!L$8 -> No | ... AS6: ='Timeline & Costs'!AS$8 -> No
B7: ="Preferred (With "&'BCA Summary'!$E$1&" Grant) Benefits" -> Preferred (With BUILD Grant Grant) Benefits | E7: ='Timeline & Costs'!E17 -> 0 | F7: ='Timeline & Costs'!F17 -> 0 | G7: ='Timeline & Costs'!G17 -> 0 | H7: ='Timeline & Costs'!H17 -> No | I7: ='Timeline & Costs'!I17 -> No | J7: ='Timeline & Costs'!J17 -> No | K7: ='Timeline & Costs'!K17 -> No | L7: ='Timeline & Costs'!L17 -> No | ... AS7: ='Timeline & Costs'!AS17 -> Yes
A9: Train Rail Crossing Delay Savings - 120th Avenue Grade Separation & 124th Avenue Partial Closure
B10: ="Baseline (No "&'BCA Summary'!$E$1&" Grant) Benefits" -> Baseline (No BUILD Grant Grant) Benefits | E10: =E6 -> No | F10: =F6 -> No | G10: =G6 -> No | H10: =H6 -> No | I10: =I6 -> No | J10: =J6 -> No | K10: =K6 -> No | L10: =L6 -> No | ... AS10: =AS6 -> No
B11: ="Preferred (With "&'BCA Summary'!$E$1&" Grant) Benefits" -> Preferred (With BUILD Grant Grant) Benefits | E11: =E7 -> 0 | F11: =F7 -> 0 | G11: =G7 -> 0 | H11: =H7 -> No | I11: =I7 -> No | J11: =J7 -> No | K11: =K7 -> No | L11: =L7 -> No | ... AS11: =AS7 -> Yes
B13: ="BASELINE (No "&'BCA Summary'!E1&") total annual train delay at crossings, hrs" -> BASELINE (No BUILD Grant) total annual train delay at crossings, hrs | E13: =($H$35+$H$39)*$E$23 -> 544.33758 | F13: =($H$35+$H$39)*$E$23 -> 544.33758 | G13: =($H$35+$H$39)*$E$23 -> 544.33758 | H13: =($H$35+$H$39)*$E$23 -> 544.33758 | I13: =($H$35+$H$39)*$E$23 -> 544.33758 | J13: =($H$35+$H$39)*$E$23 -> 544.33758 | K13: =($H$35+$H$39)*$E$23 -> 544.33758 | L13: =($H$35+$H$39)*$E$23 -> 544.33758 | ... AS13: =($H$35+$H$39)*$E$23 -> 544.33758
B14: ="PREFERRED (With "&'BCA Summary'!E1&") total annual train delay at crossing, hrs" -> PREFERRED (With BUILD Grant) total annual train delay at crossing, hrs | E14: =($H$36+$H$40)*$E$23 -> 318.34091 | F14: =($H$36+$H$40)*$E$23 -> 318.34091 | G14: =($H$36+$H$40)*$E$23 -> 318.34091 | H14: =($H$36+$H$40)*$E$23 -> 318.34091 | I14: =($H$36+$H$40)*$E$23 -> 318.34091 | J14: =($H$36+$H$40)*$E$23 -> 318.34091 | K14: =($H$36+$H$40)*$E$23 -> 318.34091 | L14: =($H$36+$H$40)*$E$23 -> 318.34091 | ... AS14: =($H$36+$H$40)*$E$23 -> 318.34091
A17: ="BASELINE (No "&'BCA Summary'!E1&") total annual train delay at crossings, hrs" -> BASELINE (No BUILD Grant) total annual train delay at crossings, hrs | E17: =E13 -> 544.33758 | F17: =F13 -> 544.33758 | G17: =G13 -> 544.33758 | H17: =H13 -> 544.33758 | I17: =I13 -> 544.33758 | J17: =J13 -> 544.33758 | K17: =K13 -> 544.33758 | L17: =L13 -> 544.33758 | ... AS17: =AS13 -> 544.33758
A18: ="PREFERRED (With "&'BCA Summary'!E1&") total annual train delay at crossing, hrs" -> PREFERRED (With BUILD Grant) total annual train delay at crossing, hrs | E18: =IF(E11="Yes",E14,E17) -> 544.33758 | F18: =IF(F11="Yes",F14,F17) -> 544.33758 | G18: =IF(G11="Yes",G14,G17) -> 544.33758 | H18: =IF(H11="Yes",H14,H17) -> 544.33758 | I18: =IF(I11="Yes",I14,I17) -> 544.33758 | J18: =IF(J11="Yes",J14,J17) -> 544.33758 | K18: =IF(K11="Yes",K14,K17) -> 544.33758 | L18: =IF(L11="Yes",L14,L17) -> 544.33758 | ... AS18: =IF(AS11="Yes",AS14,AS17) -> 318.34091
A19: DIFFERENCE | E19: =E17-E18 -> 0 | F19: =F17-F18 -> 0 | G19: =G17-G18 -> 0 | H19: =H17-H18 -> 0 | I19: =I17-I18 -> 0 | J19: =J17-J18 -> 0 | K19: =K17-K18 -> 0 | L19: =L17-L18 -> 0 | ... AS19: =AS17-AS18 -> 225.99667
A22: Assumptions & Calculations
A23: Annualization for NFR Model | E23: ='Summary of Benefits'!D168 -> 345 | F23: days
A25: Rail Crossing Delay Savings - 120th Avenue Grade Separation & 124th Avenue Closure
A26: 120th Avenue | E26: 2019 ADT | F26: 2040 Traffic Volume | G26: Avg. Train Speed (mph) | H26: Avg. Blockage per Train (min) | I26: Volume (trains/day) | J26: Gate Down (hrs/day) | K26: % of day | L26: Hours of Vehicular Delay | M26: Hours of Vehicular Delay | N26: Percent Trucks
B27: Base Case | E27: 11050 | F27: 16750 | G27: =$F$39 -> 20.5 | H27: =E28/(G27*5280/60) -> 4.4345898 | I27: =E39 -> 11.2 | J27: =H27*I27*(1/60) -> 0.8277901 | K27: =J27/24 -> 0.034491254 | L27: =E27*K27*(J27/2) -> 157.74714 | M27: =F27*K27*(J27/2) -> 239.11897 | N27: =Traffic!D133 -> 0.026935769 | O27: Source: 24- hour Functional Classification Counts on 120th Avenue E/O US 85 near the RR-Crossing (6/2/2016)
D28: Average Train Length | E28: 8000 | F28: ft | G28: Source: UPRR | M28: Combined Truck Average: | N28: =Traffic!D133 -> 0.026935769
A30: Train Delay at the Rail Crossings
A31: 124th Avenue - Local Service and Switching
B32: Local Service - Switching Time at 124th Avenue Coop | E32: 45 | F32: minutes | G32: Source: UPRR
B33: Switching Time Savings Under Preferred Case | E33: 10 | F33: minutes | G33: Source: UPRR
A34: 124th Avenue - Local Service and Switching | E34: Volume (trains/day) | F34: Switching Time (min) | G34: Avg. Time to Clear 124th (min) | H34: Daily Switching Time (hr)
B35: Base Case | E35: 1 | F35: =E32 -> 45 | G35: =E35*F35 -> 45 | H35: =G35/60 -> 0.75
B36: Preferred Case | E36: 1 | F36: =F35-E33 -> 35 | G36: =E36*F36 -> 35 | H36: =G36/60 -> 0.58333333
A38: 120th Avenue - Elimination of At-Grade Crossing Resulting in Higher Average Speeds | E38: Volume (trains/day) | F38: Avg. Train Speed (mph) | G38: Avg. Time to Clear 120th (min) | H38: Avg. Daily Clearance Time (hr)
B39: Base Case | E39: 11.2 | F39: 20.5 | G39: =E28/(F39*5280/60) -> 4.4345898 | H39: =(E39*G39)/60 -> 0.8277901
B40: Preferred Case | E40: 11.2 | F40: 50 | G40: =E28/(F40*5280/60) -> 1.8181818 | H40: =(E40*G40)/60 -> 0.33939394
G41: Source: UPRR - up to 60 miles per hour with grade separation

Sheet Travel Time Savings
A1: Economic Competitiveness - Vehicles
A2: ='BCA Summary'!A2 -> US 85/120th Avenue Grade-Separation and Interchange Project
E4: ='Summary of Benefits'!E4 -> 2015 | F4: ='Summary of Benefits'!F4 -> 2016 | G4: ='Summary of Benefits'!G4 -> 2017 | H4: ='Summary of Benefits'!H4 -> 2018 | I4: ='Summary of Benefits'!I4 -> 2019 | J4: ='Summary of Benefits'!J4 -> 2020 | K4: ='Summary of Benefits'!K4 -> 2021 | L4: ='Summary of Benefits'!L4 -> 2022 | ... AS4: ='Summary of Benefits'!AS4 -> 2055
A5: ='BCA Summary'!A2&" Intersection Delay" -> US 85/120th Avenue Grade-Separation and Interchange Project Intersection Delay
B6: ="Baseline (No "&'BCA Summary'!$E$1&" Grant) Benefits" -> Baseline (No BUILD Grant Grant) Benefits | E6: ='Timeline & Costs'!E$8 -> No | F6: ='Timeline & Costs'!F$8 -> No | G6: ='Timeline & Costs'!G$8 -> No | H6: ='Timeline & Costs'!H$8 -> No | I6: ='Timeline & Costs'!I$8 -> No | J6: ='Timeline & Costs'!J$8 -> No | K6: ='Timeline & Costs'!K$8 -> No | L6: ='Timeline & Costs'!L$8 -> No | ... AS6: ='Timeline & Costs'!AS$8 -> No
B7: ="Preferred (With "&'BCA Summary'!$E$1&" Grant) Benefits" -> Preferred (With BUILD Grant Grant) Benefits | E7: ='Timeline & Costs'!E17 -> 0 | F7: ='Timeline & Costs'!F17 -> 0 | G7: ='Timeline & Costs'!G17 -> 0 | H7: ='Timeline & Costs'!H17 -> No | I7: ='Timeline & Costs'!I17 -> No | J7: ='Timeline & Costs'!J17 -> No | K7: ='Timeline & Costs'!K17 -> No | L7: ='Timeline & Costs'!L17 -> No | ... AS7: ='Timeline & Costs'!AS17 -> Yes
A9: ="BASELINE (No "&'BCA Summary'!$E$1&") total annual truck stopped delay, hrs" -> BASELINE (No BUILD Grant) total annual truck stopped delay, hrs | E9: =Traffic!D122 -> 4658.6523 | F9: =Traffic!E122 -> 5048.5055 | G9: =Traffic!F122 -> 5455.4327 | H9: =Traffic!G122 -> 5879.4339 | I9: =Traffic!H122 -> 6320.5091 | J9: =Traffic!I122 -> 6778.6582 | K9: =Traffic!J122 -> 7253.8812 | L9: =Traffic!K122 -> 7746.1783 | ... AS9: =Traffic!AR122 -> 33570.478
A10: ="PREFERRED (With "&'BCA Summary'!$E$1&") total annual truck stopped delay, hrs" -> PREFERRED (With BUILD Grant) total annual truck stopped delay, hrs | E10: =Traffic!D123 -> 4658.6523 | F10: =Traffic!E123 -> 5048.5055 | G10: =Traffic!F123 -> 5455.4327 | H10: =Traffic!G123 -> 5879.4339 | I10: =Traffic!H123 -> 6320.5091 | J10: =Traffic!I123 -> 6778.6582 | K10: =Traffic!J123 -> 7253.8812 | L10: =Traffic!K123 -> 7746.1783 | ... AS10: =Traffic!AR123 -> 5496.8563
A11: DIFFERENCE | E11: =E9-E10 -> 0 | F11: =F9-F10 -> 0 | G11: =G9-G10 -> 0 | H11: =H9-H10 -> 0 | I11: =I9-I10 -> 0 | J11: =J9-J10 -> 0 | K11: =K9-K10 -> 0 | L11: =L9-L10 -> 0 | ... AS11: =AS9-AS10 -> 28073.622
A13: ="BASELINE (No "&'BCA Summary'!$E$1&") total annual passenger vehicle stopped delay, hrs" -> BASELINE (No BUILD Grant) total annual passenger vehicle stopped delay, hrs | E13: =Traffic!D126 -> 86259.629 | F13: =Traffic!E126 -> 98102.182 | G13: =Traffic!F126 -> 109927.66 | H13: =Traffic!G126 -> 121736.07 | I13: =Traffic!H126 -> 133527.4 | J13: =Traffic!I126 -> 145301.65 | K13: =Traffic!J126 -> 157058.84 | L13: =Traffic!K126 -> 168798.95 | ... AS13: =Traffic!AR126 -> 546644.05
A14: ="PREFERRED (With "&'BCA Summary'!$E$1&") total annual passenger vehicle stopped delay, hrs" -> PREFERRED (With BUILD Grant) total annual passenger vehicle stopped delay, hrs | E14: =Traffic!D127 -> 86259.629 | F14: =Traffic!E127 -> 98102.182 | G14: =Traffic!F127 -> 109927.66 | H14: =Traffic!G127 -> 121736.07 | I14: =Traffic!H127 -> 133527.4 | J14: =Traffic!I127 -> 145301.65 | K14: =Traffic!J127 -> 157058.84 | L14: =Traffic!K127 -> 168798.95 | ... AS14: =Traffic!AR127 -> 68982.926
A15: DIFFERENCE | E15: =E13-E14 -> 0 | F15: =F13-F14 -> 0 | G15: =G13-G14 -> 0 | H15: =H13-H14 -> 0 | I15: =I13-I14 -> 0 | J15: =J13-J14 -> 0 | K15: =K13-K14 -> 0 | L15: =L13-L14 -> 0 | ... AS15: =AS13-AS14 -> 477661.13
A17: Vehicle Rail Crossing Delay Savings - 120th Avenue Grade Separation & 124th Avenue Partial Closure
B18: ="Baseline (No "&'BCA Summary'!$E$1&" Grant) Benefits" -> Baseline (No BUILD Grant Grant) Benefits | E18: =E6 -> No | F18: =F6 -> No | G18: =G6 -> No | H18: =H6 -> No | I18: =I6 -> No | J18: =J6 -> No | K18: =K6 -> No | L18: =L6 -> No | ... AS18: =AS6 -> No
B19: ="Preferred (With "&'BCA Summary'!$E$1&" Grant) Benefits" -> Preferred (With BUILD Grant Grant) Benefits | E19: =E7 -> 0 | F19: =F7 -> 0 | G19: =G7 -> 0 | H19: =H7 -> No | I19: =I7 -> No | J19: =J7 -> No | K19: =K7 -> No | L19: =L7 -> No | ... AS19: =AS7 -> Yes
B21: ="BASELINE (No "&'BCA Summary'!E1&") total annual crossing delay" -> BASELINE (No BUILD Grant) total annual crossing delay | E21: =$I21+(($AD21-$I21)/($AD$4-$I$4))*(E$4-$I$4) -> 74320.279 | F21: =$I21+(($AD21-$I21)/($AD$4-$I$4))*(F$4-$I$4) -> 76346.037 | G21: =$I21+(($AD21-$I21)/($AD$4-$I$4))*(G$4-$I$4) -> 78371.794 | H21: =$I21+(($AD21-$I21)/($AD$4-$I$4))*(H$4-$I$4) -> 80397.552 | I21: =(L46+L52)*E38 -> 82423.309 | J21: =$I21+(($AD21-$I21)/($AD$4-$I$4))*(J$4-$I$4) -> 84449.067 | K21: =$I21+(($AD21-$I21)/($AD$4-$I$4))*(K$4-$I$4) -> 86474.824 | L21: =$I21+(($AD21-$I21)/($AD$4-$I$4))*(L$4-$I$4) -> 88500.582 | M21: =$I21+(($AD21-$I21)/($AD$4-$I$4))*(M$4-$I$4) -> 90526.339 | N21: =$I21+(($AD21-$I21)/($AD$4-$I$4))*(N$4-$I$4) -> 92552.096 | O21: =$I21+(($AD21-$I21)/($AD$4-$I$4))*(O$4-$I$4) -> 94577.854 | P21: =$I21+(($AD21-$I21)/($AD$4-$I$4))*(P$4-$I$4) -> 96603.611 | Q21: =$I21+(($AD21-$I21)/($AD$4-$I$4))*(Q$4-$I$4) -> 98629.369 | ... AC21: =$I21+(($AD21-$I21)/($AD$4-$I$4))*(AC$4-$I$4) -> 122938.46 | AD21: =(M46+M52)*E38 -> 124964.22 | AE21: =$I21+(($AD21-$I21)/($AD$4-$I$4))*(AE$4-$I$4) -> 126989.97 | AF21: =$I21+(($AD21-$I21)/($AD$4-$I$4))*(AF$4-$I$4) -> 129015.73 | AG21: =$I21+(($AD21-$I21)/($AD$4-$I$4))*(AG$4-$I$4) -> 131041.49 | AH21: =$I21+(($AD21-$I21)/($AD$4-$I$4))*(AH$4-$I$4) -> 133067.25 | AI21: =$I21+(($AD21-$I21)/($AD$4-$I$4))*(AI$4-$I$4) -> 135093 | AJ21: =$I21+(($AD21-$I21)/($AD$4-$I$4))*(AJ$4-$I$4) -> 137118.76 | AK21: =$I21+(($AD21-$I21)/($AD$4-$I$4))*(AK$4-$I$4) -> 139144.52 | AL21: =$I21+(($AD21-$I21)/($AD$4-$I$4))*(AL$4-$I$4) -> 141170.28 | ... AS21: =$I21+(($AD21-$I21)/($AD$4-$I$4))*(AS$4-$I$4) -> 155350.58
B22: ="PREFERRED (With "&'BCA Summary'!E1&") total annual crossing delay" -> PREFERRED (With BUILD Grant) total annual crossing delay | E22: =$I22+(($AD22-$I22)/($AD$4-$I$4))*(E$4-$I$4) -> 573.83275 | F22: =$I22+(($AD22-$I22)/($AD$4-$I$4))*(F$4-$I$4) -> 583.55873 | G22: =$I22+(($AD22-$I22)/($AD$4-$I$4))*(G$4-$I$4) -> 593.28471 | H22: =$I22+(($AD22-$I22)/($AD$4-$I$4))*(H$4-$I$4) -> 603.01068 | I22: =E38*L50 -> 612.73666 | J22: =$I22+(($AD22-$I22)/($AD$4-$I$4))*(J$4-$I$4) -> 622.46264 | K22: =$I22+(($AD22-$I22)/($AD$4-$I$4))*(K$4-$I$4) -> 632.18862 | L22: =$I22+(($AD22-$I22)/($AD$4-$I$4))*(L$4-$I$4) -> 641.9146 | M22: =$I22+(($AD22-$I22)/($AD$4-$I$4))*(M$4-$I$4) -> 651.64058 | N22: =$I22+(($AD22-$I22)/($AD$4-$I$4))*(N$4-$I$4) -> 661.36656 | O22: =$I22+(($AD22-$I22)/($AD$4-$I$4))*(O$4-$I$4) -> 671.09254 | P22: =$I22+(($AD22-$I22)/($AD$4-$I$4))*(P$4-$I$4) -> 680.81851 | Q22: =$I22+(($AD22-$I22)/($AD$4-$I$4))*(Q$4-$I$4) -> 690.54449 | ... AC22: =$I22+(($AD22-$I22)/($AD$4-$I$4))*(AC$4-$I$4) -> 807.25624 | AD22: =M50*E38 -> 816.98222 | AE22: =$I22+(($AD22-$I22)/($AD$4-$I$4))*(AE$4-$I$4) -> 826.7082 | AF22: =$I22+(($AD22-$I22)/($AD$4-$I$4))*(AF$4-$I$4) -> 836.43417 | AG22: =$I22+(($AD22-$I22)/($AD$4-$I$4))*(AG$4-$I$4) -> 846.16015 | AH22: =$I22+(($AD22-$I22)/($AD$4-$I$4))*(AH$4-$I$4) -> 855.88613 | AI22: =$I22+(($AD22-$I22)/($AD$4-$I$4))*(AI$4-$I$4) -> 865.61211 | AJ22: =$I22+(($AD22-$I22)/($AD$4-$I$4))*(AJ$4-$I$4) -> 875.33809 | AK22: =$I22+(($AD22-$I22)/($AD$4-$I$4))*(AK$4-$I$4) -> 885.06407 | AL22: =$I22+(($AD22-$I22)/($AD$4-$I$4))*(AL$4-$I$4) -> 894.79005 | ... AS22: =$I22+(($AD22-$I22)/($AD$4-$I$4))*(AS$4-$I$4) -> 962.8719
B24: ="BASELINE (No "&'BCA Summary'!E1&") total annual crossing delay, hrs" -> BASELINE (No BUILD Grant) total annual crossing delay, hrs | E24: =E21 -> 74320.279 | F24: =F21 -> 76346.037 | G24: =G21 -> 78371.794 | H24: =H21 -> 80397.552 | I24: =I21 -> 82423.309 | J24: =J21 -> 84449.067 | K24: =K21 -> 86474.824 | L24: =L21 -> 88500.582 | ... AS24: =AS21 -> 155350.58
B25: ="PREFERRED (With "&'BCA Summary'!E1&") total annual crossing delay, hrs" -> PREFERRED (With BUILD Grant) total annual crossing delay, hrs | E25: =IF(E19="Yes",E22,E21) -> 74320.279 | F25: =IF(F19="Yes",F22,F21) -> 76346.037 | G25: =IF(G19="Yes",G22,G21) -> 78371.794 | H25: =IF(H19="Yes",H22,H21) -> 80397.552 | I25: =IF(I19="Yes",I22,I21) -> 82423.309 | J25: =IF(J19="Yes",J22,J21) -> 84449.067 | K25: =IF(K19="Yes",K22,K21) -> 86474.824 | L25: =IF(L19="Yes",L22,L21) -> 88500.582 | ... AS25: =IF(AS19="Yes",AS22,AS21) -> 962.8719
B26: DIFFERENCE | E26: =E24-E25 -> 0 | F26: =F24-F25 -> 0 | G26: =G24-G25 -> 0 | H26: =H24-H25 -> 0 | I26: =I24-I25 -> 0 | J26: =J24-J25 -> 0 | K26: =K24-K25 -> 0 | L26: =L24-L25 -> 0 | ... AS26: =AS24-AS25 -> 154387.71
A28: ="BASELINE (No "&'BCA Summary'!E1&") total annual truck stopped delay, hrs" -> BASELINE (No BUILD Grant) total annual truck stopped delay, hrs | E28: =E24*$N$53 -> 2001.8738 | F28: =F24*$N$53 -> 2056.4392 | G28: =G24*$N$53 -> 2111.0045 | H28: =H24*$N$53 -> 2165.5698 | I28: =I24*$N$53 -> 2220.1352 | J28: =J24*$N$53 -> 2274.7005 | K28: =K24*$N$53 -> 2329.2658 | L28: =L24*$N$53 -> 2383.8312 | ... AS28: =AS24*$N$53 -> 4184.4872
A29: ="PREFERRED (With "&'BCA Summary'!E1&") total annual truck stopped delay, hrs" -> PREFERRED (With BUILD Grant) total annual truck stopped delay, hrs | E29: =IF(E19="Yes",E25*$N$45,E28) -> 2001.8738 | F29: =IF(F19="Yes",F25*$N$45,F28) -> 2056.4392 | G29: =IF(G19="Yes",G25*$N$45,G28) -> 2111.0045 | H29: =IF(H19="Yes",H25*$N$45,H28) -> 2165.5698 | I29: =IF(I19="Yes",I25*$N$45,I28) -> 2220.1352 | J29: =IF(J19="Yes",J25*$N$45,J28) -> 2274.7005 | K29: =IF(K19="Yes",K25*$N$45,K28) -> 2329.2658 | L29: =IF(L19="Yes",L25*$N$45,L28) -> 2383.8312 | ... AS29: =IF(AS19="Yes",AS25*$N$45,AS28) -> 38.72079
A30: DIFFERENCE | E30: =E28-E29 -> 0 | F30: =F28-F29 -> 0 | G30: =G28-G29 -> 0 | H30: =H28-H29 -> 0 | I30: =I28-I29 -> 0 | J30: =J28-J29 -> 0 | K30: =K28-K29 -> 0 | L30: =L28-L29 -> 0 | ... AS30: =AS28-AS29 -> 4145.7664
A32: ="BASELINE (No "&'BCA Summary'!E1&") total annual passenger vehicle stopped delay, hrs" -> BASELINE (No BUILD Grant) total annual passenger vehicle stopped delay, hrs | E32: =E24-E28 -> 72318.405 | F32: =F24-F28 -> 74289.598 | G32: =G24-G28 -> 76260.79 | H32: =H24-H28 -> 78231.982 | I32: =I24-I28 -> 80203.174 | J32: =J24-J28 -> 82174.366 | K32: =K24-K28 -> 84145.558 | L32: =L24-L28 -> 86116.75 | ... AS32: =AS24-AS28 -> 151166.09
A33: ="PREFERRED (With "&'BCA Summary'!E1&") total annual passenger vehicle stopped delay, hrs" -> PREFERRED (With BUILD Grant) total annual passenger vehicle stopped delay, hrs | E33: =E25-E29 -> 72318.405 | F33: =F25-F29 -> 74289.598 | G33: =G25-G29 -> 76260.79 | H33: =H25-H29 -> 78231.982 | I33: =I25-I29 -> 80203.174 | J33: =J25-J29 -> 82174.366 | K33: =K25-K29 -> 84145.558 | L33: =L25-L29 -> 86116.75 | ... AS33: =AS25-AS29 -> 924.15111
A34: DIFFERENCE | E34: =E32-E33 -> 0 | F34: =F32-F33 -> 0 | G34: =G32-G33 -> 0 | H34: =H32-H33 -> 0 | I34: =I32-I33 -> 0 | J34: =J32-J33 -> 0 | K34: =K32-K33 -> 0 | L34: =L32-L33 -> 0 | ... AS34: =AS32-AS33 -> 150241.94
A37: Assumptions & Calculations
A38: Annualization for NFR Model | E38: ='Summary of Benefits'!D168 -> 345 | F38: days
A40: Rail Crossing Delay Savings - 120th Avenue Grade Separation & 124th Avenue Closure
L41: 2018 | M41: 2040
A42: Vehicular Delay at the Rail Crossings | L42: Base Case | M42: Base Case
A43: 124th Avenue - Local Service and Switching - Base Case | E43: 2019 ADT | F43: 2040 Traffic Volume | G43: Avg. Train Speed (mph) | H43: Avg. Blockage per Train (min) | I43: Volume (trains/day) | J43: Gate Down (hrs/day) | K43: % of day | L43: Hours of Vehicular Delay | M43: Hours of Vehicular Delay | N43: Percent Trucks
B44: Local Service to 124th Avenue Coop | E44: 3445 | F44: 5225 | G44: - | H44: =G60 -> 45 | I44: =E60 -> 1 | J44: =H44*I44*(1/60) -> 0.75 | K44: =J44/24 -> 0.03125 | L44: =E44*K44*(J44/2) -> 40.371094 | M44: =F44*K44*(J44/2) -> 61.230469 | N44: =Traffic!D134 -> 0.040213854 | O44: Source: 24- hour Functional Classification Counts on 124th Avenue E/O US 85 near the RR-Crossing (8/25/2016)
B45: Regional Service | E45: 3445 | F45: 5225 | G45: =$F$64 -> 20.5 | H45: =E53/(G45*5280/60) -> 4.4345898 | I45: =E64-I44 -> 10.2 | J45: =H45*I45*(1/60) -> 0.75388027 | K45: =J45/24 -> 0.031411678 | L45: =E45*K45*(J45/2) -> 40.789909 | M45: =F45*K45*(J45/2) -> 61.865682 | N45: =Traffic!D134 -> 0.040213854
K46: TOTAL | L46: =SUM(L44:L45) -> 81.161003 | M46: =SUM(M44:M45) -> 123.09615
A47: 124th Avenue - Local Service and Switching - Preferred Case | L47: Preferred Case | M47: Preferred Case
B48: Local Service to 124th Avenue Coop | E48: 0 | F48: 0 | G48: - | H48: =G61 -> 35 | I48: =E61 -> 1 | J48: =H48*I48*(1/60) -> 0.58333333 | K48: =J48/24 -> 0.024305556 | L48: =E48*K48*(J48/2) -> 0 | M48: =F48*K48*(J48/2) -> 0 | N48: =Traffic!D134 -> 0.040213854
B49: Regional Service | E49: 150 | F49: 200 | G49: =$F$64 -> 20.5 | H49: =E53/(G49*5280/60) -> 4.4345898 | I49: =E65-E61 -> 10.2 | J49: =H49*I49*(1/60) -> 0.75388027 | K49: =J49/24 -> 0.031411678 | L49: =E49*K49*(J49/2) -> 1.7760483 | M49: =F49*K49*(J49/2) -> 2.3680644 | N49: =Traffic!D134 -> 0.040213854
K50: TOTAL | L50: =SUM(L48:L49) -> 1.7760483 | M50: =SUM(M48:M49) -> 2.3680644
A51: 120th Avenue | E51: 2019 ADT | F51: 2040 Traffic Volume | G51: Avg. Train Speed (mph) | H51: Avg. Blockage per Train (min) | I51: Volume (trains/day) | J51: Gate Down (hrs/day) | K51: % of day | L51: Hours of Vehicular Delay | M51: Hours of Vehicular Delay | N51: Percent Trucks
B52: Base Case | E52: 11050 | F52: 16750 | G52: =$F$64 -> 20.5 | H52: =E53/(G52*5280/60) -> 4.4345898 | I52: =E64 -> 11.2 | J52: =H52*I52*(1/60) -> 0.8277901 | K52: =J52/24 -> 0.034491254 | L52: =E52*K52*(J52/2) -> 157.74714 | M52: =F52*K52*(J52/2) -> 239.11897 | N52: =Traffic!D133 -> 0.026935769 | O52: Source: 24- hour Functional Classification Counts on 120th Avenue E/O US 85 near the RR-Crossing (6/2/2016)
D53: Average Train Length | E53: 8000 | F53: ft | G53: Source: UPRR | M53: Combined Truck Average: | N53: =Traffic!D133 -> 0.026935769
A55: Train Delay at the Rail Crossings
A56: 124th Avenue - Local Service and Switching
B57: Local Service - Switching Time at 124th Avenue Coop | E57: 45 | F57: minutes | G57: Source: UPRR
B58: Switching Time Savings Under Preferred Case | E58: 10 | F58: minutes | G58: Source: UPRR
A59: 124th Avenue - Local Service and Switching | E59: Volume (trains/day) | F59: Switching Time (min) | G59: Avg. Time to Clear 124th (min) | H59: Daily Switching Time (hr)
B60: Base Case | E60: 1 | F60: =E57 -> 45 | G60: =E60*F60 -> 45 | H60: =G60/60 -> 0.75
B61: Preferred Case | E61: 1 | F61: =F60-E58 -> 35 | G61: =E61*F61 -> 35 | H61: =G61/60 -> 0.58333333
A63: 120th Avenue - Elimination of At-Grade Crossing Resulting in Higher Average Speeds | E63: Volume (trains/day) | F63: Avg. Train Speed (mph) | G63: Avg. Time to Clear 120th (min) | H63: Avg. Daily Clearance Time (hr)
B64: Base Case | E64: 11.2 | F64: 20.5 | G64: =E53/(F64*5280/60) -> 4.4345898 | H64: =(E64*G64)/60 -> 0.8277901
B65: Preferred Case | E65: 11.2 | F65: 50 | G65: =E53/(F65*5280/60) -> 1.8181818 | H65: =(E65*G65)/60 -> 0.33939394
G66: Source: UPRR - up to 60 miles per hour with grade separation

Sheet Operations & Maintenance
A1: Operations & Maintenance
A2: ='BCA Summary'!A2 -> US 85/120th Avenue Grade-Separation and Interchange Project
D4: ='Summary of Benefits'!E4 -> 2015 | E4: ='Summary of Benefits'!F4 -> 2016 | F4: ='Summary of Benefits'!G4 -> 2017 | G4: ='Summary of Benefits'!H4 -> 2018 | H4: ='Summary of Benefits'!I4 -> 2019 | I4: ='Summary of Benefits'!J4 -> 2020 | J4: ='Summary of Benefits'!K4 -> 2021 | K4: ='Summary of Benefits'!L4 -> 2022 | ... AR4: ='Summary of Benefits'!AS4 -> 2055
A5: ='BCA Summary'!A2&" Maintenance" -> US 85/120th Avenue Grade-Separation and Interchange Project Maintenance
A7: Routine Maintenance for 1 Mile of 4 Lane Highway | D7: =$J$8*$F$43 -> 5135 | E7: =$J$8*$F$43 -> 5135 | F7: =$J$8*$F$43 -> 5135 | G7: =$J$8*$F$43 -> 5135 | H7: =$J$8*$F$43 -> 5135 | I7: =$J$8*$F$43 -> 5135 | J7: =$J$8*$F$43 -> 5135 | K7: =$J$8*$F$43 -> 5135 | ... AR7: =$J$8*$F$43 -> 5135
C8: *Note: Lane miles will not change on the US85 nor are any work planned to the actual highway beyond interchange/intersection improvements | J8: 4 | K8: Lane Miles
B10: ="BASELINE (No "&'BCA Summary'!E1&" Grant) annual maintenance costs" -> BASELINE (No BUILD Grant Grant) annual maintenance costs | D10: =D7 -> 5135 | E10: =E7 -> 5135 | F10: =F7 -> 5135 | G10: =G7 -> 5135 | H10: =H7 -> 5135 | I10: =I7 -> 5135 | J10: =J7 -> 5135 | K10: =K7 -> 5135 | ... AR10: =AR7 -> 5135
B11: ="PREFERRED (With "&'BCA Summary'!E1&"Grant) annual maintenance costs" -> PREFERRED (With BUILD GrantGrant) annual maintenance costs | D11: =D7 -> 5135 | E11: =E7 -> 5135 | F11: =F7 -> 5135 | G11: =G7 -> 5135 | H11: =H7 -> 5135 | I11: =I7 -> 5135 | J11: =J7 -> 5135 | K11: =K7 -> 5135 | ... AR11: =AR7 -> 5135
B12: DIFFERENCE (Annual Maintenance Savings) | D12: =D10-D11 -> 0 | E12: =E10-E11 -> 0 | F12: =F10-F11 -> 0 | G12: =G10-G11 -> 0 | H12: =H10-H11 -> 0 | I12: =I10-I11 -> 0 | J12: =J10-J11 -> 0 | K12: =K10-K11 -> 0 | ... AR12: =AR10-AR11 -> 0
A14: ='Timeline & Costs'!A11 -> US 85/120th Avenue Grade-Separation and Interchange Project
B15: ="Baseline (No "&'BCA Summary'!E1&" Grant) Benefits" -> Baseline (No BUILD Grant Grant) Benefits | D15: ='Timeline & Costs'!E$8 -> No | E15: ='Timeline & Costs'!F$8 -> No | F15: ='Timeline & Costs'!G$8 -> No | G15: ='Timeline & Costs'!H$8 -> No | H15: ='Timeline & Costs'!I$8 -> No | I15: ='Timeline & Costs'!J$8 -> No | J15: ='Timeline & Costs'!K$8 -> No | K15: ='Timeline & Costs'!L$8 -> No | ... AR15: ='Timeline & Costs'!AS$8 -> No
B16: ="Preferred (With "&'BCA Summary'!E1&" Grant) Benefits" -> Preferred (With BUILD Grant Grant) Benefits | D16: ='Timeline & Costs'!E17 -> 0 | E16: ='Timeline & Costs'!F17 -> 0 | F16: ='Timeline & Costs'!G17 -> 0 | G16: ='Timeline & Costs'!H17 -> No | H16: ='Timeline & Costs'!I17 -> No | I16: ='Timeline & Costs'!J17 -> No | J16: ='Timeline & Costs'!K17 -> No | K16: ='Timeline & Costs'!L17 -> No | ... AR16: ='Timeline & Costs'!AS17 -> Yes
A18: Repavement Schedule
B19: Intersection Repaving | D19: No | E19: No | F19: No | G19: No | H19: No | I19: No | J19: No | K19: Yes | L19: No | M19: No | N19: No | O19: No | P19: No | Q19: No | R19: No | S19: No | T19: No | U19: Yes | V19: No | W19: No | X19: No | Y19: No | Z19: No | AA19: No | AB19: No | AC19: No | AD19: No | AE19: Yes | AF19: No | AG19: No | AH19: No | AI19: No | AJ19: No | AK19: No | AL19: No | AM19: No | AN19: No | AO19: Yes | AP19: No | AQ19: No | AR19: No
B20: Interchange Repaving | D20: No | E20: No | F20: No | G20: No | H20: No | I20: No | J20: No | K20: No | L20: No | M20: No | N20: No | O20: No | P20: No | Q20: No | R20: No | S20: No | T20: No | U20: No | V20: No | W20: No | X20: No | Y20: No | Z20: No | AA20: No | AB20: No | AC20: Yes | AD20: No | AE20: No | AF20: No | AG20: No | AH20: No | AI20: No | AJ20: No | AK20: No | AL20: No | AM20: Yes | AN20: No | AO20: No | AP20: No | AQ20: No | AR20: No
B22: ="BASELINE (No "&'BCA Summary'!E1&") repaving costs" -> BASELINE (No BUILD Grant) repaving costs | D22: =IF(D19="Yes",$D$51*$D$44,0) -> 0 | E22: =IF(E19="Yes",$D$51*$D$44,0) -> 0 | F22: =IF(F19="Yes",$D$51*$D$44,0) -> 0 | G22: =IF(G19="Yes",$D$51*$D$44,0) -> 0 | H22: =IF(H19="Yes",$D$51*$D$44,0) -> 0 | I22: =IF(I19="Yes",$D$51*$D$44,0) -> 0 | J22: =IF(J19="Yes",$D$51*$D$44,0) -> 0 | K22: =IF(K19="Yes",$D$51*$D$44,0) -> 3027500 | ... AR22: =IF(AR19="Yes",$D$51*$D$44,0) -> 0
B23: ="PREFERRED (With "&'BCA Summary'!E1&") repaving costs" -> PREFERRED (With BUILD Grant) repaving costs | D23: =IF(D20="Yes",$D$50*$D$44,D22) -> 0 | E23: =IF(E20="Yes",$D$50*$D$44,E22) -> 0 | F23: =IF(F20="Yes",$D$50*$D$44,F22) -> 0 | G23: =IF(G20="Yes",$D$50*$D$44,G22) -> 0 | H23: =IF(H20="Yes",$D$50*$D$44,H22) -> 0 | I23: =IF(I20="Yes",$D$50*$D$44,I22) -> 0 | J23: =IF(J20="Yes",$D$50*$D$44,J22) -> 0 | K23: =IF(K20="Yes",$D$50*$D$44,K22) -> 3027500 | ... T23: =IF(T20="Yes",$D$50*$D$44,T22) -> 0 | U23: 0 | V23: =IF(V20="Yes",$D$50*$D$44,V22) -> 0 | W23: =IF(W20="Yes",$D$50*$D$44,W22) -> 0 | X23: =IF(X20="Yes",$D$50*$D$44,X22) -> 0 | Y23: =IF(Y20="Yes",$D$50*$D$44,Y22) -> 0 | Z23: =IF(Z20="Yes",$D$50*$D$44,Z22) -> 0 | AA23: =IF(AA20="Yes",$D$50*$D$44,AA22) -> 0 | AB23: =IF(AB20="Yes",$D$50*$D$44,AB22) -> 0 | AC23: =IF(AC20="Yes",$D$50*$D$44,AC22) -> 4224500 | AD23: =IF(AD20="Yes",$D$50*$D$44,AD22) -> 0 | AE23: 0 | AF23: =IF(AF20="Yes",$D$50*$D$44,AF22) -> 0 | AG23: =IF(AG20="Yes",$D$50*$D$44,AG22) -> 0 | AH23: =IF(AH20="Yes",$D$50*$D$44,AH22) -> 0 | AI23: =IF(AI20="Yes",$D$50*$D$44,AI22) -> 0 | AJ23: =IF(AJ20="Yes",$D$50*$D$44,AJ22) -> 0 | AK23: =IF(AK20="Yes",$D$50*$D$44,AK22) -> 0 | AL23: =IF(AL20="Yes",$D$50*$D$44,AL22) -> 0 | AM23: =IF(AM20="Yes",$D$50*$D$44,AM22) -> 4224500 | AN23: =IF(AN20="Yes",$D$50*$D$44,AN22) -> 0 | AO23: 0 | AP23: =IF(AP20="Yes",$D$50*$D$44,AP22) -> 0 | AQ23: =IF(AQ20="Yes",$D$50*$D$44,AQ22) -> 0 | AR23: =IF(AR20="Yes",$D$50*$D$44,AR22) -> 0
B24: DIFFERENCE (Annual Maintenance Savings) | D24: =D22-D23 -> 0 | E24: =E22-E23 -> 0 | F24: =F22-F23 -> 0 | G24: =G22-G23 -> 0 | H24: =H22-H23 -> 0 | I24: =I22-I23 -> 0 | J24: =J22-J23 -> 0 | K24: =K22-K23 -> 0 | ... AR24: =AR22-AR23 -> 0
A26: Annual Maintenance costs
A27: 120th Avenue Interchange
B28: ="BASELINE (No "&'BCA Summary'!$E$1&") annual maintenance costs" -> BASELINE (No BUILD Grant) annual maintenance costs | D28: =$F$42 -> 12750 | E28: =$F$42 -> 12750 | F28: =$F$42 -> 12750 | G28: =$F$42 -> 12750 | H28: =$F$42 -> 12750 | I28: =$F$42 -> 12750 | J28: =$F$42 -> 12750 | K28: =$F$42 -> 12750 | ... AR28: =$F$42 -> 12750
B29: ="PREFERRED (With "&'BCA Summary'!$E$1&") annual maintenance costs" -> PREFERRED (With BUILD Grant) annual maintenance costs | D29: =IF(D16="Yes",$F$41,$F$42) -> 12750 | E29: =IF(E16="Yes",$F$41,$F$42) -> 12750 | F29: =IF(F16="Yes",$F$41,$F$42) -> 12750 | G29: =IF(G16="Yes",$F$41,$F$42) -> 12750 | H29: =IF(H16="Yes",$F$41,$F$42) -> 12750 | I29: =IF(I16="Yes",$F$41,$F$42) -> 12750 | J29: =IF(J16="Yes",$F$41,$F$42) -> 12750 | K29: =IF(K16="Yes",$F$41,$F$42) -> 12750 | ... AR29: =IF(AR16="Yes",$F$41,$F$42) -> 108750
A31: 124th Avenue Intersection
B32: ="BASELINE (No "&'BCA Summary'!$E$1&" ) annual maintenance costs" -> BASELINE (No BUILD Grant ) annual maintenance costs | D32: =$F$42 -> 12750 | E32: =$F$42 -> 12750 | F32: =$F$42 -> 12750 | G32: =$F$42 -> 12750 | H32: =$F$42 -> 12750 | I32: =$F$42 -> 12750 | J32: =$F$42 -> 12750 | K32: =$F$42 -> 12750 | ... AR32: =$F$42 -> 12750
B33: ="PREFERRED (With "&'BCA Summary'!$E$1&") annual maintenance costs" -> PREFERRED (With BUILD Grant) annual maintenance costs | D33: =IF(D16="Yes",0,$F$42) -> 12750 | E33: =IF(E16="Yes",0,$F$42) -> 12750 | F33: =IF(F16="Yes",0,$F$42) -> 12750 | G33: =IF(G16="Yes",0,$F$42) -> 12750 | H33: =IF(H16="Yes",0,$F$42) -> 12750 | I33: =IF(I16="Yes",0,$F$42) -> 12750 | J33: =IF(J16="Yes",0,$F$42) -> 12750 | K33: =IF(K16="Yes",0,$F$42) -> 12750 | ... AR33: =IF(AR16="Yes",0,$F$42) -> 0
A35: ="BASELINE (No "&'BCA Summary'!$E$1&") Operations & Maintenance Costs" -> BASELINE (No BUILD Grant) Operations & Maintenance Costs | D35: =D10+D22+D28+D32 -> 30635 | E35: =E10+E22+E28+E32 -> 30635 | F35: =F10+F22+F28+F32 -> 30635 | G35: =G10+G22+G28+G32 -> 30635 | H35: =H10+H22+H28+H32 -> 30635 | I35: =I10+I22+I28+I32 -> 30635 | J35: =J10+J22+J28+J32 -> 30635 | K35: =K10+K22+K28+K32 -> 3058135 | ... AR35: =AR10+AR22+AR28+AR32 -> 30635
A36: ="PREFERRED (With "&'BCA Summary'!$E$1&") Operations & Maintenance Costs" -> PREFERRED (With BUILD Grant) Operations & Maintenance Costs | D36: =D11+D23+D29+D33 -> 30635 | E36: =E11+E23+E29+E33 -> 30635 | F36: =F11+F23+F29+F33 -> 30635 | G36: =G11+G23+G29+G33 -> 30635 | H36: =H11+H23+H29+H33 -> 30635 | I36: =I11+I23+I29+I33 -> 30635 | J36: =J11+J23+J29+J33 -> 30635 | K36: =K11+K23+K29+K33 -> 3058135 | ... AR36: =AR11+AR23+AR29+AR33 -> 113885
A37: DIFFERENCE Operations & Maintenance Costs | D37: =D35-D36 -> 0 | E37: =E35-E36 -> 0 | F37: =F35-F36 -> 0 | G37: =G35-G36 -> 0 | H37: =H35-H36 -> 0 | I37: =I35-I36 -> 0 | J37: =J35-J36 -> 0 | K37: =K35-K36 -> 0 | ... AR37: =AR35-AR36 -> -83250
A39: Assumptions & Calculations
A40: Maintenance Cost Assumptions | D40: 2017$ | F40: 2024$ | H40: Note: All averaged annual maintenance costs were conservatively assumed to reflect 2017$ and have been adjusted to 2022$
A41: Annual Interchange Maintenance | D41: 87000 | E41: per interchange | F41: =D41*$D$47 -> 108750 | H41: Source: CDOT; Section 5 average annual maintenance costs per major interstate interchange
A42: Annual Intersection Maintenance | D42: 10200 | E42: per intersection | F42: =D42*$D$47 -> 12750 | H42: Source: 3-year average maintenance intersections
A43: Cost Per Lane Mile (newer pavement) | D43: 1027 | E43: per lane mile | F43: =D43*$D$47 -> 1283.75 | H43: Source: CDOT maintenance life cycle cost estimates
A44: Cost of Asphalt Repaving | D44: 35 | E44: per SY | F44: =D44*$D$47 -> 43.75
D46: Multiplier to Adjust to Real 2024$
D47: 1.25 | E47: 2017 | F47: Source: Bureau of Economic Analysis, National Income and Product Accounts, Table 1.1.9, “Implicit Price Deflators for Gross Domestic Product” (September 2025)
A49: ='Timeline & Costs'!A11 -> US 85/120th Avenue Grade-Separation and Interchange Project
B50: Interchange Pavement Area | D50: 120700 | E50: SY
B51: Intersection Pavement Area | D51: 86500 | E51: SY

Sheet Residual Value
A1: State of Good Repair - Residual Value
A2: ='BCA Summary'!A2 -> US 85/120th Avenue Grade-Separation and Interchange Project
D4: Costs (2024 $) less ROW | E4: Useful Life | F4: Year Benefits Begin | G4: End of BCA Analysis | H4: Years Remaining | I4: Percent Remaining | J4: Post Analysis Period Maintenance | K4: Residual Value
A5: ='Timeline & Costs'!A11 -> US 85/120th Avenue Grade-Separation and Interchange Project | D5: =SUM('Timeline & Costs'!P27:S27) -> 100295401 | E5: 75 | F5: 2029 | G5: =MAX('Summary of Benefits'!4:4) -> 2055 | H5: =E5-(G5-F5) -> 49 | I5: =H5/E5 -> 0.65333333 | J5: =('Operations & Maintenance'!D44*'Operations & Maintenance'!D50*4+('Operations & Maintenance'!L29*'Residual Value'!H5)) -> 17522750 | K5: =(I5*D5)-J5 -> 48003579
A6: ROW for 120th Avenue Interchange | K6: =SUM('Timeline & Costs'!E36:R36) -> 40858657
J7: Total Value Remaining at End of Analysis | K7: =SUM(K5:K6) -> 88862235
J8: Present Value at 7.0% Discount Rate | K8: =K7/(1.07^(G5-'BCA Summary'!C37)) -> 10909884

Sheet Emissions Reductions
A1: Sustainability - Reduction in Vehicle Emissions
A2: ='BCA Summary'!A2 -> US 85/120th Avenue Grade-Separation and Interchange Project
E4: ='Summary of Benefits'!E4 -> 2015 | F4: ='Summary of Benefits'!F4 -> 2016 | G4: ='Summary of Benefits'!G4 -> 2017 | H4: ='Summary of Benefits'!H4 -> 2018 | I4: ='Summary of Benefits'!I4 -> 2019 | J4: ='Summary of Benefits'!J4 -> 2020 | K4: ='Summary of Benefits'!K4 -> 2021 | L4: ='Summary of Benefits'!L4 -> 2022 | ... AS4: ='Summary of Benefits'!AS4 -> 2055
A5: ='Timeline & Costs'!A11 -> US 85/120th Avenue Grade-Separation and Interchange Project
B6: ="Baseline (No "&'BCA Summary'!$E$1&" Grant) Benefits" -> Baseline (No BUILD Grant Grant) Benefits | E6: ='Timeline & Costs'!E$8 -> No | F6: ='Timeline & Costs'!F$8 -> No | G6: ='Timeline & Costs'!G$8 -> No | H6: ='Timeline & Costs'!H$8 -> No | I6: ='Timeline & Costs'!I$8 -> No | J6: ='Timeline & Costs'!J$8 -> No | K6: ='Timeline & Costs'!K$8 -> No | L6: ='Timeline & Costs'!L$8 -> No | ... AS6: ='Timeline & Costs'!AS$8 -> No
B7: ="Preferred (With "&'BCA Summary'!$E$1&" Grant) Benefits" -> Preferred (With BUILD Grant Grant) Benefits | E7: ='Timeline & Costs'!E17 -> 0 | F7: ='Timeline & Costs'!F17 -> 0 | G7: ='Timeline & Costs'!G17 -> 0 | H7: ='Timeline & Costs'!H17 -> No | I7: ='Timeline & Costs'!I17 -> No | J7: ='Timeline & Costs'!J17 -> No | K7: ='Timeline & Costs'!K17 -> No | L7: ='Timeline & Costs'!L17 -> No | ... AS7: ='Timeline & Costs'!AS17 -> Yes
B9: BASELINE (No CRISI Grant) total annual passenger vehicle stopped delay, hrs | E9: =Traffic!D126 -> 86259.629 | F9: =Traffic!E126 -> 98102.182 | G9: =Traffic!F126 -> 109927.66 | H9: =Traffic!G126 -> 121736.07 | I9: =Traffic!H126 -> 133527.4 | J9: =Traffic!I126 -> 145301.65 | K9: =Traffic!J126 -> 157058.84 | L9: =Traffic!K126 -> 168798.95 | ... AS9: =Traffic!AR126 -> 546644.05
B10: PREFERRED (With CRISI Grant) total annual passenger vehicle stopped delay, hrs | E10: =Traffic!D127 -> 86259.629 | F10: =Traffic!E127 -> 98102.182 | G10: =Traffic!F127 -> 109927.66 | H10: =Traffic!G127 -> 121736.07 | I10: =Traffic!H127 -> 133527.4 | J10: =Traffic!I127 -> 145301.65 | K10: =Traffic!J127 -> 157058.84 | L10: =Traffic!K127 -> 168798.95 | ... AS10: =Traffic!AR127 -> 68982.926
B12: ="BASELINE (No "&'BCA Summary'!$E$1&" Grant) total annual truck stopped delay, hrs" -> BASELINE (No BUILD Grant Grant) total annual truck stopped delay, hrs | E12: ='Travel Time Savings'!E9 -> 4658.6523 | F12: ='Travel Time Savings'!F9 -> 5048.5055 | G12: ='Travel Time Savings'!G9 -> 5455.4327 | H12: ='Travel Time Savings'!H9 -> 5879.4339 | I12: ='Travel Time Savings'!I9 -> 6320.5091 | J12: ='Travel Time Savings'!J9 -> 6778.6582 | K12: ='Travel Time Savings'!K9 -> 7253.8812 | L12: ='Travel Time Savings'!L9 -> 7746.1783 | ... AS12: ='Travel Time Savings'!AS9 -> 33570.478
B13: ="PREFERRED (With "&'BCA Summary'!$E$1&" Grant) total annual truck stopped delay, hrs" -> PREFERRED (With BUILD Grant Grant) total annual truck stopped delay, hrs | E13: ='Travel Time Savings'!E10 -> 4658.6523 | F13: ='Travel Time Savings'!F10 -> 5048.5055 | G13: ='Travel Time Savings'!G10 -> 5455.4327 | H13: ='Travel Time Savings'!H10 -> 5879.4339 | I13: ='Travel Time Savings'!I10 -> 6320.5091 | J13: ='Travel Time Savings'!J10 -> 6778.6582 | K13: ='Travel Time Savings'!K10 -> 7253.8812 | L13: ='Travel Time Savings'!L10 -> 7746.1783 | ... AS13: ='Travel Time Savings'!AS10 -> 5496.8563
A15: Passenger Vehicle - Idling Emissions
A16: Air Quality (short tons per year of NOx)
A17: ="BASELINE (No "&'BCA Summary'!$E$1&" Grant) annual short tons of NOx" -> BASELINE (No BUILD Grant Grant) annual short tons of NOx | E17: =((E$9)*E$51)/$E$64 -> 0.025439982 | F17: =((F$9)*F$51)/$E$64 -> 0.027244576 | G17: =((G$9)*G$51)/$E$64 -> 0.028637171 | H17: =((H$9)*H$51)/$E$64 -> 0.029618647 | I17: =((I$9)*I$51)/$E$64 -> 0.030189887 | J17: =((J$9)*J$51)/$E$64 -> 0.030351771 | K17: =((K$9)*K$51)/$E$64 -> 0.030105182 | L17: =((L$9)*L$51)/$E$64 -> 0.029450999 | ... AS17: =((AS$9)*AS$51)/$E$64 -> 0.0015968156
A18: ="PREFERRED (With "&'BCA Summary'!$E$1&" Grant) annual short tons of Nox" -> PREFERRED (With BUILD Grant Grant) annual short tons of Nox | E18: =((E$10)*E$51)/$E$64 -> 0.025439982 | F18: =((F$10)*F$51)/$E$64 -> 0.027244576 | G18: =((G$10)*G$51)/$E$64 -> 0.028637171 | H18: =((H$10)*H$51)/$E$64 -> 0.029618647 | I18: =((I$10)*I$51)/$E$64 -> 0.030189887 | J18: =((J$10)*J$51)/$E$64 -> 0.030351771 | K18: =((K$10)*K$51)/$E$64 -> 0.030105182 | L18: =((L$10)*L$51)/$E$64 -> 0.029450999 | ... AS18: =((AS$10)*AS$51)/$E$64 -> 0.00020150775
A19: DIFFERENCE (Annual short tons of NOx Savings) | E19: =E17-E18 -> 0 | F19: =F17-F18 -> 0 | G19: =G17-G18 -> 0 | H19: =H17-H18 -> 0 | I19: =I17-I18 -> 0 | J19: =J17-J18 -> 0 | K19: =K17-K18 -> 0 | L19: =L17-L18 -> 0 | ... AS19: =AS17-AS18 -> 0.0013953078
A21: Air Quality (short tons per year of SO2)
A22: ="BASELINE (No "&'BCA Summary'!$E$1&" Grant) annual short tons of SO2" -> BASELINE (No BUILD Grant Grant) annual short tons of SO2 | E22: =((E$9)*E$52)/$E$64 -> 0.00066559475 | F22: =((F$9)*F$52)/$E$64 -> 0.00074183453 | G22: =((G$9)*G$52)/$E$64 -> 0.00081429267 | H22: =((H$9)*H$52)/$E$64 -> 0.00088297706 | I22: =((I$9)*I$52)/$E$64 -> 0.00094789562 | J22: =((J$9)*J$52)/$E$64 -> 0.0010090562 | K22: =((K$9)*K$52)/$E$64 -> 0.0010664668 | L22: =((L$9)*L$52)/$E$64 -> 0.0011201353 | ... AS22: =((AS$9)*AS$52)/$E$64 -> 0.0026211879
A23: ="PREFERRED (With "&'BCA Summary'!$E$1&" Grant) annual short tons of SO2" -> PREFERRED (With BUILD Grant Grant) annual short tons of SO2 | E23: =((E$10)*E$52)/$E$64 -> 0.00066559475 | F23: =((F$10)*F$52)/$E$64 -> 0.00074183453 | G23: =((G$10)*G$52)/$E$64 -> 0.00081429267 | H23: =((H$10)*H$52)/$E$64 -> 0.00088297706 | I23: =((I$10)*I$52)/$E$64 -> 0.00094789562 | J23: =((J$10)*J$52)/$E$64 -> 0.0010090562 | K23: =((K$10)*K$52)/$E$64 -> 0.0010664668 | L23: =((L$10)*L$52)/$E$64 -> 0.0011201353 | ... AS23: =((AS$10)*AS$52)/$E$64 -> 0.00033077687
A24: DIFFERENCE (Annual short tons of VOC Savings) | E24: =E22-E23 -> 0 | F24: =F22-F23 -> 0 | G24: =G22-G23 -> 0 | H24: =H22-H23 -> 0 | I24: =I22-I23 -> 0 | J24: =J22-J23 -> 0 | K24: =K22-K23 -> 0 | L24: =L22-L23 -> 0 | ... AS24: =AS22-AS23 -> 0.002290411
A26: Air Quality (short tons per year of PM 2.5)
A27: ="BASELINE (No "&'BCA Summary'!$E$1&" Grant) annual short tons of PM 2.5" -> BASELINE (No BUILD Grant Grant) annual short tons of PM 2.5 | E27: =((E$9)*E$53)/$E$64 -> 0.00055624704 | F27: =((F$9)*F$53)/$E$64 -> 0.00061639313 | G27: =((G$9)*G$53)/$E$64 -> 0.0006725185 | H27: =((H$9)*H$53)/$E$64 -> 0.00072463163 | I27: =((I$9)*I$53)/$E$64 -> 0.00077274099 | J27: =((J$9)*J$53)/$E$64 -> 0.00081685505 | K27: =((K$9)*K$53)/$E$64 -> 0.00085698228 | L27: =((L$9)*L$53)/$E$64 -> 0.00089313114 | ... AS27: =((AS$9)*AS$53)/$E$64 -> 0.0017474586
A28: ="PREFERRED (With "&'BCA Summary'!$E$1&" Grant) annual short tons of PM2.5" -> PREFERRED (With BUILD Grant Grant) annual short tons of PM2.5 | E28: =((E$10)*E$53)/$E$64 -> 0.00055624704 | F28: =((F$10)*F$53)/$E$64 -> 0.00061639313 | G28: =((G$10)*G$53)/$E$64 -> 0.0006725185 | H28: =((H$10)*H$53)/$E$64 -> 0.00072463163 | I28: =((I$10)*I$53)/$E$64 -> 0.00077274099 | J28: =((J$10)*J$53)/$E$64 -> 0.00081685505 | K28: =((K$10)*K$53)/$E$64 -> 0.00085698228 | L28: =((L$10)*L$53)/$E$64 -> 0.00089313114 | ... AS28: =((AS$10)*AS$53)/$E$64 -> 0.00022051791
A29: DIFFERENCE (Annual short tons of PM Savings) | E29: =E27-E28 -> 0 | F29: =F27-F28 -> 0 | G29: =G27-G28 -> 0 | H29: =H27-H28 -> 0 | I29: =I27-I28 -> 0 | J29: =J27-J28 -> 0 | K29: =K27-K28 -> 0 | L29: =L27-L28 -> 0 | ... AS29: =AS27-AS28 -> 0.0015269407
A31: Truck - Idling Emissions
A32: Air Quality (short tons per year of NOx)
A33: ="BASELINE (No "&'BCA Summary'!$E$1&" Grant) annual short tons of NOx" -> BASELINE (No BUILD Grant Grant) annual short tons of NOx | E33: =((E$12)*E$57)/$E$64 -> 0.088098384 | F33: =((F$12)*F$57)/$E$64 -> 0.093778681 | G33: =((G$12)*G$57)/$E$64 -> 0.09950908 | H33: =((H$12)*H$57)/$E$64 -> 0.10527241 | I33: =((I$12)*I$57)/$E$64 -> 0.11105151 | J33: =((J$12)*J$57)/$E$64 -> 0.11682921 | K33: =((K$12)*K$57)/$E$64 -> 0.12258834 | L33: =((L$12)*L$57)/$E$64 -> 0.12831173 | ... AS33: =((AS$12)*AS$57)/$E$64 -> 0.44108805
A34: ="PREFERRED (With "&'BCA Summary'!$E$1&" Grant) annual short tons of Nox" -> PREFERRED (With BUILD Grant Grant) annual short tons of Nox | E34: =((E$13)*E$57)/$E$64 -> 0.088098384 | F34: =((F$13)*F$57)/$E$64 -> 0.093778681 | G34: =((G$13)*G$57)/$E$64 -> 0.09950908 | H34: =((H$13)*H$57)/$E$64 -> 0.10527241 | I34: =((I$13)*I$57)/$E$64 -> 0.11105151 | J34: =((J$13)*J$57)/$E$64 -> 0.11682921 | K34: =((K$13)*K$57)/$E$64 -> 0.12258834 | L34: =((L$13)*L$57)/$E$64 -> 0.12831173 | ... AS34: =((AS$13)*AS$57)/$E$64 -> 0.072224101
A35: DIFFERENCE (Annual short tons of NOx Savings) | E35: =E33-E34 -> 0 | F35: =F33-F34 -> 0 | G35: =G33-G34 -> 0 | H35: =H33-H34 -> 0 | I35: =I33-I34 -> 0 | J35: =J33-J34 -> 0 | K35: =K33-K34 -> 0 | L35: =L33-L34 -> 0 | ... AS35: =AS33-AS34 -> 0.36886395
A37: Air Quality (short tons per year of SO2)
A38: ="BASELINE (No "&'BCA Summary'!$E$1&" Grant) annual short tons of SO2" -> BASELINE (No BUILD Grant Grant) annual short tons of SO2 | E38: =((E$12)*E$58)/$E$64 -> 6.03396e-05 | F38: =((F$12)*F$58)/$E$64 -> 6.4442987e-05 | G38: =((G$12)*G$58)/$E$64 -> 6.8615007e-05 | H38: =((H$12)*H$58)/$E$64 -> 7.2846063e-05 | I38: =((I$12)*I$58)/$E$64 -> 7.7126557e-05 | J38: =((J$12)*J$58)/$E$64 -> 8.1446888e-05 | K38: =((K$12)*K$58)/$E$64 -> 8.5797459e-05 | L38: =((L$12)*L$58)/$E$64 -> 9.0168671e-05 | ... AS38: =((AS$12)*AS$58)/$E$64 -> 0.00030899273
A39: ="PREFERRED (With "&'BCA Summary'!$E$1&" Grant) annual short tons of SO2" -> PREFERRED (With BUILD Grant Grant) annual short tons of SO2 | E39: =((E$13)*E$58)/$E$64 -> 6.03396e-05 | F39: =((F$13)*F$58)/$E$64 -> 6.4442987e-05 | G39: =((G$13)*G$58)/$E$64 -> 6.8615007e-05 | H39: =((H$13)*H$58)/$E$64 -> 7.2846063e-05 | I39: =((I$13)*I$58)/$E$64 -> 7.7126557e-05 | J39: =((J$13)*J$58)/$E$64 -> 8.1446888e-05 | K39: =((K$13)*K$58)/$E$64 -> 8.5797459e-05 | L39: =((L$13)*L$58)/$E$64 -> 9.0168671e-05 | ... AS39: =((AS$13)*AS$58)/$E$64 -> 5.0594711e-05
A40: DIFFERENCE (Annual short tons of VOC Savings) | E40: =E38-E39 -> 0 | F40: =F38-F39 -> 0 | G40: =G38-G39 -> 0 | H40: =H38-H39 -> 0 | I40: =I38-I39 -> 0 | J40: =J38-J39 -> 0 | K40: =K38-K39 -> 0 | L40: =L38-L39 -> 0 | ... AS40: =AS38-AS39 -> 0.00025839802
A42: Air Quality (short tons per year of PM 2.5)
A43: ="BASELINE (No "&'BCA Summary'!$E$1&" Grant) annual short tons of PM 2.5" -> BASELINE (No BUILD Grant Grant) annual short tons of PM 2.5 | E43: =((E$12)*E$59)/$E$64 -> 0.0021891721 | F43: =((F$12)*F$59)/$E$64 -> 0.002244931 | G43: =((G$12)*G$59)/$E$64 -> 0.0022881692 | H43: =((H$12)*H$59)/$E$64 -> 0.0023175936 | I43: =((I$12)*I$59)/$E$64 -> 0.0023319113 | J43: =((J$12)*J$59)/$E$64 -> 0.0023298293 | K43: =((K$12)*K$59)/$E$64 -> 0.0023100546 | L43: =((L$12)*L$59)/$E$64 -> 0.0022712942 | ... AS43: =((AS$12)*AS$59)/$E$64 -> 0.0015412632
A44: ="PREFERRED (With "&'BCA Summary'!$E$1&" Grant) annual short tons of PM2.5" -> PREFERRED (With BUILD Grant Grant) annual short tons of PM2.5 | E44: =((E$13)*E$59)/$E$64 -> 0.0021891721 | F44: =((F$13)*F$59)/$E$64 -> 0.002244931 | G44: =((G$13)*G$59)/$E$64 -> 0.0022881692 | H44: =((H$13)*H$59)/$E$64 -> 0.0023175936 | I44: =((I$13)*I$59)/$E$64 -> 0.0023319113 | J44: =((J$13)*J$59)/$E$64 -> 0.0023298293 | K44: =((K$13)*K$59)/$E$64 -> 0.0023100546 | L44: =((L$13)*L$59)/$E$64 -> 0.0022712942 | ... AS44: =((AS$13)*AS$59)/$E$64 -> 0.00025236763
A45: DIFFERENCE (Annual short tons of PM Savings) | E45: =E43-E44 -> 0 | F45: =F43-F44 -> 0 | G45: =G43-G44 -> 0 | H45: =H43-H44 -> 0 | I45: =I43-I44 -> 0 | J45: =J43-J44 -> 0 | K45: =K43-K44 -> 0 | L45: =L43-L44 -> 0 | ... AS45: =AS43-AS44 -> 0.0012888955
A47: Assumptions & Calculations
A48: Annualization Factor | E48: ='Summary of Benefits'!D168 -> 345 | F48: days
A49: Passenger Vehicle Idling Emissions (grams/hr) - 5 MPH
E50: 2015 | F50: 2016 | G50: 2017 | H50: 2018 | I50: 2019 | J50: 2020 | K50: 2021 | L50: 2022 | M50: 2023 | N50: 2024 | O50: 2025 | P50: 2026 | Q50: 2027 | R50: 2028 | S50: 2029 | T50: 2030 | U50: 2031 | V50: 2032 | W50: 2033 | X50: 2034 | Y50: 2035 | Z50: 2036 | AA50: 2037 | AB50: 2038 | AC50: 2039 | AD50: 2040 | AE50: 2041 | AF50: 2042 | AG50: 2043 | AH50: 2044 | AI50: 2045 | AJ50: 2046 | AK50: 2047 | AL50: 2048 | AM50: 2049 | AN50: 2050 | AO50: 2051 | AP50: 2052 | AQ50: 2053 | AR50: 2054 | AS50: 2055
D51: NOx | E51: =$J51+(($T51-$J51)/($T$50-$J$50))*(E$50-$J$50) -> 0.26755 | F51: =$J51+(($T51-$J51)/($T$50-$J$50))*(F$50-$J$50) -> 0.25194 | G51: =$J51+(($T51-$J51)/($T$50-$J$50))*(G$50-$J$50) -> 0.23633 | H51: =$J51+(($T51-$J51)/($T$50-$J$50))*(H$50-$J$50) -> 0.22072 | I51: =$J51+(($T51-$J51)/($T$50-$J$50))*(I$50-$J$50) -> 0.20511 | J51: 0.1895 | K51: =$J51+(($T51-$J51)/($T$50-$J$50))*(K$50-$J$50) -> 0.17389 | L51: =$J51+(($T51-$J51)/($T$50-$J$50))*(L$50-$J$50) -> 0.15828 | M51: =$J51+(($T51-$J51)/($T$50-$J$50))*(M$50-$J$50) -> 0.14267 | N51: =$J51+(($T51-$J51)/($T$50-$J$50))*(N$50-$J$50) -> 0.12706 | O51: =$J51+(($T51-$J51)/($T$50-$J$50))*(O$50-$J$50) -> 0.11145 | P51: =$J51+(($T51-$J51)/($T$50-$J$50))*(P$50-$J$50) -> 0.09584 | Q51: =$J51+(($T51-$J51)/($T$50-$J$50))*(Q$50-$J$50) -> 0.08023 | R51: =$J51+(($T51-$J51)/($T$50-$J$50))*(R$50-$J$50) -> 0.06462 | S51: =$J51+(($T51-$J51)/($T$50-$J$50))*(S$50-$J$50) -> 0.04901 | T51: 0.0334 | U51: =$T51+(($AD51-$T51)/($AD$50-$T$50))*(U$50-$T$50) -> 0.03067 | V51: =$T51+(($AD51-$T51)/($AD$50-$T$50))*(V$50-$T$50) -> 0.02794 | W51: =$T51+(($AD51-$T51)/($AD$50-$T$50))*(W$50-$T$50) -> 0.02521 | X51: =$T51+(($AD51-$T51)/($AD$50-$T$50))*(X$50-$T$50) -> 0.02248 | Y51: =$T51+(($AD51-$T51)/($AD$50-$T$50))*(Y$50-$T$50) -> 0.01975 | Z51: =$T51+(($AD51-$T51)/($AD$50-$T$50))*(Z$50-$T$50) -> 0.01702 | AA51: =$T51+(($AD51-$T51)/($AD$50-$T$50))*(AA$50-$T$50) -> 0.01429 | AB51: =$T51+(($AD51-$T51)/($AD$50-$T$50))*(AB$50-$T$50) -> 0.01156 | AC51: =$T51+(($AD51-$T51)/($AD$50-$T$50))*(AC$50-$T$50) -> 0.00883 | AD51: 0.0061 | AE51: =$AD51+(($AN51-$AD51)/($AN$50-$AD$50))*(AE$50-$AD$50) -> 0.00587 | AF51: =$AD51+(($AN51-$AD51)/($AN$50-$AD$50))*(AF$50-$AD$50) -> 0.00564 | AG51: =$AD51+(($AN51-$AD51)/($AN$50-$AD$50))*(AG$50-$AD$50) -> 0.00541 | AH51: =$AD51+(($AN51-$AD51)/($AN$50-$AD$50))*(AH$50-$AD$50) -> 0.00518 | AI51: =$AD51+(($AN51-$AD51)/($AN$50-$AD$50))*(AI$50-$AD$50) -> 0.00495 | AJ51: =$AD51+(($AN51-$AD51)/($AN$50-$AD$50))*(AJ$50-$AD$50) -> 0.00472 | AK51: =$AD51+(($AN51-$AD51)/($AN$50-$AD$50))*(AK$50-$AD$50) -> 0.00449 | AL51: =$AD51+(($AN51-$AD51)/($AN$50-$AD$50))*(AL$50-$AD$50) -> 0.00426 | AM51: =$AD51+(($AN51-$AD51)/($AN$50-$AD$50))*(AM$50-$AD$50) -> 0.00403 | AN51: 0.0038 | AO51: =$AD51+(($AN51-$AD51)/($AN$50-$AD$50))*(AO$50-$AD$50) -> 0.00357 | AP51: =$AD51+(($AN51-$AD51)/($AN$50-$AD$50))*(AP$50-$AD$50) -> 0.00334 | AQ51: =$AD51+(($AN51-$AD51)/($AN$50-$AD$50))*(AQ$50-$AD$50) -> 0.00311 | AR51: =$AD51+(($AN51-$AD51)/($AN$50-$AD$50))*(AR$50-$AD$50) -> 0.00288 | AS51: =$AD51+(($AN51-$AD51)/($AN$50-$AD$50))*(AS$50-$AD$50) -> 0.00265
D52: SO2 | E52: =$J52+(($T52-$J52)/($T$50-$J$50))*(E$50-$J$50) -> 0.007 | F52: =$J52+(($T52-$J52)/($T$50-$J$50))*(F$50-$J$50) -> 0.00686 | G52: =$J52+(($T52-$J52)/($T$50-$J$50))*(G$50-$J$50) -> 0.00672 | H52: =$J52+(($T52-$J52)/($T$50-$J$50))*(H$50-$J$50) -> 0.00658 | I52: =$J52+(($T52-$J52)/($T$50-$J$50))*(I$50-$J$50) -> 0.00644 | J52: 0.0063 | K52: =$J52+(($T52-$J52)/($T$50-$J$50))*(K$50-$J$50) -> 0.00616 | L52: =$J52+(($T52-$J52)/($T$50-$J$50))*(L$50-$J$50) -> 0.00602 | M52: =$J52+(($T52-$J52)/($T$50-$J$50))*(M$50-$J$50) -> 0.00588 | N52: =$J52+(($T52-$J52)/($T$50-$J$50))*(N$50-$J$50) -> 0.00574 | O52: =$J52+(($T52-$J52)/($T$50-$J$50))*(O$50-$J$50) -> 0.0056 | P52: =$J52+(($T52-$J52)/($T$50-$J$50))*(P$50-$J$50) -> 0.00546 | Q52: =$J52+(($T52-$J52)/($T$50-$J$50))*(Q$50-$J$50) -> 0.00532 | R52: =$J52+(($T52-$J52)/($T$50-$J$50))*(R$50-$J$50) -> 0.00518 | S52: =$J52+(($T52-$J52)/($T$50-$J$50))*(S$50-$J$50) -> 0.00504 | T52: 0.0049 | U52: =$T52+(($AD52-$T52)/($AD$50-$T$50))*(U$50-$T$50) -> 0.00486 | V52: =$T52+(($AD52-$T52)/($AD$50-$T$50))*(V$50-$T$50) -> 0.00482 | W52: =$T52+(($AD52-$T52)/($AD$50-$T$50))*(W$50-$T$50) -> 0.00478 | X52: =$T52+(($AD52-$T52)/($AD$50-$T$50))*(X$50-$T$50) -> 0.00474 | Y52: =$T52+(($AD52-$T52)/($AD$50-$T$50))*(Y$50-$T$50) -> 0.0047 | Z52: =$T52+(($AD52-$T52)/($AD$50-$T$50))*(Z$50-$T$50) -> 0.00466 | AA52: =$T52+(($AD52-$T52)/($AD$50-$T$50))*(AA$50-$T$50) -> 0.00462 | AB52: =$T52+(($AD52-$T52)/($AD$50-$T$50))*(AB$50-$T$50) -> 0.00458 | AC52: =$T52+(($AD52-$T52)/($AD$50-$T$50))*(AC$50-$T$50) -> 0.00454 | AD52: 0.0045 | AE52: =$AD52+(($AN52-$AD52)/($AN$50-$AD$50))*(AE$50-$AD$50) -> 0.00449 | AF52: =$AD52+(($AN52-$AD52)/($AN$50-$AD$50))*(AF$50-$AD$50) -> 0.00448 | AG52: =$AD52+(($AN52-$AD52)/($AN$50-$AD$50))*(AG$50-$AD$50) -> 0.00447 | AH52: =$AD52+(($AN52-$AD52)/($AN$50-$AD$50))*(AH$50-$AD$50) -> 0.00446 | AI52: =$AD52+(($AN52-$AD52)/($AN$50-$AD$50))*(AI$50-$AD$50) -> 0.00445 | AJ52: =$AD52+(($AN52-$AD52)/($AN$50-$AD$50))*(AJ$50-$AD$50) -> 0.00444 | AK52: =$AD52+(($AN52-$AD52)/($AN$50-$AD$50))*(AK$50-$AD$50) -> 0.00443 | AL52: =$AD52+(($AN52-$AD52)/($AN$50-$AD$50))*(AL$50-$AD$50) -> 0.00442 | AM52: =$AD52+(($AN52-$AD52)/($AN$50-$AD$50))*(AM$50-$AD$50) -> 0.00441 | AN52: 0.0044 | AO52: =$AD52+(($AN52-$AD52)/($AN$50-$AD$50))*(AO$50-$AD$50) -> 0.00439 | AP52: =$AD52+(($AN52-$AD52)/($AN$50-$AD$50))*(AP$50-$AD$50) -> 0.00438 | AQ52: =$AD52+(($AN52-$AD52)/($AN$50-$AD$50))*(AQ$50-$AD$50) -> 0.00437 | AR52: =$AD52+(($AN52-$AD52)/($AN$50-$AD$50))*(AR$50-$AD$50) -> 0.00436 | AS52: =$AD52+(($AN52-$AD52)/($AN$50-$AD$50))*(AS$50-$AD$50) -> 0.00435
D53: PM2.5 | E53: =$J53+(($T53-$J53)/($T$50-$J$50))*(E$50-$J$50) -> 0.00585 | F53: =$J53+(($T53-$J53)/($T$50-$J$50))*(F$50-$J$50) -> 0.0057 | G53: =$J53+(($T53-$J53)/($T$50-$J$50))*(G$50-$J$50) -> 0.00555 | H53: =$J53+(($T53-$J53)/($T$50-$J$50))*(H$50-$J$50) -> 0.0054 | I53: =$J53+(($T53-$J53)/($T$50-$J$50))*(I$50-$J$50) -> 0.00525 | J53: 0.0051 | K53: =$J53+(($T53-$J53)/($T$50-$J$50))*(K$50-$J$50) -> 0.00495 | L53: =$J53+(($T53-$J53)/($T$50-$J$50))*(L$50-$J$50) -> 0.0048 | M53: =$J53+(($T53-$J53)/($T$50-$J$50))*(M$50-$J$50) -> 0.00465 | N53: =$J53+(($T53-$J53)/($T$50-$J$50))*(N$50-$J$50) -> 0.0045 | O53: =$J53+(($T53-$J53)/($T$50-$J$50))*(O$50-$J$50) -> 0.00435 | P53: =$J53+(($T53-$J53)/($T$50-$J$50))*(P$50-$J$50) -> 0.0042 | Q53: =$J53+(($T53-$J53)/($T$50-$J$50))*(Q$50-$J$50) -> 0.00405 | R53: =$J53+(($T53-$J53)/($T$50-$J$50))*(R$50-$J$50) -> 0.0039 | S53: =$J53+(($T53-$J53)/($T$50-$J$50))*(S$50-$J$50) -> 0.00375 | T53: 0.0036 | U53: =$T53+(($AD53-$T53)/($AD$50-$T$50))*(U$50-$T$50) -> 0.00353 | V53: =$T53+(($AD53-$T53)/($AD$50-$T$50))*(V$50-$T$50) -> 0.00346 | W53: =$T53+(($AD53-$T53)/($AD$50-$T$50))*(W$50-$T$50) -> 0.00339 | X53: =$T53+(($AD53-$T53)/($AD$50-$T$50))*(X$50-$T$50) -> 0.00332 | Y53: =$T53+(($AD53-$T53)/($AD$50-$T$50))*(Y$50-$T$50) -> 0.00325 | Z53: =$T53+(($AD53-$T53)/($AD$50-$T$50))*(Z$50-$T$50) -> 0.00318 | AA53: =$T53+(($AD53-$T53)/($AD$50-$T$50))*(AA$50-$T$50) -> 0.00311 | AB53: =$T53+(($AD53-$T53)/($AD$50-$T$50))*(AB$50-$T$50) -> 0.00304 | AC53: =$T53+(($AD53-$T53)/($AD$50-$T$50))*(AC$50-$T$50) -> 0.00297 | AD53: 0.0029 | AE53: =$AD53+(($AN53-$AD53)/($AN$50-$AD$50))*(AE$50-$AD$50) -> 0.0029 | AF53: =$AD53+(($AN53-$AD53)/($AN$50-$AD$50))*(AF$50-$AD$50) -> 0.0029 | AG53: =$AD53+(($AN53-$AD53)/($AN$50-$AD$50))*(AG$50-$AD$50) -> 0.0029 | AH53: =$AD53+(($AN53-$AD53)/($AN$50-$AD$50))*(AH$50-$AD$50) -> 0.0029 | AI53: =$AD53+(($AN53-$AD53)/($AN$50-$AD$50))*(AI$50-$AD$50) -> 0.0029 | AJ53: =$AD53+(($AN53-$AD53)/($AN$50-$AD$50))*(AJ$50-$AD$50) -> 0.0029 | AK53: =$AD53+(($AN53-$AD53)/($AN$50-$AD$50))*(AK$50-$AD$50) -> 0.0029 | AL53: =$AD53+(($AN53-$AD53)/($AN$50-$AD$50))*(AL$50-$AD$50) -> 0.0029 | AM53: =$AD53+(($AN53-$AD53)/($AN$50-$AD$50))*(AM$50-$AD$50) -> 0.0029 | AN53: 0.0029 | AO53: =$AD53+(($AN53-$AD53)/($AN$50-$AD$50))*(AO$50-$AD$50) -> 0.0029 | AP53: =$AD53+(($AN53-$AD53)/($AN$50-$AD$50))*(AP$50-$AD$50) -> 0.0029 | AQ53: =$AD53+(($AN53-$AD53)/($AN$50-$AD$50))*(AQ$50-$AD$50) -> 0.0029 | AR53: =$AD53+(($AN53-$AD53)/($AN$50-$AD$50))*(AR$50-$AD$50) -> 0.0029 | AS53: =$AD53+(($AN53-$AD53)/($AN$50-$AD$50))*(AS$50-$AD$50) -> 0.0029
A55: Truck Idling Emissions (grams/hr) - 5 MPH
E56: 2015 | F56: 2016 | G56: 2017 | H56: 2018 | I56: 2019 | J56: 2020 | K56: 2021 | L56: 2022 | M56: 2023 | N56: 2024 | O56: 2025 | P56: 2026 | Q56: 2027 | R56: 2028 | S56: 2029 | T56: 2030 | U56: 2031 | V56: 2032 | W56: 2033 | X56: 2034 | Y56: 2035 | Z56: 2036 | AA56: 2037 | AB56: 2038 | AC56: 2039 | AD56: 2040 | AE56: 2041 | AF56: 2042 | AG56: 2043 | AH56: 2044 | AI56: 2045 | AJ56: 2046 | AK56: 2047 | AL56: 2048 | AM56: 2049 | AN56: 2050 | AO56: 2051 | AP56: 2052 | AQ56: 2053 | AR56: 2054 | AS56: 2055
D57: NOx | E57: =$J57+(($T57-$J57)/($T$50-$J$50))*(E$50-$J$50) -> 17.1555 | F57: =$J57+(($T57-$J57)/($T$50-$J$50))*(F$50-$J$50) -> 16.85144 | G57: =$J57+(($T57-$J57)/($T$50-$J$50))*(G$50-$J$50) -> 16.54738 | H57: =$J57+(($T57-$J57)/($T$50-$J$50))*(H$50-$J$50) -> 16.24332 | I57: =$J57+(($T57-$J57)/($T$50-$J$50))*(I$50-$J$50) -> 15.93926 | J57: 15.6352 | K57: =$J57+(($T57-$J57)/($T$50-$J$50))*(K$50-$J$50) -> 15.33114 | L57: =$J57+(($T57-$J57)/($T$50-$J$50))*(L$50-$J$50) -> 15.02708 | M57: =$J57+(($T57-$J57)/($T$50-$J$50))*(M$50-$J$50) -> 14.72302 | N57: =$J57+(($T57-$J57)/($T$50-$J$50))*(N$50-$J$50) -> 14.41896 | O57: =$J57+(($T57-$J57)/($T$50-$J$50))*(O$50-$J$50) -> 14.1149 | P57: =$J57+(($T57-$J57)/($T$50-$J$50))*(P$50-$J$50) -> 13.81084 | Q57: =$J57+(($T57-$J57)/($T$50-$J$50))*(Q$50-$J$50) -> 13.50678 | R57: =$J57+(($T57-$J57)/($T$50-$J$50))*(R$50-$J$50) -> 13.20272 | S57: =$J57+(($T57-$J57)/($T$50-$J$50))*(S$50-$J$50) -> 12.89866 | T57: 12.5946 | U57: =$T57+(($AD57-$T57)/($AD$50-$T$50))*(U$50-$T$50) -> 12.54029 | V57: =$T57+(($AD57-$T57)/($AD$50-$T$50))*(V$50-$T$50) -> 12.48598 | W57: =$T57+(($AD57-$T57)/($AD$50-$T$50))*(W$50-$T$50) -> 12.43167 | X57: =$T57+(($AD57-$T57)/($AD$50-$T$50))*(X$50-$T$50) -> 12.37736 | Y57: =$T57+(($AD57-$T57)/($AD$50-$T$50))*(Y$50-$T$50) -> 12.32305 | Z57: =$T57+(($AD57-$T57)/($AD$50-$T$50))*(Z$50-$T$50) -> 12.26874 | AA57: =$T57+(($AD57-$T57)/($AD$50-$T$50))*(AA$50-$T$50) -> 12.21443 | AB57: =$T57+(($AD57-$T57)/($AD$50-$T$50))*(AB$50-$T$50) -> 12.16012 | AC57: =$T57+(($AD57-$T57)/($AD$50-$T$50))*(AC$50-$T$50) -> 12.10581 | AD57: 12.0515 | AE57: =$AD57+(($AN57-$AD57)/($AN$50-$AD$50))*(AE$50-$AD$50) -> 12.04271 | AF57: =$AD57+(($AN57-$AD57)/($AN$50-$AD$50))*(AF$50-$AD$50) -> 12.03392 | AG57: =$AD57+(($AN57-$AD57)/($AN$50-$AD$50))*(AG$50-$AD$50) -> 12.02513 | AH57: =$AD57+(($AN57-$AD57)/($AN$50-$AD$50))*(AH$50-$AD$50) -> 12.01634 | AI57: =$AD57+(($AN57-$AD57)/($AN$50-$AD$50))*(AI$50-$AD$50) -> 12.00755 | AJ57: =$AD57+(($AN57-$AD57)/($AN$50-$AD$50))*(AJ$50-$AD$50) -> 11.99876 | AK57: =$AD57+(($AN57-$AD57)/($AN$50-$AD$50))*(AK$50-$AD$50) -> 11.98997 | AL57: =$AD57+(($AN57-$AD57)/($AN$50-$AD$50))*(AL$50-$AD$50) -> 11.98118 | AM57: =$AD57+(($AN57-$AD57)/($AN$50-$AD$50))*(AM$50-$AD$50) -> 11.97239 | AN57: 11.9636 | AO57: =$AD57+(($AN57-$AD57)/($AN$50-$AD$50))*(AO$50-$AD$50) -> 11.95481 | AP57: =$AD57+(($AN57-$AD57)/($AN$50-$AD$50))*(AP$50-$AD$50) -> 11.94602 | AQ57: =$AD57+(($AN57-$AD57)/($AN$50-$AD$50))*(AQ$50-$AD$50) -> 11.93723 | AR57: =$AD57+(($AN57-$AD57)/($AN$50-$AD$50))*(AR$50-$AD$50) -> 11.92844 | AS57: =$AD57+(($AN57-$AD57)/($AN$50-$AD$50))*(AS$50-$AD$50) -> 11.91965
D58: SO2 | E58: =$J58+(($T58-$J58)/($T$50-$J$50))*(E$50-$J$50) -> 0.01175 | F58: =$J58+(($T58-$J58)/($T$50-$J$50))*(F$50-$J$50) -> 0.01158 | G58: =$J58+(($T58-$J58)/($T$50-$J$50))*(G$50-$J$50) -> 0.01141 | H58: =$J58+(($T58-$J58)/($T$50-$J$50))*(H$50-$J$50) -> 0.01124 | I58: =$J58+(($T58-$J58)/($T$50-$J$50))*(I$50-$J$50) -> 0.01107 | J58: 0.0109 | K58: =$J58+(($T58-$J58)/($T$50-$J$50))*(K$50-$J$50) -> 0.01073 | L58: =$J58+(($T58-$J58)/($T$50-$J$50))*(L$50-$J$50) -> 0.01056 | M58: =$J58+(($T58-$J58)/($T$50-$J$50))*(M$50-$J$50) -> 0.01039 | N58: =$J58+(($T58-$J58)/($T$50-$J$50))*(N$50-$J$50) -> 0.01022 | O58: =$J58+(($T58-$J58)/($T$50-$J$50))*(O$50-$J$50) -> 0.01005 | P58: =$J58+(($T58-$J58)/($T$50-$J$50))*(P$50-$J$50) -> 0.00988 | Q58: =$J58+(($T58-$J58)/($T$50-$J$50))*(Q$50-$J$50) -> 0.00971 | R58: =$J58+(($T58-$J58)/($T$50-$J$50))*(R$50-$J$50) -> 0.00954 | S58: =$J58+(($T58-$J58)/($T$50-$J$50))*(S$50-$J$50) -> 0.00937 | T58: 0.0092 | U58: =$T58+(($AD58-$T58)/($AD$50-$T$50))*(U$50-$T$50) -> 0.00913 | V58: =$T58+(($AD58-$T58)/($AD$50-$T$50))*(V$50-$T$50) -> 0.00906 | W58: =$T58+(($AD58-$T58)/($AD$50-$T$50))*(W$50-$T$50) -> 0.00899 | X58: =$T58+(($AD58-$T58)/($AD$50-$T$50))*(X$50-$T$50) -> 0.00892 | Y58: =$T58+(($AD58-$T58)/($AD$50-$T$50))*(Y$50-$T$50) -> 0.00885 | Z58: =$T58+(($AD58-$T58)/($AD$50-$T$50))*(Z$50-$T$50) -> 0.00878 | AA58: =$T58+(($AD58-$T58)/($AD$50-$T$50))*(AA$50-$T$50) -> 0.00871 | AB58: =$T58+(($AD58-$T58)/($AD$50-$T$50))*(AB$50-$T$50) -> 0.00864 | AC58: =$T58+(($AD58-$T58)/($AD$50-$T$50))*(AC$50-$T$50) -> 0.00857 | AD58: 0.0085 | AE58: =$AD58+(($AN58-$AD58)/($AN$50-$AD$50))*(AE$50-$AD$50) -> 0.00849 | AF58: =$AD58+(($AN58-$AD58)/($AN$50-$AD$50))*(AF$50-$AD$50) -> 0.00848 | AG58: =$AD58+(($AN58-$AD58)/($AN$50-$AD$50))*(AG$50-$AD$50) -> 0.00847 | AH58: =$AD58+(($AN58-$AD58)/($AN$50-$AD$50))*(AH$50-$AD$50) -> 0.00846 | AI58: =$AD58+(($AN58-$AD58)/($AN$50-$AD$50))*(AI$50-$AD$50) -> 0.00845 | AJ58: =$AD58+(($AN58-$AD58)/($AN$50-$AD$50))*(AJ$50-$AD$50) -> 0.00844 | AK58: =$AD58+(($AN58-$AD58)/($AN$50-$AD$50))*(AK$50-$AD$50) -> 0.00843 | AL58: =$AD58+(($AN58-$AD58)/($AN$50-$AD$50))*(AL$50-$AD$50) -> 0.00842 | AM58: =$AD58+(($AN58-$AD58)/($AN$50-$AD$50))*(AM$50-$AD$50) -> 0.00841 | AN58: 0.0084 | AO58: =$AD58+(($AN58-$AD58)/($AN$50-$AD$50))*(AO$50-$AD$50) -> 0.00839 | AP58: =$AD58+(($AN58-$AD58)/($AN$50-$AD$50))*(AP$50-$AD$50) -> 0.00838 | AQ58: =$AD58+(($AN58-$AD58)/($AN$50-$AD$50))*(AQ$50-$AD$50) -> 0.00837 | AR58: =$AD58+(($AN58-$AD58)/($AN$50-$AD$50))*(AR$50-$AD$50) -> 0.00836 | AS58: =$AD58+(($AN58-$AD58)/($AN$50-$AD$50))*(AS$50-$AD$50) -> 0.00835
D59: PM2.5 | E59: =$J59+(($T59-$J59)/($T$50-$J$50))*(E$50-$J$50) -> 0.4263 | F59: =$J59+(($T59-$J59)/($T$50-$J$50))*(F$50-$J$50) -> 0.4034 | G59: =$J59+(($T59-$J59)/($T$50-$J$50))*(G$50-$J$50) -> 0.3805 | H59: =$J59+(($T59-$J59)/($T$50-$J$50))*(H$50-$J$50) -> 0.3576 | I59: =$J59+(($T59-$J59)/($T$50-$J$50))*(I$50-$J$50) -> 0.3347 | J59: 0.3118 | K59: =$J59+(($T59-$J59)/($T$50-$J$50))*(K$50-$J$50) -> 0.2889 | L59: =$J59+(($T59-$J59)/($T$50-$J$50))*(L$50-$J$50) -> 0.266 | M59: =$J59+(($T59-$J59)/($T$50-$J$50))*(M$50-$J$50) -> 0.2431 | N59: =$J59+(($T59-$J59)/($T$50-$J$50))*(N$50-$J$50) -> 0.2202 | O59: =$J59+(($T59-$J59)/($T$50-$J$50))*(O$50-$J$50) -> 0.1973 | P59: =$J59+(($T59-$J59)/($T$50-$J$50))*(P$50-$J$50) -> 0.1744 | Q59: =$J59+(($T59-$J59)/($T$50-$J$50))*(Q$50-$J$50) -> 0.1515 | R59: =$J59+(($T59-$J59)/($T$50-$J$50))*(R$50-$J$50) -> 0.1286 | S59: =$J59+(($T59-$J59)/($T$50-$J$50))*(S$50-$J$50) -> 0.1057 | T59: 0.0828 | U59: =$T59+(($AD59-$T59)/($AD$50-$T$50))*(U$50-$T$50) -> 0.07939 | V59: =$T59+(($AD59-$T59)/($AD$50-$T$50))*(V$50-$T$50) -> 0.07598 | W59: =$T59+(($AD59-$T59)/($AD$50-$T$50))*(W$50-$T$50) -> 0.07257 | X59: =$T59+(($AD59-$T59)/($AD$50-$T$50))*(X$50-$T$50) -> 0.06916 | Y59: =$T59+(($AD59-$T59)/($AD$50-$T$50))*(Y$50-$T$50) -> 0.06575 | Z59: =$T59+(($AD59-$T59)/($AD$50-$T$50))*(Z$50-$T$50) -> 0.06234 | AA59: =$T59+(($AD59-$T59)/($AD$50-$T$50))*(AA$50-$T$50) -> 0.05893 | AB59: =$T59+(($AD59-$T59)/($AD$50-$T$50))*(AB$50-$T$50) -> 0.05552 | AC59: =$T59+(($AD59-$T59)/($AD$50-$T$50))*(AC$50-$T$50) -> 0.05211 | AD59: 0.0487 | AE59: =$AD59+(($AN59-$AD59)/($AN$50-$AD$50))*(AE$50-$AD$50) -> 0.04823 | AF59: =$AD59+(($AN59-$AD59)/($AN$50-$AD$50))*(AF$50-$AD$50) -> 0.04776 | AG59: =$AD59+(($AN59-$AD59)/($AN$50-$AD$50))*(AG$50-$AD$50) -> 0.04729 | AH59: =$AD59+(($AN59-$AD59)/($AN$50-$AD$50))*(AH$50-$AD$50) -> 0.04682 | AI59: =$AD59+(($AN59-$AD59)/($AN$50-$AD$50))*(AI$50-$AD$50) -> 0.04635 | AJ59: =$AD59+(($AN59-$AD59)/($AN$50-$AD$50))*(AJ$50-$AD$50) -> 0.04588 | AK59: =$AD59+(($AN59-$AD59)/($AN$50-$AD$50))*(AK$50-$AD$50) -> 0.04541 | AL59: =$AD59+(($AN59-$AD59)/($AN$50-$AD$50))*(AL$50-$AD$50) -> 0.04494 | AM59: =$AD59+(($AN59-$AD59)/($AN$50-$AD$50))*(AM$50-$AD$50) -> 0.04447 | AN59: 0.044 | AO59: =$AD59+(($AN59-$AD59)/($AN$50-$AD$50))*(AO$50-$AD$50) -> 0.04353 | AP59: =$AD59+(($AN59-$AD59)/($AN$50-$AD$50))*(AP$50-$AD$50) -> 0.04306 | AQ59: =$AD59+(($AN59-$AD59)/($AN$50-$AD$50))*(AQ$50-$AD$50) -> 0.04259 | AR59: =$AD59+(($AN59-$AD59)/($AN$50-$AD$50))*(AR$50-$AD$50) -> 0.04212 | AS59: =$AD59+(($AN59-$AD59)/($AN$50-$AD$50))*(AS$50-$AD$50) -> 0.04165
C61: Source: 2021 and 2055 emission factors are from MOVES modeling for Adams County, CO conducted June 2021
C62: Emission Factors for all other years have been interpolated assuming a straight line growth between 2021 and 2040
D64: Grams per Short Ton = | E64: 907184.74

Sheet Traffic
A1: ='BCA Summary'!A2&" Traffic Calculations" -> US 85/120th Avenue Grade-Separation and Interchange Project Traffic Calculations
A2: ='BCA Summary'!A2 -> US 85/120th Avenue Grade-Separation and Interchange Project
D4: ='Summary of Benefits'!E4 -> 2015 | E4: ='Summary of Benefits'!F4 -> 2016 | F4: ='Summary of Benefits'!G4 -> 2017 | G4: ='Summary of Benefits'!H4 -> 2018 | H4: ='Summary of Benefits'!I4 -> 2019 | I4: ='Summary of Benefits'!J4 -> 2020 | J4: ='Summary of Benefits'!K4 -> 2021 | K4: ='Summary of Benefits'!L4 -> 2022 | ... AR4: ='Summary of Benefits'!AS4 -> 2055
A5: ='Timeline & Costs'!A11 -> US 85/120th Avenue Grade-Separation and Interchange Project
B6: ="Baseline (No "&'BCA Summary'!$E$1&" Grant) Benefits" -> Baseline (No BUILD Grant Grant) Benefits | D6: ='Timeline & Costs'!E$8 -> No | E6: ='Timeline & Costs'!F$8 -> No | F6: ='Timeline & Costs'!G$8 -> No | G6: ='Timeline & Costs'!H$8 -> No | H6: ='Timeline & Costs'!I$8 -> No | I6: ='Timeline & Costs'!J$8 -> No | J6: ='Timeline & Costs'!K$8 -> No | K6: ='Timeline & Costs'!L$8 -> No | ... AR6: ='Timeline & Costs'!AS$8 -> No
B7: ="Preferred (With "&'BCA Summary'!$E$1&" Grant) Benefits" -> Preferred (With BUILD Grant Grant) Benefits | D7: ='Timeline & Costs'!E17 -> 0 | E7: ='Timeline & Costs'!F17 -> 0 | F7: ='Timeline & Costs'!G17 -> 0 | G7: ='Timeline & Costs'!H17 -> No | H7: ='Timeline & Costs'!I17 -> No | I7: ='Timeline & Costs'!J17 -> No | J7: ='Timeline & Costs'!K17 -> No | K7: ='Timeline & Costs'!L17 -> No | ... AR7: ='Timeline & Costs'!AS17 -> Yes
A9: 120th Avenue & US 85
B10: Intersection Approach Volume
C11: EB Approach - 120th Avenue | D11: =$F11+(($AC11-$F11)/($AC$4-$F$4))*(D$4-$F$4) -> 681.73913 | E11: =$F11+(($AC11-$F11)/($AC$4-$F$4))*(E$4-$F$4) -> 710.86957 | F11: 740 | G11: =$F11+(($AC11-$F11)/($AC$4-$F$4))*(G$4-$F$4) -> 769.13043 | H11: =$F11+(($AC11-$F11)/($AC$4-$F$4))*(H$4-$F$4) -> 798.26087 | I11: =$F11+(($AC11-$F11)/($AC$4-$F$4))*(I$4-$F$4) -> 827.3913 | J11: =$F11+(($AC11-$F11)/($AC$4-$F$4))*(J$4-$F$4) -> 856.52174 | K11: =$F11+(($AC11-$F11)/($AC$4-$F$4))*(K$4-$F$4) -> 885.65217 | L11: =$F11+(($AC11-$F11)/($AC$4-$F$4))*(L$4-$F$4) -> 914.78261 | M11: =$F11+(($AC11-$F11)/($AC$4-$F$4))*(M$4-$F$4) -> 943.91304 | N11: =$F11+(($AC11-$F11)/($AC$4-$F$4))*(N$4-$F$4) -> 973.04348 | ... AB11: =$F11+(($AC11-$F11)/($AC$4-$F$4))*(AB$4-$F$4) -> 1380.8696 | AC11: 1410 | AD11: =$F11+(($AC11-$F11)/($AC$4-$F$4))*(AD$4-$F$4) -> 1439.1304 | AE11: =$F11+(($AC11-$F11)/($AC$4-$F$4))*(AE$4-$F$4) -> 1468.2609 | AF11: =$F11+(($AC11-$F11)/($AC$4-$F$4))*(AF$4-$F$4) -> 1497.3913 | AG11: =$F11+(($AC11-$F11)/($AC$4-$F$4))*(AG$4-$F$4) -> 1526.5217 | AH11: =$F11+(($AC11-$F11)/($AC$4-$F$4))*(AH$4-$F$4) -> 1555.6522 | AI11: =$F11+(($AC11-$F11)/($AC$4-$F$4))*(AI$4-$F$4) -> 1584.7826 | AJ11: =$F11+(($AC11-$F11)/($AC$4-$F$4))*(AJ$4-$F$4) -> 1613.913 | AK11: =$F11+(($AC11-$F11)/($AC$4-$F$4))*(AK$4-$F$4) -> 1643.0435 | ... AR11: =$F11+(($AC11-$F11)/($AC$4-$F$4))*(AR$4-$F$4) -> 1846.9565
C12: WB Approach - 120th Avenue | D12: =$F12+(($AC12-$F12)/($AC$4-$F$4))*(D$4-$F$4) -> 858.69565 | E12: =$F12+(($AC12-$F12)/($AC$4-$F$4))*(E$4-$F$4) -> 844.34783 | F12: 830 | G12: =$F12+(($AC12-$F12)/($AC$4-$F$4))*(G$4-$F$4) -> 815.65217 | H12: =$F12+(($AC12-$F12)/($AC$4-$F$4))*(H$4-$F$4) -> 801.30435 | I12: =$F12+(($AC12-$F12)/($AC$4-$F$4))*(I$4-$F$4) -> 786.95652 | J12: =$F12+(($AC12-$F12)/($AC$4-$F$4))*(J$4-$F$4) -> 772.6087 | K12: =$F12+(($AC12-$F12)/($AC$4-$F$4))*(K$4-$F$4) -> 758.26087 | L12: =$F12+(($AC12-$F12)/($AC$4-$F$4))*(L$4-$F$4) -> 743.91304 | M12: =$F12+(($AC12-$F12)/($AC$4-$F$4))*(M$4-$F$4) -> 729.56522 | N12: =$F12+(($AC12-$F12)/($AC$4-$F$4))*(N$4-$F$4) -> 715.21739 | ... AB12: =$F12+(($AC12-$F12)/($AC$4-$F$4))*(AB$4-$F$4) -> 514.34783 | AC12: 500 | AD12: =$F12+(($AC12-$F12)/($AC$4-$F$4))*(AD$4-$F$4) -> 485.65217 | AE12: =$F12+(($AC12-$F12)/($AC$4-$F$4))*(AE$4-$F$4) -> 471.30435 | AF12: =$F12+(($AC12-$F12)/($AC$4-$F$4))*(AF$4-$F$4) -> 456.95652 | AG12: =$F12+(($AC12-$F12)/($AC$4-$F$4))*(AG$4-$F$4) -> 442.6087 | AH12: =$F12+(($AC12-$F12)/($AC$4-$F$4))*(AH$4-$F$4) -> 428.26087 | AI12: =$F12+(($AC12-$F12)/($AC$4-$F$4))*(AI$4-$F$4) -> 413.91304 | AJ12: =$F12+(($AC12-$F12)/($AC$4-$F$4))*(AJ$4-$F$4) -> 399.56522 | AK12: =$F12+(($AC12-$F12)/($AC$4-$F$4))*(AK$4-$F$4) -> 385.21739 | ... AR12: =$F12+(($AC12-$F12)/($AC$4-$F$4))*(AR$4-$F$4) -> 284.78261
